Workbook

Sheet Cover
B24: ESTIMATE
B31: FOR
B38: SCOPE: GC
B47: PROJECT NAME: SQUAIRRELS LEAP GUILDFORD ROAD, CHERTSEY KT16 9RU
B57: DATE: 25TH NOVEMBER 2025

Sheet Qual, Excl & Assum
B2: =Cover!B47 -> PROJECT NAME: SQUAIRRELS LEAP GUILDFORD ROAD, CHERTSEY KT16 9RU
B3: =Cover!B57 -> DATE: 25TH NOVEMBER 2025
B6: QUALIFICATIONS, ASSUMPTIONS & EXCLUSIONS:
A8: 1 | B8: Qualifications:-
A10: 1.1 | B10: Prices exclude VAT
A11: =+A10+0.1 -> 1.2 | B11: Pre-start meeting and site investigation will be required before commencement on site
A12: =+A11+0.1 -> 1.3 | B12: Provisional sums and PC Sums mentioned within the estimate are subject to re-measure and re-price
A13: =+A12+0.1 -> 1.4 | B13: Changes to drawings, design or specification which deviate from the information used as stated below may be subject to further cost
A14: =+A13+0.1 -> 1.5 | B14: Site inspections to be carried out, this may cause additions/omissions to the tender documents
A15: =+A14+0.1 -> 1.6 | B15: All quantities are re-measurable and used for indicative purposes only and are subject to re-measure once the project has commenced
A16: =+A15+0.1 -> 1.7 | B16: All M&E is provisional sum (as no detailed design has been provided) and a detailed design will be required in order to finalize costs
A17: =+A16+0.1 -> 1.8 | B17: We have assumed free unfettered access and normal working hours to the site
A18: =+A17+0.1 -> 1.9 | B18: The prices are valid for 8 weeks and we assume that works will commence within 12 weeks from the date of this estimate
A19: 1.1 | B19: No level surveys have been provided so all excavation quantities are provisional
A20: 1.11 | B20: There may be some items where alternative specification is used and these may differ to the specification provided
A21: 1.12 | B21: Any items not mentioned within this estimate have been specifically excluded and will be subject to further costs
A23: 2 | B23: The following items are to be organized and paid for by the client and are excluded from the total cost:
A25: 2.1 | B25: Building insurance
A26: 2.2 | B26: Utility and council tax bills
A27: 2.3 | B27: Party Wall costs and complying with conditions
A28: 2.4 | B28: Building control and costs
A29: 2.5 | B29: Structural engineers' and building regulation details
A30: 2.6 | B30: Specialist surveys
A31: 2.7 | B31: Topographical surveys
A32: 2.8 | B32: CCTV drainage surveys
... A74: 4.16 | B74: A/C

Sheet Documents
B2: =+Cover!B47 -> PROJECT NAME: SQUAIRRELS LEAP GUILDFORD ROAD, CHERTSEY KT16 9RU
B3: =+Cover!B57 -> DATE: 25TH NOVEMBER 2025
B5: INFORMATION USED
B7: The information used in the preparation of this estimate are as listed below:
B9: Document reference:
B11: HR91-02-1001
B12: HR91-02-1002
B13: HR91-02-1003
B14: HR91-02-1004
B15: HR91-02-1005
B16: PHOTOS

Sheet Summary
B2: =+Documents!B2 -> PROJECT NAME: SQUAIRRELS LEAP GUILDFORD ROAD, CHERTSEY KT16 9RU
B3: =+Documents!B3 -> DATE: 25TH NOVEMBER 2025
F4: TOTALS
B5: SUMMARY | F5: LABOUR | G5: MATERIALS | H5: L MARKUP | I5: M MARKUP | K5: Check | L5: {=CheckMissingTabs(B7:B35)} -> #NAME?
B7: Demolition | D7: =+Demolition!F19 -> 6743.232 | F7: =+Demolition!K19 -> 5863.68 | G7: =+Demolition!L19 -> 0 | H7: =+Demolition!M19 -> 879.552 | I7: =+Demolition!N19 -> 0 | K7: =+F7+G7+I7+H7-D7 -> 0
B9: Substructure | D9: =+Substructure!F37 -> 196289.55 | F9: =+Substructure!K37 -> 75449.538 | G9: =+Substructure!L37 -> 95237.027 | H9: =+Substructure!M37 -> 11317.431 | I9: =+Substructure!N37 -> 14285.554 | K9: =+F9+G9+I9+H9-D9 -> 0
B11: Superstructure | D11: =+Superstructure!F53 -> 126000.77 | F11: =+Superstructure!K53 -> 34776.885 | G11: =+Superstructure!L53 -> 74788.999 | H11: =+Superstructure!M53 -> 5216.5327 | I11: =+Superstructure!N53 -> 11218.35 | K11: =+F11+G11+I11+H11-D11 -> 0
B13: Structural Steelwork | D13: =+'Structural Steelwork'!F31 -> 30426.644 | F13: =+'Structural Steelwork'!K31 -> 8397.9162 | G13: =+'Structural Steelwork'!L31 -> 18060.035 | H13: =+'Structural Steelwork'!M31 -> 1259.6874 | I13: =+'Structural Steelwork'!N31 -> 2709.0052 | K13: =+F13+G13+I13+H13-D13 -> 0
B15: Roof | D15: =+Roof!F43 -> 71570.615 | F15: =+Roof!K43 -> 19753.872 | G15: =+Roof!L43 -> 42481.446 | H15: =+Roof!M43 -> 2963.0808 | I15: =+Roof!N43 -> 6372.2168 | K15: =+F15+G15+I15+H15-D15 -> 0
B17: Windows, Doors & Rooflights | D17: =+'Windows, Doors & Rooflights'!H45 -> 54931.274 | F17: =+'Windows, Doors & Rooflights'!M45 -> 15161.325 | G17: =+'Windows, Doors & Rooflights'!N45 -> 32605 | H17: =+'Windows, Doors & Rooflights'!O45 -> 2274.1988 | I17: =+'Windows, Doors & Rooflights'!P45 -> 4890.75 | K17: =+F17+G17+I17+H17-D17 -> 0
B19: Partitions | D19: =+Partitions!F33 -> 30047.499 | F19: =+Partitions!K33 -> 8293.2702 | G19: =+Partitions!L33 -> 17834.99 | H19: =+Partitions!M33 -> 1243.9905 | I19: =+Partitions!N33 -> 2675.2484 | K19: =+F19+G19+I19+H19-D19 -> 0
B21: Joinery | D21: =+Joinery!F37 -> 24948.393 | F21: =+Joinery!K37 -> 6885.8897 | G21: =+Joinery!L37 -> 14808.365 | H21: =+Joinery!M37 -> 1032.8835 | I21: =+Joinery!N37 -> 2221.2548 | K21: =+F21+G21+I21+H21-D21 -> 0
B23: Decoration | D23: =+Decoration!F23 -> 34361.904 | F23: =+Decoration!K23 -> 9484.0691 | G23: =+Decoration!L23 -> 20395.847 | H23: =+Decoration!M23 -> 1422.6104 | I23: =+Decoration!N23 -> 3059.3771 | K23: =+F23+G23+I23+H23-D23 -> 0
B25: Floor Finishes | D25: =+'Floor finishes'!F21 -> 43364.21 | F25: =+'Floor finishes'!K21 -> 11968.754 | G25: =+'Floor finishes'!L21 -> 25739.255 | H25: =+'Floor finishes'!M21 -> 1795.313 | I25: =+'Floor finishes'!N21 -> 3860.8883 | K25: =+F25+G25+I25+H25-D25 -> 0
B27: Wall Finishes | D27: =+'Wall finishes'!F18 -> 13910.287 | F27: =+'Wall finishes'!K18 -> 3839.3136 | G27: =+'Wall finishes'!L18 -> 8256.5884 | H27: =+'Wall finishes'!M18 -> 575.89704 | I27: =+'Wall finishes'!N18 -> 1238.4883 | K27: =+F27+G27+I27+H27-D27 -> 0
B29: Kitchens & Bathrooms | D29: =+'Kitchens & Bathrooms'!F54 -> 34577.312 | F29: =+'Kitchens & Bathrooms'!K54 -> 9543.5228 | G29: =+'Kitchens & Bathrooms'!L54 -> 20523.705 | H29: =+'Kitchens & Bathrooms'!M54 -> 1431.5284 | I29: =+'Kitchens & Bathrooms'!N54 -> 3078.5558 | K29: =+F29+G29+I29+H29-D29 -> 0
B31: Electrical | D31: =+Electrical!F89 -> 92349.165 | F31: =+Electrical!K89 -> 25488.863 | G31: =+Electrical!L89 -> 54814.759 | H31: =+Electrical!M89 -> 3823.3294 | I31: =+Electrical!N89 -> 8222.2139 | K31: =+F31+G31+I31+H31-D31 -> 0
B33: Mechanical & Plumbing | D33: =+'Mechanical & Plumbing'!F87 -> 55331.166 | F33: =+'Mechanical & Plumbing'!K87 -> 15271.697 | G33: =+'Mechanical & Plumbing'!L87 -> 32842.36 | H33: =+'Mechanical & Plumbing'!M87 -> 2290.7546 | I33: =+'Mechanical & Plumbing'!N87 -> 4926.354 | K33: =+F33+G33+I33+H33-D33 -> 0
B35: Externals | D35: =+Externals!F19 -> 28260.763 | F35: =+Externals!K19 -> 7800.1216 | G35: =+Externals!L19 -> 16774.455 | H35: =+Externals!M19 -> 1170.0182 | I35: =+Externals!N19 -> 2516.1683 | K35: =+F35+G35+I35+H35-D35 -> 0
B37: SUB TOTAL | D37: =SUM(D6:D36) -> 843112.78 | F37: =SUM(F6:F35) -> 257978.72 | G37: =SUM(G6:G36) -> 475162.83 | H37: =SUM(H6:H36) -> 38696.808 | I37: =SUM(I6:I36) -> 71274.425 | K37: =+F37+G37+I37+H37-D37 -> 0
B39: Preliminaries | D39: =+Preliminaries!F38 -> 0
B40: Overhaed & Profits | D40: =+Preliminaries!F39 -> 18000
B42: TOTAL COST (EXCLUDING VAT) | D42: =+D40+D37 -> 861112.78
B44: Anticipated Number of Weeks | C44: =+Preliminaries!J4 -> 0 | D44: Weeks

Sheet Demolition
B2: =+'Qual, Excl & Assum'!B2 -> PROJECT NAME: SQUAIRRELS LEAP GUILDFORD ROAD, CHERTSEY KT16 9RU
B3: =+'Qual, Excl & Assum'!B3 -> DATE: 25TH NOVEMBER 2025
B5: Demolition | G5: RATES | K5: TOTALS
B7: Description | C7: Quantity | D7: Unit | E7: Rate | F7: Total | G7: Labor | H7: Materials | I7: L Markup | J7: M Markup | K7: Labor | L7: Materials | M7: L Markup | N7: M Markup
N8: =IF(D8=0," ",(J8*C8))
A9: 1 | B9: Remove Septic Tank | C9: 1 | D9: no. | E9: =G9+H9+J9+I9 -> 419.75 | F9: =E9*C9 -> 419.75 | G9: 365 | I9: =IF(D9=0," ",(G9)*([1]Details!$C$4+[1]Details!$C$8)) -> 54.75 | J9: =IF(D9=0," ",(H9)*([1]Details!$C$6+[1]Details!$C$8)) -> 0 | K9: =+G9*C9 -> 365 | L9: =+H9*C9 -> 0 | M9: =IF(D9=0," ",(I9*C9)) -> 54.75 | N9: =IF(D9=0," ",(J9*C9)) -> 0
A11: =IF(F11<>"",(LARGE(A$7:A9,1)+1),"") -> 2 | B11: Wall To Be Removed (3m H) | C11: =3*83.6 -> 250.8 | D11: m2 | E11: =G11+H11+J11+I11 -> 18.975 | F11: =E11*C11 -> 4758.93 | G11: 16.5 | I11: =IF(D11=0," ",(G11)*([1]Details!$C$4+[1]Details!$C$8)) -> 2.475 | J11: =IF(D11=0," ",(H11)*([1]Details!$C$6+[1]Details!$C$8)) -> 0 | K11: =+G11*C11 -> 4138.2 | L11: =+H11*C11 -> 0 | M11: =IF(D11=0," ",(I11*C11)) -> 620.73 | N11: =IF(D11=0," ",(J11*C11)) -> 0
A13: =IF(F13<>"",(LARGE(A$7:A11,1)+1),"") -> 3 | B13: Area For Stair Removal | C13: 1.42 | D13: m2 | E13: =G13+H13+J13+I13 -> 25.875 | F13: =E13*C13 -> 36.7425 | G13: 22.5 | I13: =IF(D13=0," ",(G13)*([1]Details!$C$4+[1]Details!$C$8)) -> 3.375 | J13: =IF(D13=0," ",(H13)*([1]Details!$C$6+[1]Details!$C$8)) -> 0 | K13: =+G13*C13 -> 31.95 | L13: =+H13*C13 -> 0 | M13: =IF(D13=0," ",(I13*C13)) -> 4.7925 | N13: =IF(D13=0," ",(J13*C13)) -> 0
A15: =IF(F15<>"",(LARGE(A$7:A13,1)+1),"") -> 4 | B15: Area For Removal Of (Flooring & Ceiling) And All Other Items (Lighting, Mechanical, Plumbing, Opening, Equipment) | C15: 37.62 | D15: m2 | E15: =G15+H15+J15+I15 -> 17.825 | F15: =E15*C15 -> 670.5765 | G15: 15.5 | I15: =IF(D15=0," ",(G15)*([1]Details!$C$4+[1]Details!$C$8)) -> 2.325 | J15: =IF(D15=0," ",(H15)*([1]Details!$C$6+[1]Details!$C$8)) -> 0 | K15: =+G15*C15 -> 583.11 | L15: =+H15*C15 -> 0 | M15: =IF(D15=0," ",(I15*C15)) -> 87.4665 | N15: =IF(D15=0," ",(J15*C15)) -> 0
A17: =IF(F17<>"",(LARGE(A$7:A15,1)+1),"") -> 5 | B17: Roofing To Be Removed | C17: 31.72 | D17: m2 | E17: =G17+H17+J17+I17 -> 27.025 | F17: =E17*C17 -> 857.233 | G17: 23.5 | I17: =IF(D17=0," ",(G17)*([1]Details!$C$4+[1]Details!$C$8)) -> 3.525 | J17: =IF(D17=0," ",(H17)*([1]Details!$C$6+[1]Details!$C$8)) -> 0 | K17: =+G17*C17 -> 745.42 | L17: =+H17*C17 -> 0 | M17: =IF(D17=0," ",(I17*C17)) -> 111.813 | N17: =IF(D17=0," ",(J17*C17)) -> 0
A18: =IF(F18<>"",(LARGE(A$7:A17,1)+1),"") | J18: =IF(D18=0," ",(G18+H18)*(Details!$C$4+Details!$C$6))
E19: Sub Total | F19: =SUM(F8:F18) -> 6743.232 | K19: =SUM(K8:K18) -> 5863.68 | L19: =SUM(L8:L18) -> 0 | M19: =SUM(M8:M18) -> 879.552 | N19: =SUM(N8:N18) -> 0

Sheet Substructure
B2: =+'Qual, Excl & Assum'!B2 -> PROJECT NAME: SQUAIRRELS LEAP GUILDFORD ROAD, CHERTSEY KT16 9RU
B3: =+'Qual, Excl & Assum'!B3 -> DATE: 25TH NOVEMBER 2025
B5: Substructure | G5: RATES | K5: TOTALS
B7: Description | C7: Quantity | D7: Unit | E7: Rate | F7: Total | G7: Labor | H7: Materials | I7: L Markup | J7: M Markup | K7: Labor | L7: Materials | M7: L Markup | N7: M Markup
N8: =IF(D8=0," ",(J8*C8))
A9: =IF(F9<>"",(LARGE(A$7:A8,1)+1),"") | B9: LOWER FLOOR EXCAVATION | I9: =IF(D9=0," ",(G9)*(Details!$C$4+Details!$C$8)) | J9: =IF(D9=0," ",(H9)*(Details!$C$6+Details!$C$8)) | N9: =IF(D9=0," ",(J9*C9))
A10: =IF(F10<>"",(LARGE(A$7:A9,1)+1),"") | N10: =IF(D10=0," ",(J10*C10))
A11: 1 | B11: Excavate Lower Floor; | C11: =148.66*3 -> 445.98 | D11: m3 | E11: =G11+H11+J11+I11 -> 48.875 | F11: =E11*C11 -> 21797.272 | G11: 42.5 | I11: =IF(D11=0," ",(G11)*(Details!$C$4+Details!$C$8)) -> 6.375 | J11: =IF(D11=0," ",(H11)*(Details!$C$6+Details!$C$8)) -> 0 | K11: =+G11*C11 -> 18954.15 | L11: =+H11*C11 -> 0 | M11: =IF(D11=0," ",(I11*C11)) -> 2843.1225 | N11: =IF(D11=0," ",(J11*C11)) -> 0
A12: =IF(F12<>"",(LARGE(A$7:A11,1)+1),"")
A13: =IF(F13<>"",(LARGE(A$7:A12,1)+1),"") -> 2 | B13: Cart away spoil (assume clean and inert) | C13: =C11-46.03-0.15*153.44*2 -> 353.918 | D13: m3 | E13: =G13+H13+J13+I13 -> 39.675 | F13: =E13*C13 -> 14041.697 | G13: 34.5 | I13: =IF(D13=0," ",(G13)*(Details!$C$4+Details!$C$8)) -> 5.175 | J13: =IF(D13=0," ",(H13)*(Details!$C$6+Details!$C$8)) -> 0 | K13: =+G13*C13 -> 12210.171 | L13: =+H13*C13 -> 0 | M13: =IF(D13=0," ",(I13*C13)) -> 1831.5257 | N13: =IF(D13=0," ",(J13*C13)) -> 0
A14: =IF(F14<>"",(LARGE(A$7:A13,1)+1),"") | N14: =IF(D14=0," ",(J14*C14))
A15: =IF(F15<>"",(LARGE(A$7:A14,1)+1),"") | B15: FOUNDATION WORK
A16: =IF(F16<>"",(LARGE(A$7:A15,1)+1),"")
A17: =IF(F17<>"",(LARGE(A$7:A16,1)+1),"") -> 3 | B17: 1800X1800X300mm Footing Pad (08 EA) | C17: =1.8*1.8*0.3*8 -> 7.776 | D17: m3 | E17: =G17+H17+J17+I17 -> 480.99613 | F17: =E17*C17 -> 3740.2259 | G17: 132.7575 | H17: 285.5 | I17: =IF(D17=0," ",(G17)*(Details!$C$4+Details!$C$8)) -> 19.913625 | J17: =IF(D17=0," ",(H17)*(Details!$C$6+Details!$C$8)) -> 42.825 | K17: =+G17*C17 -> 1032.3223 | L17: =+H17*C17 -> 2220.048 | M17: =IF(D17=0," ",(I17*C17)) -> 154.84835 | N17: =IF(D17=0," ",(J17*C17)) -> 333.0072
A18: =IF(F18<>"",(LARGE(A$7:A17,1)+1),"")
A19: =IF(F19<>"",(LARGE(A$7:A18,1)+1),"") -> 4 | B19: Formwork | C19: =1.8*4*0.3*8 -> 17.28 | D19: m2 | E19: =G19+H19+J19+I19 -> 37.906875 | F19: =E19*C19 -> 655.0308 | G19: 10.4625 | H19: 22.5 | I19: =IF(D19=0," ",(G19)*(Details!$C$4+Details!$C$8)) -> 1.569375 | J19: =IF(D19=0," ",(H19)*(Details!$C$6+Details!$C$8)) -> 3.375 | K19: =+G19*C19 -> 180.792 | L19: =+H19*C19 -> 388.8 | M19: =IF(D19=0," ",(I19*C19)) -> 27.1188 | N19: =IF(D19=0," ",(J19*C19)) -> 58.32
A20: =IF(F20<>"",(LARGE(A$7:A19,1)+1),"")
A21: =IF(F21<>"",(LARGE(A$7:A20,1)+1),"") -> 5 | B21: 300 mm Thick Concrete Retaining Wall (H = 3.4 M) w/ 16 mm @ 150 mm c/c vertical, 12 mm @ 200 mm c/c horizontal Bars & front face: 10 mm @ 250 mm c/c | C21: 46.0326 | D21: m3 | E21: =G21+H21+J21+I21 -> 480.99613 | F21: =E21*C21 -> 22141.502 | G21: 132.7575 | H21: 285.5 | I21: =IF(D21=0," ",(G21)*(Details!$C$4+Details!$C$8)) -> 19.913625 | J21: =IF(D21=0," ",(H21)*(Details!$C$6+Details!$C$8)) -> 42.825 | K21: =+G21*C21 -> 6111.1729 | L21: =+H21*C21 -> 13142.307 | M21: =IF(D21=0," ",(I21*C21)) -> 916.67593 | N21: =IF(D21=0," ",(J21*C21)) -> 1971.3461
A22: =IF(F22<>"",(LARGE(A$7:A21,1)+1),"")
A23: =IF(F23<>"",(LARGE(A$7:A22,1)+1),"") -> 6 | B23: 150 mm Thick Rigid Insulation | C23: 153.442 | D23: m2 | E23: =G23+H23+J23+I23 -> 22.744125 | F23: =E23*C23 -> 3489.904 | G23: 6.2775 | H23: 13.5 | I23: =IF(D23=0," ",(G23)*(Details!$C$4+Details!$C$8)) -> 0.941625 | J23: =IF(D23=0," ",(H23)*(Details!$C$6+Details!$C$8)) -> 2.025 | K23: =+G23*C23 -> 963.23216 | L23: =+H23*C23 -> 2071.467 | M23: =IF(D23=0," ",(I23*C23)) -> 144.48482 | N23: =IF(D23=0," ",(J23*C23)) -> 310.72005
A24: =IF(F24<>"",(LARGE(A$7:A23,1)+1),"")
A25: =IF(F25<>"",(LARGE(A$7:A24,1)+1),"") -> 7 | B25: 150 mm Thick Thick Masonry/Block Wall | C25: 153.442 | D25: m2 | E25: =G25+H25+J25+I25 -> 53.069625 | F25: =E25*C25 -> 8143.1094 | G25: 14.6475 | H25: 31.5 | I25: =IF(D25=0," ",(G25)*(Details!$C$4+Details!$C$8)) -> 2.197125 | J25: =IF(D25=0," ",(H25)*(Details!$C$6+Details!$C$8)) -> 4.725 | K25: =+G25*C25 -> 2247.5417 | L25: =+H25*C25 -> 4833.423 | M25: =IF(D25=0," ",(I25*C25)) -> 337.13125 | N25: =IF(D25=0," ",(J25*C25)) -> 725.01345
A26: =IF(F26<>"",(LARGE(A$7:A25,1)+1),"")
A27: =IF(F27<>"",(LARGE(A$7:A26,1)+1),"") -> 8 | B27: Waterproofing | C27: 153.442 | D27: m2 | E27: =G27+H27+J27+I27 -> 716.01875 | F27: =E27*C27 -> 109867.35 | G27: 197.625 | H27: 425 | I27: =IF(D27=0," ",(G27)*(Details!$C$4+Details!$C$8)) -> 29.64375 | J27: =IF(D27=0," ",(H27)*(Details!$C$6+Details!$C$8)) -> 63.75 | K27: =+G27*C27 -> 30323.975 | L27: =+H27*C27 -> 65212.85 | M27: =IF(D27=0," ",(I27*C27)) -> 4548.5963 | N27: =IF(D27=0," ",(J27*C27)) -> 9781.9275
A28: =IF(F28<>"",(LARGE(A$7:A27,1)+1),"")
A29: =IF(F29<>"",(LARGE(A$7:A28,1)+1),"") -> 9 | B29: Formwork | C29: 153.442 | D29: m2 | E29: =G29+H29+J29+I29 -> 37.906875 | F29: =E29*C29 -> 5816.5067 | G29: 10.4625 | H29: 22.5 | I29: =IF(D29=0," ",(G29)*(Details!$C$4+Details!$C$8)) -> 1.569375 | J29: =IF(D29=0," ",(H29)*(Details!$C$6+Details!$C$8)) -> 3.375 | K29: =+G29*C29 -> 1605.3869 | L29: =+H29*C29 -> 3452.445 | M29: =IF(D29=0," ",(I29*C29)) -> 240.80804 | N29: =IF(D29=0," ",(J29*C29)) -> 517.86675
A30: =IF(F30<>"",(LARGE(A$7:A29,1)+1),"")
A31: =IF(F31<>"",(LARGE(A$7:A30,1)+1),"") | B31: SLABS | I31: =IF(D31=0," ",(G31)*(Details!$C$4+Details!$C$8)) | J31: =IF(D31=0," ",(H31)*(Details!$C$6+Details!$C$8)) | N31: =IF(D31=0," ",(J31*C31))
A32: =IF(F32<>"",(LARGE(A$7:A31,1)+1),"") | N32: =IF(D32=0," ",(J32*C32))
A33: =IF(F33<>"",(LARGE(A$7:A32,1)+1),"") -> 10 | B33: 300 mm Thick Concrete Slab on Grade (154 m2) w/ 16 mm @ 150 mm c/c (primary direction), 12 mm @ 150–200 mm c/c (secondary direction) & 16 mm @ 150 mm c/c top bars | C33: 46.101 | D33: m2 | E33: =G33+H33+J33+I33 -> 61.493375 | F33: =E33*C33 -> 2834.9061 | G33: 16.9725 | H33: 36.5 | I33: =IF(D33=0," ",(G33)*(Details!$C$4+Details!$C$8)) -> 2.545875 | J33: =IF(D33=0," ",(H33)*(Details!$C$6+Details!$C$8)) -> 5.475 | K33: =+G33*C33 -> 782.44922 | L33: =+H33*C33 -> 1682.6865 | M33: =IF(D33=0," ",(I33*C33)) -> 117.36738 | N33: =IF(D33=0," ",(J33*C33)) -> 252.40297
A34: =IF(F34<>"",(LARGE(A$7:A33,1)+1),"") | N34: =IF(D34=0," ",(J34*C34))
A35: =IF(F35<>"",(LARGE(A$7:A34,1)+1),"") -> 11 | B35: 10 MIL Vapor Retarder | C35: 154 | D35: m2 | E35: =G35+H35+J35+I35 -> 24.428875 | F35: =E35*C35 -> 3762.0468 | G35: 6.7425 | H35: 14.5 | I35: =IF(D35=0," ",(G35)*(Details!$C$4+Details!$C$8)) -> 1.011375 | J35: =IF(D35=0," ",(H35)*(Details!$C$6+Details!$C$8)) -> 2.175 | K35: =+G35*C35 -> 1038.345 | L35: =+H35*C35 -> 2233 | M35: =IF(D35=0," ",(I35*C35)) -> 155.75175 | N35: =IF(D35=0," ",(J35*C35)) -> 334.95
A36: =IF(F36<>"",(LARGE(A$7:A35,1)+1),"") | P36: Check
E37: Sub Total | F37: =SUM(F8:F36) -> 196289.55 | K37: =SUM(K8:K36) -> 75449.538 | L37: =SUM(L8:L36) -> 95237.027 | M37: =SUM(M8:M36) -> 11317.431 | N37: =SUM(N8:N36) -> 14285.554 | P37: =+F37-K37-L37-N37-M37 -> 0
A38: =IF(F38<>"",(LARGE(A$7:A37,1)+1),"")

Sheet Superstructure
B2: =+'Qual, Excl & Assum'!B2 -> PROJECT NAME: SQUAIRRELS LEAP GUILDFORD ROAD, CHERTSEY KT16 9RU
B3: =+'Qual, Excl & Assum'!B3 -> DATE: 25TH NOVEMBER 2025
B5: Superstructure | G5: RATES | K5: TOTALS
B7: Description | C7: Quantity | D7: Unit | E7: Rate | F7: Total | G7: Labor | H7: Materials | I7: L Markup | J7: M Markup | K7: Labor | L7: Materials | M7: L Markup | N7: M Markup
N8: =IF(D8=0," ",(J8*C8))
B9: CAVITY WALL | N9: =IF(D9=0," ",(J9*C9))
N10: =IF(D10=0," ",(J10*C10))
A11: 1 | B11: 100 mm Thick Masonry Brick Wall | C11: 342.709 | D11: m2 | E11: =G11+H11+J11+I11 -> 54.754375 | F11: =E11*C11 -> 18764.817 | G11: 15.1125 | H11: 32.5 | I11: =IF(D11=0," ",(G11)*(Details!$C$4+Details!$C$8)) -> 2.266875 | J11: =IF(D11=0," ",(H11)*(Details!$C$6+Details!$C$8)) -> 4.875 | K11: =+G11*C11 -> 5179.1898 | L11: =+H11*C11 -> 11138.042 | M11: =IF(D11=0," ",(I11*C11)) -> 776.87846 | N11: =IF(D11=0," ",(J11*C11)) -> 1670.7064
I12: =IF(D12=0," ",(G12)*(Details!$C$4+Details!$C$8)) | J12: =IF(D12=0," ",(H12)*(Details!$C$6+Details!$C$8)) | N12: =IF(D12=0," ",(J12*C12))
A13: =IF(F13<>"",(LARGE(A$4:A12,1)+1),"") -> 2 | B13: 100 mm Thick Rigid Insulation | C13: 342.709 | D13: m2 | E13: =G13+H13+J13+I13 -> 22.744125 | F13: =E13*C13 -> 7794.6163 | G13: 6.2775 | H13: 13.5 | I13: =IF(D13=0," ",(G13)*(Details!$C$4+Details!$C$8)) -> 0.941625 | J13: =IF(D13=0," ",(H13)*(Details!$C$6+Details!$C$8)) -> 2.025 | K13: =+G13*C13 -> 2151.3557 | L13: =+H13*C13 -> 4626.5715 | M13: =IF(D13=0," ",(I13*C13)) -> 322.70336 | N13: =IF(D13=0," ",(J13*C13)) -> 693.98573
A14: =IF(F14<>"",(LARGE(A$4:A13,1)+1),"") | I14: =IF(D14=0," ",(G14)*(Details!$C$4+Details!$C$8)) | J14: =IF(D14=0," ",(H14)*(Details!$C$6+Details!$C$8)) | N14: =IF(D14=0," ",(J14*C14))
A15: =IF(F15<>"",(LARGE(A$4:A14,1)+1),"") -> 3 | B15: 150 mm Thick Masonry Block Wall | C15: 450.32 | D15: m2 | E15: =G15+H15+J15+I15 -> 58.123875 | F15: =E15*C15 -> 26174.343 | G15: 16.0425 | H15: 34.5 | I15: =IF(D15=0," ",(G15)*(Details!$C$4+Details!$C$8)) -> 2.406375 | J15: =IF(D15=0," ",(H15)*(Details!$C$6+Details!$C$8)) -> 5.175 | K15: =+G15*C15 -> 7224.2586 | L15: =+H15*C15 -> 15536.04 | M15: =IF(D15=0," ",(I15*C15)) -> 1083.6388 | N15: =IF(D15=0," ",(J15*C15)) -> 2330.406
A16: =IF(F16<>"",(LARGE(A$4:A15,1)+1),"")
A17: =IF(F17<>"",(LARGE(A$4:A16,1)+1),"") -> 4 | B17: 300 mm Thick Masonry Block Wall | C17: 107.619 | D17: m2 | E17: =G17+H17+J17+I17 -> 71.601875 | F17: =E17*C17 -> 7705.7222 | G17: 19.7625 | H17: 42.5 | I17: =IF(D17=0," ",(G17)*(Details!$C$4+Details!$C$8)) -> 2.964375 | J17: =IF(D17=0," ",(H17)*(Details!$C$6+Details!$C$8)) -> 6.375 | K17: =+G17*C17 -> 2126.8205 | L17: =+H17*C17 -> 4573.8075 | M17: =IF(D17=0," ",(I17*C17)) -> 319.02307 | N17: =IF(D17=0," ",(J17*C17)) -> 686.07113
A18: =IF(F18<>"",(LARGE(A$4:A17,1)+1),"") | I18: =IF(D18=0," ",(G18)*(Details!$C$4+Details!$C$8)) | J18: =IF(D18=0," ",(H18)*(Details!$C$6+Details!$C$8)) | N18: =IF(D18=0," ",(J18*C18))
A19: =IF(F19<>"",(LARGE(A$4:A18,1)+1),"") | B19: FLOOR CONSTRUCTION
A20: =IF(F20<>"",(LARGE(A$4:A19,1)+1),"")
A21: =IF(F21<>"",(LARGE(A$4:A20,1)+1),"") -> 5 | B21: 50 x 170 C24 @ 400 mm C/C | C21: 540.6429 | D21: m | E21: =G21+H21+J21+I21 -> 26.113625 | F21: =E21*C21 -> 14118.146 | G21: 7.2075 | H21: 15.5 | I21: =IF(D21=0," ",(G21)*(Details!$C$4+Details!$C$8)) -> 1.081125 | J21: =IF(D21=0," ",(H21)*(Details!$C$6+Details!$C$8)) -> 2.325 | K21: =+G21*C21 -> 3896.6837 | L21: =+H21*C21 -> 8379.9649 | M21: =IF(D21=0," ",(I21*C21)) -> 584.50256 | N21: =IF(D21=0," ",(J21*C21)) -> 1256.9947
A22: =IF(F22<>"",(LARGE(A$4:A21,1)+1),"")
A23: =IF(F23<>"",(LARGE(A$4:A22,1)+1),"") -> 6 | B23: 50 x 200 C24 @ 400 mm C/C | C23: 870.8283 | D23: m | E23: =G23+H23+J23+I23 -> 29.483125 | F23: =E23*C23 -> 25674.74 | G23: 8.1375 | H23: 17.5 | I23: =IF(D23=0," ",(G23)*(Details!$C$4+Details!$C$8)) -> 1.220625 | J23: =IF(D23=0," ",(H23)*(Details!$C$6+Details!$C$8)) -> 2.625 | K23: =+G23*C23 -> 7086.3653 | L23: =+H23*C23 -> 15239.495 | M23: =IF(D23=0," ",(I23*C23)) -> 1062.9548 | N23: =IF(D23=0," ",(J23*C23)) -> 2285.9243
A24: =IF(F24<>"",(LARGE(A$4:A23,1)+1),"")
A25: =IF(F25<>"",(LARGE(A$4:A24,1)+1),"") -> 7 | B25: 75 x 200 C24 @ 400 mm C/C | C25: 206.5 | D25: m | E25: =G25+H25+J25+I25 -> 32.852625 | F25: =E25*C25 -> 6784.0671 | G25: 9.0675 | H25: 19.5 | I25: =IF(D25=0," ",(G25)*(Details!$C$4+Details!$C$8)) -> 1.360125 | J25: =IF(D25=0," ",(H25)*(Details!$C$6+Details!$C$8)) -> 2.925 | K25: =+G25*C25 -> 1872.4387 | L25: =+H25*C25 -> 4026.75 | M25: =IF(D25=0," ",(I25*C25)) -> 280.86581 | N25: =IF(D25=0," ",(J25*C25)) -> 604.0125
A26: =IF(F26<>"",(LARGE(A$4:A25,1)+1),"")
A27: =IF(F27<>"",(LARGE(A$4:A26,1)+1),"") -> 8 | B27: 9 mm Thick OSB3 Roof Sheathing | C27: 239.41848 | D27: m2 | E27: =G27+H27+J27+I27 -> 19.627337 | F27: =E27*C27 -> 4699.1473 | G27: 5.41725 | H27: 11.65 | I27: =IF(D27=0," ",(G27)*(Details!$C$4+Details!$C$8)) -> 0.8125875 | J27: =IF(D27=0," ",(H27)*(Details!$C$6+Details!$C$8)) -> 1.7475 | K27: =+G27*C27 -> 1296.9898 | L27: =+H27*C27 -> 2789.2253 | M27: =IF(D27=0," ",(I27*C27)) -> 194.54846 | N27: =IF(D27=0," ",(J27*C27)) -> 418.38379
A28: =IF(F28<>"",(LARGE(A$4:A27,1)+1),"")
A29: =IF(F29<>"",(LARGE(A$4:A28,1)+1),"") -> 9 | B29: 18 mm WBP Plywood | C29: 417.93 | D29: m2 | E29: =G29+H29+J29+I29 -> 19.964288 | F29: =E29*C29 -> 8343.6747 | G29: 5.51025 | H29: 11.85 | I29: =IF(D29=0," ",(G29)*(Details!$C$4+Details!$C$8)) -> 0.8265375 | J29: =IF(D29=0," ",(H29)*(Details!$C$6+Details!$C$8)) -> 1.7775 | K29: =+G29*C29 -> 2302.8988 | L29: =+H29*C29 -> 4952.4705 | M29: =IF(D29=0," ",(I29*C29)) -> 345.43482 | N29: =IF(D29=0," ",(J29*C29)) -> 742.87058
A30: =IF(F30<>"",(LARGE(A$4:A29,1)+1),"")
A31: =IF(F31<>"",(LARGE(A$4:A30,1)+1),"") | B31: STONE & BRICK WORK
A32: =IF(F32<>"",(LARGE(A$4:A31,1)+1),"")
A33: =IF(F33<>"",(LARGE(A$4:A32,1)+1),"") -> 10 | B33: 200 mm High Soldier Course | C33: 11.93 | D33: m | E33: =G33+H33+J33+I33 -> 37.906875 | F33: =E33*C33 -> 452.22902 | G33: 10.4625 | H33: 22.5 | I33: =IF(D33=0," ",(G33)*(Details!$C$4+Details!$C$8)) -> 1.569375 | J33: =IF(D33=0," ",(H33)*(Details!$C$6+Details!$C$8)) -> 3.375 | K33: =+G33*C33 -> 124.81763 | L33: =+H33*C33 -> 268.425 | M33: =IF(D33=0," ",(I33*C33)) -> 18.722644 | N33: =IF(D33=0," ",(J33*C33)) -> 40.26375
A34: =IF(F34<>"",(LARGE(A$4:A33,1)+1),"")
A35: =IF(F35<>"",(LARGE(A$4:A34,1)+1),"") -> 11 | B35: 75 mm High Soldier Course Sill | C35: 8.88 | D35: m | E35: =G35+H35+J35+I35 -> 29.483125 | F35: =E35*C35 -> 261.81015 | G35: 8.1375 | H35: 17.5 | I35: =IF(D35=0," ",(G35)*(Details!$C$4+Details!$C$8)) -> 1.220625 | J35: =IF(D35=0," ",(H35)*(Details!$C$6+Details!$C$8)) -> 2.625 | K35: =+G35*C35 -> 72.261 | L35: =+H35*C35 -> 155.4 | M35: =IF(D35=0," ",(I35*C35)) -> 10.83915 | N35: =IF(D35=0," ",(J35*C35)) -> 23.31
A36: =IF(F36<>"",(LARGE(A$4:A35,1)+1),"")
A37: =IF(F37<>"",(LARGE(A$4:A36,1)+1),"") | B37: LINTELS | I37: =IF(D37=0," ",(G37)*(Details!$C$4+Details!$C$8)) | J37: =IF(D37=0," ",(H37)*(Details!$C$6+Details!$C$8)) | M37: =IF(D37=0," ",(I37*C37)) | N37: =IF(D37=0," ",(J37*C37))
A38: =IF(F38<>"",(LARGE(A$4:A37,1)+1),"") | I38: =IF(D38=0," ",(G38)*(Details!$C$4+Details!$C$8)) | J38: =IF(D38=0," ",(H38)*(Details!$C$6+Details!$C$8)) | N38: =IF(D38=0," ",(J38*C38))
A39: =IF(F39<>"",(LARGE(A$4:A38,1)+1),"") -> 12 | B39: 50x100 C24 Engineered Timber Lintels | C39: 21.41 | D39: m | E39: =G39+H39+J39+I39 -> 22.744125 | F39: =E39*C39 -> 486.95172 | G39: 6.2775 | H39: 13.5 | I39: =IF(D39=0," ",(G39)*(Details!$C$4+Details!$C$8)) -> 0.941625 | J39: =IF(D39=0," ",(H39)*(Details!$C$6+Details!$C$8)) -> 2.025 | K39: =+G39*C39 -> 134.40128 | L39: =+H39*C39 -> 289.035 | M39: =IF(D39=0," ",(I39*C39)) -> 20.160191 | N39: =IF(D39=0," ",(J39*C39)) -> 43.35525
A40: =IF(F40<>"",(LARGE(A$4:A39,1)+1),"") | I40: =IF(D40=0," ",(G40)*(Details!$C$4+Details!$C$8)) | J40: =IF(D40=0," ",(H40)*(Details!$C$6+Details!$C$8)) | N40: =IF(D40=0," ",(J40*C40))
A41: =IF(F41<>"",(LARGE(A$4:A40,1)+1),"") -> 13 | B41: 50x300 C24 Engineered Timber Lintels | C41: 2.32 | D41: m | E41: =G41+H41+J41+I41 -> 28.388038 | F41: =E41*C41 -> 65.860247 | G41: 7.83525 | H41: 16.85 | I41: =IF(D41=0," ",(G41)*(Details!$C$4+Details!$C$8)) -> 1.1752875 | J41: =IF(D41=0," ",(H41)*(Details!$C$6+Details!$C$8)) -> 2.5275 | K41: =+G41*C41 -> 18.17778 | L41: =+H41*C41 -> 39.092 | M41: =IF(D41=0," ",(I41*C41)) -> 2.726667 | N41: =IF(D41=0," ",(J41*C41)) -> 5.8638
A42: =IF(F42<>"",(LARGE(A$4:A41,1)+1),"")
A43: =IF(F43<>"",(LARGE(A$4:A42,1)+1),"") -> 14 | B43: Catanic CG Lintel | C43: 30.64 | D43: m | E43: =G43+H43+J43+I43 -> 32.852625 | F43: =E43*C43 -> 1006.6044 | G43: 9.0675 | H43: 19.5 | I43: =IF(D43=0," ",(G43)*(Details!$C$4+Details!$C$8)) -> 1.360125 | J43: =IF(D43=0," ",(H43)*(Details!$C$6+Details!$C$8)) -> 2.925 | K43: =+G43*C43 -> 277.8282 | L43: =+H43*C43 -> 597.48 | M43: =IF(D43=0," ",(I43*C43)) -> 41.67423 | N43: =IF(D43=0," ",(J43*C43)) -> 89.622
A44: =IF(F44<>"",(LARGE(A$4:A43,1)+1),"")
A45: =IF(F45<>"",(LARGE(A$4:A44,1)+1),"") | B45: STAIRCASE | I45: =IF(D45=0," ",(G45)*(Details!$C$4+Details!$C$8)) | J45: =IF(D45=0," ",(H45)*(Details!$C$6+Details!$C$8))
A46: =IF(F46<>"",(LARGE(A$4:A45,1)+1),"") | I46: =IF(D46=0," ",(G46)*(Details!$C$4+Details!$C$8)) | J46: =IF(D46=0," ",(H46)*(Details!$C$6+Details!$C$8)) | N46: =IF(D46=0," ",(J46*C46))
A47: =IF(F47<>"",(LARGE(A$4:A46,1)+1),"") -> 15 | B47: 63 x 200 mm Stringer @ Stairs | C47: 20.32 | D47: m | E47: =G47+H47+J47+I47 -> 71.601875 | F47: =E47*C47 -> 1454.9501 | G47: 19.7625 | H47: 42.5 | I47: =IF(D47=0," ",(G47)*(Details!$C$4+Details!$C$8)) -> 2.964375 | J47: =IF(D47=0," ",(H47)*(Details!$C$6+Details!$C$8)) -> 6.375 | K47: =+G47*C47 -> 401.574 | L47: =+H47*C47 -> 863.6 | M47: =IF(D47=0," ",(I47*C47)) -> 60.2361 | N47: =IF(D47=0," ",(J47*C47)) -> 129.54
A48: =IF(F48<>"",(LARGE(A$4:A47,1)+1),"") | I48: =IF(D48=0," ",(G48)*(Details!$C$4+Details!$C$8)) | J48: =IF(D48=0," ",(H48)*(Details!$C$6+Details!$C$8)) | N48: =IF(D48=0," ",(J48*C48))
A49: =IF(F49<>"",(LARGE(A$4:A48,1)+1),"") -> 16 | B49: 1000mm Wide Timber Stairs (Risers 16, 293.60mm & Goings, 230mm) | C49: 2 | D49: no. | E49: =G49+H49+J49+I49 -> 379.06875 | F49: =E49*C49 -> 758.1375 | G49: 104.625 | H49: 225 | I49: =IF(D49=0," ",(G49)*(Details!$C$4+Details!$C$8)) -> 15.69375 | J49: =IF(D49=0," ",(H49)*(Details!$C$6+Details!$C$8)) -> 33.75 | K49: =+G49*C49 -> 209.25 | L49: =+H49*C49 -> 450 | M49: =IF(D49=0," ",(I49*C49)) -> 31.3875 | N49: =IF(D49=0," ",(J49*C49)) -> 67.5
A50: =IF(F50<>"",(LARGE(A$4:A49,1)+1),"")
A51: =IF(F51<>"",(LARGE(A$4:A50,1)+1),"") -> 17 | B51: 900 mm High Wood Railing | C51: 20.32 | D51: m | E51: =G51+H51+J51+I51 -> 71.601875 | F51: =E51*C51 -> 1454.9501 | G51: 19.7625 | H51: 42.5 | I51: =IF(D51=0," ",(G51)*(Details!$C$4+Details!$C$8)) -> 2.964375 | J51: =IF(D51=0," ",(H51)*(Details!$C$6+Details!$C$8)) -> 6.375 | K51: =+G51*C51 -> 401.574 | L51: =+H51*C51 -> 863.6 | M51: =IF(D51=0," ",(I51*C51)) -> 60.2361 | N51: =IF(D51=0," ",(J51*C51)) -> 129.54
A52: =IF(F52<>"",(LARGE(A$7:A51,1)+1),"") | P52: Check
E53: Sub Total | F53: =SUM(F8:F52) -> 126000.77 | J53: =IF(D53=0," ",(G53+H53)*(Details!$C$4+Details!$C$6)) | K53: =SUM(K8:K52) -> 34776.885 | L53: =SUM(L8:L52) -> 74788.999 | M53: =SUM(M8:M52) -> 5216.5327 | N53: =SUM(N8:N52) -> 11218.35 | P53: =+F53-K53-L53-N53-M53 -> 1.9099389e-11
A54: =IF(D54=0," ",(LARGE(A$18:A53,1)+1)) | J54: =IF(D54=0," ",(G54+H54)*(Details!$C$4+Details!$C$6))

Sheet Structural Steelwork
B2: =+'Qual, Excl & Assum'!B2 -> PROJECT NAME: SQUAIRRELS LEAP GUILDFORD ROAD, CHERTSEY KT16 9RU
B3: =+'Qual, Excl & Assum'!B3 -> DATE: 25TH NOVEMBER 2025
B5: Structural Steelwork & Timberwork | G5: RATES | K5: TOTALS
B7: Description | C7: Quantity | D7: Unit | E7: Rate | F7: Total | G7: Labor | H7: Materials | I7: L Markup | J7: M Markup | K7: Labor | L7: Materials | M7: L Markup | N7: M Markup
A8: =IF(F8<>"",(LARGE(A$7:A7,1)+1),"") | J8: =IF(D8=0," ",(G8+H8)*(Details!$C$4)) | N8: =IF(D8=0," ",(J8*C8))
A9: =IF(F9<>"",(LARGE(A$7:A8,1)+1),"") | B9: STRUCTURAL STEELWORK | Z9: =IF(F9<>"",(LARGE(A$7:A8,1)+1),"") | AA9: STRUCTURAL STEELWORK
A11: =IF(F11<>"",(LARGE(A$7:A10,1)+1),"") | B11: BEAMS
A12: =IF(F12<>"",(LARGE(A$7:A11,1)+1),"")
A13: 1 | B13: 200x90x30 PFC | C13: 15.32 | D13: m | E13: =G13+H13+J13+I13 -> 115.40538 | F13: =E13*C13 -> 1768.0103 | G13: 31.8525 | H13: 68.5 | I13: =IF(D13=0," ",(G13)*(Details!$C$4+Details!$C$8)) -> 4.777875 | J13: =IF(D13=0," ",(H13)*(Details!$C$6+Details!$C$8)) -> 10.275 | K13: =+G13*C13 -> 487.9803 | L13: =+H13*C13 -> 1049.42 | M13: =IF(D13=0," ",(I13*C13)) -> 73.197045 | N13: =IF(D13=0," ",(J13*C13)) -> 157.413 | Z13: 1 | AC13: m | AD13: =G13+H13+J13+I13 -> 115.40538 | AE13: =E13*C13 -> 1768.0103 | AF13: =O13*1.75*Details!$M$36 -> 0 | AG13: =O13*3+500/1000*O13*C13 -> 0 | AH13: =IF(D13=0," ",(G13)*(Details!$C$4+Details!$C$8)) -> 4.777875 | AI13: =IF(D13=0," ",(H13)*(Details!$C$6+Details!$C$8)) -> 10.275 | AJ13: =+G13*C13 -> 487.9803 | AK13: =+H13*C13 -> 1049.42 | AL13: =IF(D13=0," ",(I13*C13)) -> 73.197045 | AM13: =IF(D13=0," ",(J13*C13)) -> 157.413 | AN13: 0
A15: =IF(F15<>"",(LARGE(A$7:A13,1)+1),"") -> 2 | B15: UC152x152 | C15: 11.6655 | D15: m | E15: =G15+H15+J15+I15 -> 91.818875 | F15: =E15*C15 -> 1071.1131 | G15: 25.3425 | H15: 54.5 | I15: =IF(D15=0," ",(G15)*(Details!$C$4+Details!$C$8)) -> 3.801375 | J15: =IF(D15=0," ",(H15)*(Details!$C$6+Details!$C$8)) -> 8.175 | K15: =+G15*C15 -> 295.63293 | L15: =+H15*C15 -> 635.76975 | M15: =IF(D15=0," ",(I15*C15)) -> 44.34494 | N15: =IF(D15=0," ",(J15*C15)) -> 95.365463
A17: =IF(F17<>"",(LARGE(A$7:A15,1)+1),"") -> 3 | B17: UC152x152 Steel Beam | C17: 81.61 | D17: m | E17: =G17+H17+J17+I17 -> 91.818875 | F17: =E17*C17 -> 7493.3384 | G17: 25.3425 | H17: 54.5 | I17: =IF(D17=0," ",(G17)*(Details!$C$4+Details!$C$8)) -> 3.801375 | J17: =IF(D17=0," ",(H17)*(Details!$C$6+Details!$C$8)) -> 8.175 | K17: =+G17*C17 -> 2068.2014 | L17: =+H17*C17 -> 4447.745 | M17: =IF(D17=0," ",(I17*C17)) -> 310.23021 | N17: =IF(D17=0," ",(J17*C17)) -> 667.16175
A19: =IF(F19<>"",(LARGE(A$7:A17,1)+1),"") -> 4 | B19: UC203x203 | C19: 36.04 | D19: m | E19: =G19+H19+J19+I19 -> 122.14438 | F19: =E19*C19 -> 4402.0833 | G19: 33.7125 | H19: 72.5 | I19: =IF(D19=0," ",(G19)*(Details!$C$4+Details!$C$8)) -> 5.056875 | J19: =IF(D19=0," ",(H19)*(Details!$C$6+Details!$C$8)) -> 10.875 | K19: =+G19*C19 -> 1214.9985 | L19: =+H19*C19 -> 2612.9 | M19: =IF(D19=0," ",(I19*C19)) -> 182.24978 | N19: =IF(D19=0," ",(J19*C19)) -> 391.935
A21: =IF(F21<>"",(LARGE(A$7:A19,1)+1),"") -> 5 | B21: UC203x203 Steel Beam | C21: 14.82 | D21: m | E21: =G21+H21+J21+I21 -> 122.14438 | F21: =E21*C21 -> 1810.1796 | G21: 33.7125 | H21: 72.5 | I21: =IF(D21=0," ",(G21)*(Details!$C$4+Details!$C$8)) -> 5.056875 | J21: =IF(D21=0," ",(H21)*(Details!$C$6+Details!$C$8)) -> 10.875 | K21: =+G21*C21 -> 499.61925 | L21: =+H21*C21 -> 1074.45 | M21: =IF(D21=0," ",(I21*C21)) -> 74.942888 | N21: =IF(D21=0," ",(J21*C21)) -> 161.1675
A23: =IF(F23<>"",(LARGE(A$7:A21,1)+1),"") -> 6 | B23: UC254x254x132 Steel Beam | C23: 14.83 | D23: m | E23: =G23+H23+J23+I23 -> 128.88338 | F23: =E23*C23 -> 1911.3405 | G23: 35.5725 | H23: 76.5 | I23: =IF(D23=0," ",(G23)*(Details!$C$4+Details!$C$8)) -> 5.335875 | J23: =IF(D23=0," ",(H23)*(Details!$C$6+Details!$C$8)) -> 11.475 | K23: =+G23*C23 -> 527.54018 | L23: =+H23*C23 -> 1134.495 | M23: =IF(D23=0," ",(I23*C23)) -> 79.131026 | N23: =IF(D23=0," ",(J23*C23)) -> 170.17425
A25: =IF(F25<>"",(LARGE(A$7:A23,1)+1),"") -> 7 | B25: UC305x305 Steel Beam | C25: 14.81 | D25: m | E25: =G25+H25+J25+I25 -> 137.30713 | F25: =E25*C25 -> 2033.5185 | G25: 37.8975 | H25: 81.5 | I25: =IF(D25=0," ",(G25)*(Details!$C$4+Details!$C$8)) -> 5.684625 | J25: =IF(D25=0," ",(H25)*(Details!$C$6+Details!$C$8)) -> 12.225 | K25: =+G25*C25 -> 561.26198 | L25: =+H25*C25 -> 1207.015 | M25: =IF(D25=0," ",(I25*C25)) -> 84.189296 | N25: =IF(D25=0," ",(J25*C25)) -> 181.05225
A26: =IF(F26<>"",(LARGE(A$7:A25,1)+1),"")
A27: =IF(F27<>"",(LARGE(A$7:A26,1)+1),"") | B27: COLUMNS
A28: =IF(F28<>"",(LARGE(A$7:A27,1)+1),"")
A29: =IF(F29<>"",(LARGE(A$7:A28,1)+1),"") -> 8 | B29: SHS Column 100x5 (08 EA, 6.5 M High) | C29: 51.2 | D29: m | E29: =G29+H29+J29+I29 -> 194.0832 | F29: =E29*C29 -> 9937.0598 | G29: 53.568 | H29: 115.2 | I29: =IF(D29=0," ",(G29)*(Details!$C$4+Details!$C$8)) -> 8.0352 | J29: =IF(D29=0," ",(H29)*(Details!$C$6+Details!$C$8)) -> 17.28 | K29: =+G29*C29 -> 2742.6816 | L29: =+H29*C29 -> 5898.24 | M29: =IF(D29=0," ",(I29*C29)) -> 411.40224 | N29: =IF(D29=0," ",(J29*C29)) -> 884.736
A30: =IF(F30<>"",(LARGE(A$7:A29,1)+1),"") | P30: Check
E31: Sub Total | F31: =SUM(F8:F30) -> 30426.644 | J31: =IF(D31=0," ",(G31+H31)*(Details!$C$4+Details!$C$6)) | K31: =SUM(K8:K30) -> 8397.9162 | L31: =SUM(L8:L30) -> 18060.035 | M31: =SUM(M8:M30) -> 1259.6874 | N31: =SUM(N8:N30) -> 2709.0052 | P31: =+F31-K31-L31-N31-M31 -> 5.4569682e-12
A32: =IF(D32=0," ",(LARGE(A$8:A31,1)+1)) | J32: =IF(D32=0," ",(G32+H32)*(Details!$C$4+Details!$C$6))

Sheet Roof
B2: =+'Qual, Excl & Assum'!B2 -> PROJECT NAME: SQUAIRRELS LEAP GUILDFORD ROAD, CHERTSEY KT16 9RU
B3: =+'Qual, Excl & Assum'!B3 -> DATE: 25TH NOVEMBER 2025
B5: Roof | G5: RATES | K5: TOTALS
B7: Description | C7: Quantity | D7: Unit | E7: Rate | F7: Total | G7: Labour | H7: Materials | I7: L Markup | J7: M Markup | K7: Labour | L7: Materials | M7: L Markup | N7: M Markup
N8: =IF(D8=0," ",(J8*C8))
B9: PITCHED ROOF
A11: 1 | B11: Tiles; Slat Roof tiles | C11: 239.42 | D11: m2 | E11: =G11+H11+J11+I11 -> 91.818875 | F11: =E11*C11 -> 21983.275 | G11: 25.3425 | H11: 54.5 | I11: =IF(D11=0," ",(G11)*(Details!$C$4+Details!$C$8)) -> 3.801375 | J11: =IF(D11=0," ",(H11)*(Details!$C$6+Details!$C$8)) -> 8.175 | K11: =+G11*C11 -> 6067.5013 | L11: =+H11*C11 -> 13048.39 | M11: =IF(D11=0," ",(I11*C11)) -> 910.1252 | N11: =IF(D11=0," ",(J11*C11)) -> 1957.2585
A12: =IF(F12<>"",(LARGE(A$4:A11,1)+1),"")
A13: =IF(F13<>"",(LARGE(A$4:A12,1)+1),"") -> 2 | B13: Battens; 25mm x 38mm | C13: 239.42 | D13: m2 | E13: =G13+H13+J13+I13 -> 58.123875 | F13: =E13*C13 -> 13916.018 | G13: 16.0425 | H13: 34.5 | I13: =IF(D13=0," ",(G13)*(Details!$C$4+Details!$C$8)) -> 2.406375 | J13: =IF(D13=0," ",(H13)*(Details!$C$6+Details!$C$8)) -> 5.175 | K13: =+G13*C13 -> 3840.8953 | L13: =+H13*C13 -> 8259.99 | M13: =IF(D13=0," ",(I13*C13)) -> 576.1343 | N13: =IF(D13=0," ",(J13*C13)) -> 1238.9985
A14: =IF(F14<>"",(LARGE(A$4:A13,1)+1),"")
A15: =IF(F15<>"",(LARGE(A$4:A14,1)+1),"") -> 3 | B15: Breather membrane (Klober Permo Air 160) | C15: 239.42 | D15: m2 | E15: =G15+H15+J15+I15 -> 27.798375 | F15: =E15*C15 -> 6655.4869 | G15: 7.6725 | H15: 16.5 | I15: =IF(D15=0," ",(G15)*(Details!$C$4+Details!$C$8)) -> 1.150875 | J15: =IF(D15=0," ",(H15)*(Details!$C$6+Details!$C$8)) -> 2.475 | K15: =+G15*C15 -> 1836.9499 | L15: =+H15*C15 -> 3950.43 | M15: =IF(D15=0," ",(I15*C15)) -> 275.54249 | N15: =IF(D15=0," ",(J15*C15)) -> 592.5645
A16: =IF(F16<>"",(LARGE(A$4:A15,1)+1),"")
A17: =IF(F17<>"",(LARGE(A$4:A16,1)+1),"") -> 4 | B17: 150mm PIR Inulation | C17: 239.42 | D17: m2 | E17: =G17+H17+J17+I17 -> 24.428875 | F17: =E17*C17 -> 5848.7613 | G17: 6.7425 | H17: 14.5 | I17: =IF(D17=0," ",(G17)*(Details!$C$4+Details!$C$8)) -> 1.011375 | J17: =IF(D17=0," ",(H17)*(Details!$C$6+Details!$C$8)) -> 2.175 | K17: =+G17*C17 -> 1614.2894 | L17: =+H17*C17 -> 3471.59 | M17: =IF(D17=0," ",(I17*C17)) -> 242.1434 | N17: =IF(D17=0," ",(J17*C17)) -> 520.7385
A18: =IF(F18<>"",(LARGE(A$4:A17,1)+1),"")
A19: =IF(F19<>"",(LARGE(A$4:A18,1)+1),"") -> 5 | B19: Klober Wallint 50 AVCL | C19: 239.42 | D19: m2 | E19: =G19+H19+J19+I19 -> 42.961125 | F19: =E19*C19 -> 10285.753 | G19: 11.8575 | H19: 25.5 | I19: =IF(D19=0," ",(G19)*(Details!$C$4+Details!$C$8)) -> 1.778625 | J19: =IF(D19=0," ",(H19)*(Details!$C$6+Details!$C$8)) -> 3.825 | K19: =+G19*C19 -> 2838.9226 | L19: =+H19*C19 -> 6105.21 | M19: =IF(D19=0," ",(I19*C19)) -> 425.8384 | N19: =IF(D19=0," ",(J19*C19)) -> 915.7815
A20: =IF(F20<>"",(LARGE(A$4:A19,1)+1),"")
A21: =IF(F21<>"",(LARGE(A$4:A20,1)+1),"") -> 6 | B21: Exterior Grade Plywood Sheathing | C21: 239.42 | D21: m2 | E21: =G21+H21+J21+I21 -> 21.312088 | F21: =E21*C21 -> 5102.54 | G21: 5.88225 | H21: 12.65 | I21: =IF(D21=0," ",(G21)*(Details!$C$4+Details!$C$8)) -> 0.8823375 | J21: =IF(D21=0," ",(H21)*(Details!$C$6+Details!$C$8)) -> 1.8975 | K21: =+G21*C21 -> 1408.3283 | L21: =+H21*C21 -> 3028.663 | M21: =IF(D21=0," ",(I21*C21)) -> 211.24924 | N21: =IF(D21=0," ",(J21*C21)) -> 454.29945
A22: =IF(F22<>"",(LARGE(A$4:A21,1)+1),"")
A23: =IF(F23<>"",(LARGE(A$4:A22,1)+1),"") | B23: ROOF SUNDRIES
A24: =IF(F24<>"",(LARGE(A$4:A23,1)+1),"")
A25: =IF(F25<>"",(LARGE(A$4:A24,1)+1),"") -> 7 | B25: Ridge | C25: 48.44 | D25: m | E25: =G25+H25+J25+I25 -> 29.483125 | F25: =E25*C25 -> 1428.1626 | G25: 8.1375 | H25: 17.5 | I25: =IF(D25=0," ",(G25)*(Details!$C$4+Details!$C$8)) -> 1.220625 | J25: =IF(D25=0," ",(H25)*(Details!$C$6+Details!$C$8)) -> 2.625 | K25: =+G25*C25 -> 394.1805 | L25: =+H25*C25 -> 847.7 | M25: =IF(D25=0," ",(I25*C25)) -> 59.127075 | N25: =IF(D25=0," ",(J25*C25)) -> 127.155
A26: =IF(F26<>"",(LARGE(A$4:A25,1)+1),"")
A27: =IF(F27<>"",(LARGE(A$4:A26,1)+1),"") -> 8 | B27: Valley | C27: 24.22 | D27: m | E27: =G27+H27+J27+I27 -> 27.798375 | F27: =E27*C27 -> 673.27664 | G27: 7.6725 | H27: 16.5 | I27: =IF(D27=0," ",(G27)*(Details!$C$4+Details!$C$8)) -> 1.150875 | J27: =IF(D27=0," ",(H27)*(Details!$C$6+Details!$C$8)) -> 2.475 | K27: =+G27*C27 -> 185.82795 | L27: =+H27*C27 -> 399.63 | M27: =IF(D27=0," ",(I27*C27)) -> 27.874193 | N27: =IF(D27=0," ",(J27*C27)) -> 59.9445
A28: =IF(F28<>"",(LARGE(A$4:A27,1)+1),"")
A29: =IF(F29<>"",(LARGE(A$4:A28,1)+1),"") -> 9 | B29: Hips | C29: 8.55 | D29: m | E29: =G29+H29+J29+I29 -> 29.061937 | F29: =E29*C29 -> 248.47957 | G29: 8.02125 | H29: 17.25 | I29: =IF(D29=0," ",(G29)*(Details!$C$4+Details!$C$8)) -> 1.2031875 | J29: =IF(D29=0," ",(H29)*(Details!$C$6+Details!$C$8)) -> 2.5875 | K29: =+G29*C29 -> 68.581688 | L29: =+H29*C29 -> 147.4875 | M29: =IF(D29=0," ",(I29*C29)) -> 10.287253 | N29: =IF(D29=0," ",(J29*C29)) -> 22.123125
A30: =IF(F30<>"",(LARGE(A$4:A29,1)+1),"")
A31: =IF(F31<>"",(LARGE(A$4:A30,1)+1),"") | B31: SOFFITS AND FASCIAS - UPVC
A32: =IF(F32<>"",(LARGE(A$4:A31,1)+1),"")
A33: =IF(F33<>"",(LARGE(A$4:A32,1)+1),"") -> 10 | B33: 600 mm Soffit | C33: 14.78 | D33: m | E33: =G33+H33+J33+I33 -> 37.906875 | F33: =E33*C33 -> 560.26361 | G33: 10.4625 | H33: 22.5 | I33: =IF(D33=0," ",(G33)*(Details!$C$4+Details!$C$8)) -> 1.569375 | J33: =IF(D33=0," ",(H33)*(Details!$C$6+Details!$C$8)) -> 3.375 | K33: =+G33*C33 -> 154.63575 | L33: =+H33*C33 -> 332.55 | M33: =IF(D33=0," ",(I33*C33)) -> 23.195363 | N33: =IF(D33=0," ",(J33*C33)) -> 49.8825
A34: =IF(F34<>"",(LARGE(A$4:A33,1)+1),"") | I34: =IF(D34=0," ",(G34)*(Details!$C$4+Details!$C$8)) | J34: =IF(D34=0," ",(H34)*(Details!$C$6+Details!$C$8))
A35: =IF(F35<>"",(LARGE(A$4:A34,1)+1),"") -> 11 | B35: Fascia | C35: 48.9 | D35: m | E35: =G35+H35+J35+I35 -> 41.276375 | F35: =E35*C35 -> 2018.4147 | G35: 11.3925 | H35: 24.5 | I35: =IF(D35=0," ",(G35)*(Details!$C$4+Details!$C$8)) -> 1.708875 | J35: =IF(D35=0," ",(H35)*(Details!$C$6+Details!$C$8)) -> 3.675 | K35: =+G35*C35 -> 557.09325 | L35: =+H35*C35 -> 1198.05 | M35: =IF(D35=0," ",(I35*C35)) -> 83.563988 | N35: =IF(D35=0," ",(J35*C35)) -> 179.7075
A36: =IF(F36<>"",(LARGE(A$4:A35,1)+1),"") | I36: =IF(D36=0," ",(G36)*(Details!$C$4+Details!$C$8)) | J36: =IF(D36=0," ",(H36)*(Details!$C$6+Details!$C$8))
A37: =IF(F37<>"",(LARGE(A$4:A36,1)+1),"") | B37: RAINWATER GOODS - UPVC | I37: =IF(D37=0," ",(G37)*(Details!$C$4+Details!$C$8)) | J37: =IF(D37=0," ",(H37)*(Details!$C$6+Details!$C$8))
A38: =IF(F38<>"",(LARGE(A$4:A37,1)+1),"") | I38: =IF(D38=0," ",(G38)*(Details!$C$4+Details!$C$8)) | J38: =IF(D38=0," ",(H38)*(Details!$C$6+Details!$C$8))
A39: =IF(F39<>"",(LARGE(A$4:A38,1)+1),"") -> 12 | B39: Gutters | C39: 23.34 | D39: m | E39: =G39+H39+J39+I39 -> 44.645875 | F39: =E39*C39 -> 1042.0347 | G39: 12.3225 | H39: 26.5 | I39: =IF(D39=0," ",(G39)*(Details!$C$4+Details!$C$8)) -> 1.848375 | J39: =IF(D39=0," ",(H39)*(Details!$C$6+Details!$C$8)) -> 3.975 | K39: =+G39*C39 -> 287.60715 | L39: =+H39*C39 -> 618.51 | M39: =IF(D39=0," ",(I39*C39)) -> 43.141073 | N39: =IF(D39=0," ",(J39*C39)) -> 92.7765
A40: =IF(F40<>"",(LARGE(A$4:A39,1)+1),"") | I40: =IF(D40=0," ",(G40)*(Details!$C$4+Details!$C$8)) | J40: =IF(D40=0," ",(H40)*(Details!$C$6+Details!$C$8)) | N40: =IF(D40=0," ",(J40*C40))
A41: =IF(F41<>"",(LARGE(A$4:A40,1)+1),"") -> 13 | B41: Downpipes | C41: 45.67 | D41: m | E41: =G41+H41+J41+I41 -> 39.591625 | F41: =E41*C41 -> 1808.1495 | G41: 10.9275 | H41: 23.5 | I41: =IF(D41=0," ",(G41)*(Details!$C$4+Details!$C$8)) -> 1.639125 | J41: =IF(D41=0," ",(H41)*(Details!$C$6+Details!$C$8)) -> 3.525 | K41: =+G41*C41 -> 499.05893 | L41: =+H41*C41 -> 1073.245 | M41: =IF(D41=0," ",(I41*C41)) -> 74.858839 | N41: =IF(D41=0," ",(J41*C41)) -> 160.98675
A42: =IF(F42<>"",(LARGE(A$7:A41,1)+1),"") | I42: =IF(D42=0," ",(G42)*(Details!$C$4+Details!$C$8)) | J42: =IF(D42=0," ",(H42)*(Details!$C$6+Details!$C$8)) | P42: Check
E43: Sub Total | F43: =SUM(F8:F42) -> 71570.615 | J43: =IF(D43=0," ",(G43+H43)*(Details!$C$4+Details!$C$6)) | K43: =SUM(K8:K42) -> 19753.872 | L43: =SUM(L8:L42) -> 42481.446 | M43: =SUM(M8:M42) -> 2963.0808 | N43: =SUM(N8:N42) -> 6372.2168 | P43: =+F43-K43-L43-N43-M43 -> 3.6379788e-12
A44: =IF(F44<>"",(LARGE(A$7:A43,1)+1),"") | J44: =IF(D44=0," ",(G44+H44)*(Details!$C$4+Details!$C$6))

Sheet Windows, Doors & Rooflights
U1: 1
B2: =+Roof!B2 -> PROJECT NAME: SQUAIRRELS LEAP GUILDFORD ROAD, CHERTSEY KT16 9RU | R2: UPVC | S2: UPVC
B3: =+Roof!B3 -> DATE: 25TH NOVEMBER 2025 | R3: Doors | S3: Windows | T3: Roof lights
R4: =IF($R$2="Multiple", "Input", IF($R$2="UPVC",$U$1*750,0) +IF($R$2="Aluminium",$U$1*1250,0) +IF($R$2="Timber",$U$1*1250,0) +IF($R$2="Composite",$U$1*1500,0) +IF($R$2="Crittall",$U$1*2000,0) ) -> 750 | S4: =IF($S$2="Multiple", "Input", IF($S$2="UPVC",$U$1*250,0) +IF($S$2="Aluminium",$U$1*600,0) +IF($S$2="Timber",$U$1*550,0) +IF($S$2="Composite",$U$1*450,0) +IF($S$2="Crittall",$U$1*1250,0) ) -> 250 | T4: 800
R5: =IF($R$2="Multiple", "Input", "") | S5: =IF($S$2="Multiple", "Input", "")
B6: External Windows, Doors and Roof lights | I6: RATES | M6: TOTALS
B8: Description | E8: Quantity | F8: Unit | G8: Rate | H8: Total | I8: Labor | J8: Materials | K8: L Markup | L8: M Markup | M8: Labor | N8: Materials | O8: L Markup | P8: M Markup
C9: Approx. | D9: Approx. | P9: =IF(F9=0," ",(L9*E9))
B11: DOORS | C11: Width (mm) | D11: Height (mm) | P11: =IF(F11=0," ",(L11*E11))
P12: =IF(F12=0," ",(L12*E12))
A13: 1 | B13: Single Leaf Door w/ Frame | C13: 800 | D13: 1900mm | E13: 20 | F13: no. | G13: =I13+J13+L13+K13 -> 1255.1388 | H13: =G13*E13 -> 25102.775 | I13: 346.425 | J13: 745 | K13: =IF(F13=0," ",(I13)*([1]Details!$C$4+[1]Details!$C$8)) -> 51.96375 | L13: =IF(F13=0," ",(J13)*([1]Details!$C$6+[1]Details!$C$8)) -> 111.75 | M13: =+I13*E13 -> 6928.5 | N13: =+J13*E13 -> 14900 | O13: =IF(F13=0," ",(K13*E13)) -> 1039.275 | P13: =IF(F13=0," ",(L13*E13)) -> 2235
A15: 2 | B15: Single Leaf Door w/ Frame | C15: 1200 | D15: 2400 | E15: 1 | F15: no. | G15: =I15+J15+L15+K15 -> 1288.8338 | H15: =G15*E15 -> 1288.8338 | I15: 355.725 | J15: 765 | K15: =IF(F15=0," ",(I15)*([1]Details!$C$4+[1]Details!$C$8)) -> 53.35875 | L15: =IF(F15=0," ",(J15)*([1]Details!$C$6+[1]Details!$C$8)) -> 114.75 | M15: =+I15*E15 -> 355.725 | N15: =+J15*E15 -> 765 | O15: =IF(F15=0," ",(K15*E15)) -> 53.35875 | P15: =IF(F15=0," ",(L15*E15)) -> 114.75
A17: =IF(F17<>"",(LARGE(A$8:A15,1)+1),"") -> 3 | B17: Single Leaf Door W/ Two Fixed Panels On Both Sides w/ Frame | C17: 2000 | D17: 2400 | E17: 1 | F17: no. | G17: =I17+J17+L17+K17 -> 1322.5288 | H17: =G17*E17 -> 1322.5288 | I17: 365.025 | J17: 785 | K17: =IF(F17=0," ",(I17)*([1]Details!$C$4+[1]Details!$C$8)) -> 54.75375 | L17: =IF(F17=0," ",(J17)*([1]Details!$C$6+[1]Details!$C$8)) -> 117.75 | M17: =+I17*E17 -> 365.025 | N17: =+J17*E17 -> 785 | O17: =IF(F17=0," ",(K17*E17)) -> 54.75375 | P17: =IF(F17=0," ",(L17*E17)) -> 117.75
A19: =IF(F19<>"",(LARGE(A$8:A17,1)+1),"") -> 4 | B19: Single Leaf Side Lite Door w/ Frame | C19: 1600 | D19: 2000 | E19: 1 | F19: no. | G19: =I19+J19+L19+K19 -> 1373.0712 | H19: =G19*E19 -> 1373.0712 | I19: 378.975 | J19: 815 | K19: =IF(F19=0," ",(I19)*([1]Details!$C$4+[1]Details!$C$8)) -> 56.84625 | L19: =IF(F19=0," ",(J19)*([1]Details!$C$6+[1]Details!$C$8)) -> 122.25 | M19: =+I19*E19 -> 378.975 | N19: =+J19*E19 -> 815 | O19: =IF(F19=0," ",(K19*E19)) -> 56.84625 | P19: =IF(F19=0," ",(L19*E19)) -> 122.25
A21: =IF(F21<>"",(LARGE(A$8:A19,1)+1),"") -> 5 | B21: Double Leaf Side Lite Door w/ Frame | C21: 2900 | D21: 2000 | E21: 2 | F21: no. | G21: =I21+J21+L21+K21 -> 1423.6137 | H21: =G21*E21 -> 2847.2275 | I21: 392.925 | J21: 845 | K21: =IF(F21=0," ",(I21)*([1]Details!$C$4+[1]Details!$C$8)) -> 58.93875 | L21: =IF(F21=0," ",(J21)*([1]Details!$C$6+[1]Details!$C$8)) -> 126.75 | M21: =+I21*E21 -> 785.85 | N21: =+J21*E21 -> 1690 | O21: =IF(F21=0," ",(K21*E21)) -> 117.8775 | P21: =IF(F21=0," ",(L21*E21)) -> 253.5
A23: =IF(F23<>"",(LARGE(A$8:A21,1)+1),"") -> 6 | B23: Garage Door | C23: 4800 | D23: 2400 | E23: 1 | F23: no. | G23: =I23+J23+L23+K23 -> 2442.8875 | H23: =G23*E23 -> 2442.8875 | I23: 674.25 | J23: 1450 | K23: =IF(F23=0," ",(I23)*([1]Details!$C$4+[1]Details!$C$8)) -> 101.1375 | L23: =IF(F23=0," ",(J23)*([1]Details!$C$6+[1]Details!$C$8)) -> 217.5 | M23: =+I23*E23 -> 674.25 | N23: =+J23*E23 -> 1450 | O23: =IF(F23=0," ",(K23*E23)) -> 101.1375 | P23: =IF(F23=0," ",(L23*E23)) -> 217.5
A25: =IF(F25<>"",(LARGE(A$8:A23,1)+1),"") -> 7 | B25: Double Leaf Door w/ Frame | C25: 1200 | D25: 1900 | E25: 2 | F25: no. | G25: =I25+J25+L25+K25 -> 1937.4625 | H25: =G25*E25 -> 3874.925 | I25: 534.75 | J25: 1150 | K25: =IF(F25=0," ",(I25)*([1]Details!$C$4+[1]Details!$C$8)) -> 80.2125 | L25: =IF(F25=0," ",(J25)*([1]Details!$C$6+[1]Details!$C$8)) -> 172.5 | M25: =+I25*E25 -> 1069.5 | N25: =+J25*E25 -> 2300 | O25: =IF(F25=0," ",(K25*E25)) -> 160.425 | P25: =IF(F25=0," ",(L25*E25)) -> 345
A27: =IF(F27<>"",(LARGE(A$8:A25,1)+1),"") -> 8 | B27: Sliding Door w/ Frame | C27: 1700 | D27: 1900 | E27: 1 | F27: no. | G27: =I27+J27+L27+K27 -> 1625.7837 | H27: =G27*E27 -> 1625.7837 | I27: 448.725 | J27: 965 | K27: =IF(F27=0," ",(I27)*([1]Details!$C$4+[1]Details!$C$8)) -> 67.30875 | L27: =IF(F27=0," ",(J27)*([1]Details!$C$6+[1]Details!$C$8)) -> 144.75 | M27: =+I27*E27 -> 448.725 | N27: =+J27*E27 -> 965 | O27: =IF(F27=0," ",(K27*E27)) -> 67.30875 | P27: =IF(F27=0," ",(L27*E27)) -> 144.75
A28: =IF(F28<>"",(LARGE(A$8:A27,1)+1),"")
A29: =IF(F29<>"",(LARGE(A$8:A28,1)+1),"") | B29: WINDOWS | C29: Width (mm) | D29: Height (mm) | K29: =IF(F29=0," ",(I29)*([1]Details!$C$4+[1]Details!$C$8)) | L29: =IF(F29=0," ",(J29)*([1]Details!$C$6+[1]Details!$C$8)) | O29: =IF(F29=0," ",(K29*E29)) | P29: =IF(F29=0," ",(L29*E29))
A30: =IF(F30<>"",(LARGE(A$8:A29,1)+1),"")
A31: =IF(F31<>"",(LARGE(A$8:A30,1)+1),"") -> 9 | B31: Window W/ Frame | C31: 900 | D31: 1600 | E31: 5 | F31: no. | G31: =I31+J31+L31+K31 -> 918.18875 | H31: =G31*E31 -> 4590.9437 | I31: 253.425 | J31: 545 | K31: =IF(F31=0," ",(I31)*([1]Details!$C$4+[1]Details!$C$8)) -> 38.01375 | L31: =IF(F31=0," ",(J31)*([1]Details!$C$6+[1]Details!$C$8)) -> 81.75 | M31: =+I31*E31 -> 1267.125 | N31: =+J31*E31 -> 2725 | O31: =IF(F31=0," ",(K31*E31)) -> 190.06875 | P31: =IF(F31=0," ",(L31*E31)) -> 408.75
A33: =IF(F33<>"",(LARGE(A$8:A31,1)+1),"") -> 10 | B33: Four Panel Window w/ Frame | C33: 5900 | D33: 2400 | E33: 1 | F33: no. | G33: =I33+J33+L33+K33 -> 2105.9375 | H33: =G33*E33 -> 2105.9375 | I33: 581.25 | J33: 1250 | K33: =IF(F33=0," ",(I33)*([1]Details!$C$4+[1]Details!$C$8)) -> 87.1875 | L33: =IF(F33=0," ",(J33)*([1]Details!$C$6+[1]Details!$C$8)) -> 187.5 | M33: =+I33*E33 -> 581.25 | N33: =+J33*E33 -> 1250 | O33: =IF(F33=0," ",(K33*E33)) -> 87.1875 | P33: =IF(F33=0," ",(L33*E33)) -> 187.5
A35: =IF(F35<>"",(LARGE(A$8:A33,1)+1),"") -> 11 | B35: Window W/ Frame | C35: 700 | D35: 1600 | E35: 2 | F35: no. | G35: =I35+J35+L35+K35 -> 867.64625 | H35: =G35*E35 -> 1735.2925 | I35: 239.475 | J35: 515 | K35: =IF(F35=0," ",(I35)*([1]Details!$C$4+[1]Details!$C$8)) -> 35.92125 | L35: =IF(F35=0," ",(J35)*([1]Details!$C$6+[1]Details!$C$8)) -> 77.25 | M35: =+I35*E35 -> 478.95 | N35: =+J35*E35 -> 1030 | O35: =IF(F35=0," ",(K35*E35)) -> 71.8425 | P35: =IF(F35=0," ",(L35*E35)) -> 154.5
A37: =IF(F37<>"",(LARGE(A$8:A35,1)+1),"") -> 12 | B37: Window W/ Frame | C37: 700 | D37: 1800 | E37: 2 | F37: no. | G37: =I37+J37+L37+K37 -> 901.34125 | H37: =G37*E37 -> 1802.6825 | I37: 248.775 | J37: 535 | K37: =IF(F37=0," ",(I37)*([1]Details!$C$4+[1]Details!$C$8)) -> 37.31625 | L37: =IF(F37=0," ",(J37)*([1]Details!$C$6+[1]Details!$C$8)) -> 80.25 | M37: =+I37*E37 -> 497.55 | N37: =+J37*E37 -> 1070 | O37: =IF(F37=0," ",(K37*E37)) -> 74.6325 | P37: =IF(F37=0," ",(L37*E37)) -> 160.5
A39: =IF(F39<>"",(LARGE(A$8:A37,1)+1),"") -> 13 | B39: Window W/ Frame | C39: 1900 | D39: 1700 | E39: 2 | F39: no. | G39: =I39+J39+L39+K39 -> 1086.6637 | H39: =G39*E39 -> 2173.3275 | I39: 299.925 | J39: 645 | K39: =IF(F39=0," ",(I39)*([1]Details!$C$4+[1]Details!$C$8)) -> 44.98875 | L39: =IF(F39=0," ",(J39)*([1]Details!$C$6+[1]Details!$C$8)) -> 96.75 | M39: =+I39*E39 -> 599.85 | N39: =+J39*E39 -> 1290 | O39: =IF(F39=0," ",(K39*E39)) -> 89.9775 | P39: =IF(F39=0," ",(L39*E39)) -> 193.5
A41: =IF(F41<>"",(LARGE(A$8:A39,1)+1),"") -> 14 | B41: Window w/ Frame | C41: 2700 | D41: 1600 | E41: 1 | F41: no. | G41: =I41+J41+L41+K41 -> 1221.4437 | H41: =G41*E41 -> 1221.4437 | I41: 337.125 | J41: 725 | K41: =IF(F41=0," ",(I41)*([1]Details!$C$4+[1]Details!$C$8)) -> 50.56875 | L41: =IF(F41=0," ",(J41)*([1]Details!$C$6+[1]Details!$C$8)) -> 108.75 | M41: =+I41*E41 -> 337.125 | N41: =+J41*E41 -> 725 | O41: =IF(F41=0," ",(K41*E41)) -> 50.56875 | P41: =IF(F41=0," ",(L41*E41)) -> 108.75
A43: =IF(F43<>"",(LARGE(A$8:A41,1)+1),"") -> 15 | B43: Window/ W/ Frame | C43: 2000 | D43: 1600 | E43: 1 | F43: no. | G43: =I43+J43+L43+K43 -> 1423.6137 | H43: =G43*E43 -> 1423.6137 | I43: 392.925 | J43: 845 | K43: =IF(F43=0," ",(I43)*([1]Details!$C$4+[1]Details!$C$8)) -> 58.93875 | L43: =IF(F43=0," ",(J43)*([1]Details!$C$6+[1]Details!$C$8)) -> 126.75 | M43: =+I43*E43 -> 392.925 | N43: =+J43*E43 -> 845 | O43: =IF(F43=0," ",(K43*E43)) -> 58.93875 | P43: =IF(F43=0," ",(L43*E43)) -> 126.75
A44: =IF(F44<>"",(LARGE(A$8:A43,1)+1),"") | K44: =IF(F44=0," ",(I44)*(Details!$C$4+Details!$C$8)) | L44: =IF(F44=0," ",(J44)*(Details!$C$6+Details!$C$8))
A45: =IF(F45=0," ",(LARGE(A$44:A44,1)+1)) | G45: Sub Total | H45: =SUM(H9:H44) -> 54931.274 | L45: =IF(F45=0," ",(I45+J45)*(Details!$C$4+Details!$C$6)) | M45: =SUM(M9:M44) -> 15161.325 | N45: =SUM(N9:N44) -> 32605 | O45: =SUM(O9:O44) -> 2274.1988 | P45: =SUM(P9:P44) -> 4890.75
L46: =IF(F46=0," ",(I46+J46)*(Details!$C$4+Details!$C$6))

Sheet Partitions
B2: =+'Qual, Excl & Assum'!B2 -> PROJECT NAME: SQUAIRRELS LEAP GUILDFORD ROAD, CHERTSEY KT16 9RU
B3: =+'Qual, Excl & Assum'!B3 -> DATE: 25TH NOVEMBER 2025
B5: Internal Walls and Partitions | G5: RATES | K5: TOTALS
B7: Description | C7: Quantity | D7: Unit | E7: Rate | F7: Total | G7: Labor | H7: Materials | I7: L Markup | J7: M Markup | K7: Labor | L7: Materials | M7: L Markup | N7: M Markup
N8: =IF(D8=0," ",(J8*C8))
B9: STUD WALL | N9: =IF(D9=0," ",(J9*C9))
N10: =IF(D10=0," ",(J10*C10))
A11: 1 | B11: 38 x 89 mm Wood Studs | C11: 339.22 | D11: m | E11: =G11+H11+J11+I11 -> 22.996838 | F11: =E11*C11 -> 7800.9872 | G11: 6.34725 | H11: 13.65 | I11: =IF(D11=0," ",(G11)*(Details!$C$4+Details!$C$8)) -> 0.9520875 | J11: =IF(D11=0," ",(H11)*(Details!$C$6+Details!$C$8)) -> 2.0475 | K11: =+G11*C11 -> 2153.1141 | L11: =+H11*C11 -> 4630.353 | M11: =IF(D11=0," ",(I11*C11)) -> 322.96712 | N11: =IF(D11=0," ",(J11*C11)) -> 694.55295
A13: =IF(F13<>"",(LARGE(A$9:A11,1)+1),"") -> 2 | B13: 38 x 89 mm Top Plates | C13: 96.92 | D13: m | E13: =G13+H13+J13+I13 -> 22.996838 | F13: =E13*C13 -> 2228.8535 | G13: 6.34725 | H13: 13.65 | I13: =IF(D13=0," ",(G13)*(Details!$C$4+Details!$C$8)) -> 0.9520875 | J13: =IF(D13=0," ",(H13)*(Details!$C$6+Details!$C$8)) -> 2.0475 | K13: =+G13*C13 -> 615.17547 | L13: =+H13*C13 -> 1322.958 | M13: =IF(D13=0," ",(I13*C13)) -> 92.276321 | N13: =IF(D13=0," ",(J13*C13)) -> 198.4437
A15: =IF(F15<>"",(LARGE(A$9:A13,1)+1),"") -> 3 | B15: 38 x 89 mm Bottom Plates | C15: 48.46 | D15: m | E15: =G15+H15+J15+I15 -> 22.996838 | F15: =E15*C15 -> 1114.4267 | G15: 6.34725 | H15: 13.65 | I15: =IF(D15=0," ",(G15)*(Details!$C$4+Details!$C$8)) -> 0.9520875 | J15: =IF(D15=0," ",(H15)*(Details!$C$6+Details!$C$8)) -> 2.0475 | K15: =+G15*C15 -> 307.58774 | L15: =+H15*C15 -> 661.479 | M15: =IF(D15=0," ",(I15*C15)) -> 46.13816 | N15: =IF(D15=0," ",(J15*C15)) -> 99.22185
A16: =IF(F16<>"",(LARGE(A$9:A14,1)+1),"")
A17: =IF(F17<>"",(LARGE(A$9:A15,1)+1),"") | B17: WALLS | I17: =IF(D17=0," ",(G17)*(Details!$C$4+Details!$C$8)) | J17: =IF(D17=0," ",(H17)*(Details!$C$6+Details!$C$8)) | M17: =IF(D17=0," ",(I17*C17)) | N17: =IF(D17=0," ",(J17*C17))
A18: =IF(F18<>"",(LARGE(A$9:A16,1)+1),"")
A19: =IF(F19<>"",(LARGE(A$9:A17,1)+1),"") -> 4 | B19: 12.5 mm Thick Moisture Resistant Plaster Board | C19: 77.8624 | D19: m2 | E19: =G19+H19+J19+I19 -> 20.638187 | F19: =E19*C19 -> 1606.9388 | G19: 5.69625 | H19: 12.25 | I19: =IF(D19=0," ",(G19)*(Details!$C$4+Details!$C$8)) -> 0.8544375 | J19: =IF(D19=0," ",(H19)*(Details!$C$6+Details!$C$8)) -> 1.8375 | K19: =+G19*C19 -> 443.5237 | L19: =+H19*C19 -> 953.8144 | M19: =IF(D19=0," ",(I19*C19)) -> 66.528554 | N19: =IF(D19=0," ",(J19*C19)) -> 143.07216
A20: =IF(F20<>"",(LARGE(A$9:A18,1)+1),"")
A21: =IF(F21<>"",(LARGE(A$9:A19,1)+1),"") -> 5 | B21: 12.5 mm Thick Plaster Board | C21: 135.688 | D21: m2 | E21: =G21+H21+J21+I21 -> 19.627337 | F21: =E21*C21 -> 2663.1942 | G21: 5.41725 | H21: 11.65 | I21: =IF(D21=0," ",(G21)*(Details!$C$4+Details!$C$8)) -> 0.8125875 | J21: =IF(D21=0," ",(H21)*(Details!$C$6+Details!$C$8)) -> 1.7475 | K21: =+G21*C21 -> 735.05582 | L21: =+H21*C21 -> 1580.7652 | M21: =IF(D21=0," ",(I21*C21)) -> 110.25837 | N21: =IF(D21=0," ",(J21*C21)) -> 237.11478
A22: =IF(F22<>"",(LARGE(A$9:A20,1)+1),"")
A23: =IF(F23<>"",(LARGE(A$9:A21,1)+1),"") | B23: CEILINGS | I23: =IF(D23=0," ",(G23)*(Details!$C$4+Details!$C$8)) | J23: =IF(D23=0," ",(H23)*(Details!$C$6+Details!$C$8)) | M23: =IF(D23=0," ",(I23*C23)) | N23: =IF(D23=0," ",(J23*C23))
A24: =IF(F24<>"",(LARGE(A$9:A22,1)+1),"")
A25: =IF(F25<>"",(LARGE(A$9:A23,1)+1),"") -> 6 | B25: 12.5 mm Thick Moisture Resistant Plaster Board Ceiling | C25: 35.72 | D25: m2 | E25: =G25+H25+J25+I25 -> 29.483125 | F25: =E25*C25 -> 1053.1372 | G25: 8.1375 | H25: 17.5 | I25: =IF(D25=0," ",(G25)*(Details!$C$4+Details!$C$8)) -> 1.220625 | J25: =IF(D25=0," ",(H25)*(Details!$C$6+Details!$C$8)) -> 2.625 | K25: =+G25*C25 -> 290.6715 | L25: =+H25*C25 -> 625.1 | M25: =IF(D25=0," ",(I25*C25)) -> 43.600725 | N25: =IF(D25=0," ",(J25*C25)) -> 93.765
A26: =IF(F26<>"",(LARGE(A$9:A24,1)+1),"")
A27: =IF(F27<>"",(LARGE(A$9:A25,1)+1),"") -> 7 | B27: 12.5 mm Thick Plaster Board Ceiling | C27: 374.88 | D27: m2 | E27: =G27+H27+J27+I27 -> 27.798375 | F27: =E27*C27 -> 10421.055 | G27: 7.6725 | H27: 16.5 | I27: =IF(D27=0," ",(G27)*(Details!$C$4+Details!$C$8)) -> 1.150875 | J27: =IF(D27=0," ",(H27)*(Details!$C$6+Details!$C$8)) -> 2.475 | K27: =+G27*C27 -> 2876.2668 | L27: =+H27*C27 -> 6185.52 | M27: =IF(D27=0," ",(I27*C27)) -> 431.44002 | N27: =IF(D27=0," ",(J27*C27)) -> 927.828
A28: =IF(F28<>"",(LARGE(A$9:A26,1)+1),"")
A29: =IF(F29<>"",(LARGE(A$9:A27,1)+1),"") | B29: RAILINGS
A30: =IF(F30<>"",(LARGE(A$9:A28,1)+1),"")
A31: =IF(F31<>"",(LARGE(A$9:A29,1)+1),"") -> 8 | B31: 600 mm High Glass Railing | C31: 15 | D31: m | E31: =G31+H31+J31+I31 -> 210.59375 | F31: =E31*C31 -> 3158.9062 | G31: 58.125 | H31: 125 | I31: =IF(D31=0," ",(G31)*(Details!$C$4+Details!$C$8)) -> 8.71875 | J31: =IF(D31=0," ",(H31)*(Details!$C$6+Details!$C$8)) -> 18.75 | K31: =+G31*C31 -> 871.875 | L31: =+H31*C31 -> 1875 | M31: =IF(D31=0," ",(I31*C31)) -> 130.78125 | N31: =IF(D31=0," ",(J31*C31)) -> 281.25
A32: =IF(F32<>"",(LARGE(A$9:A30,1)+1),"") | J32: =IF(D32=0," ",(G32+H32)*(Details!$C$4+Details!$C$6)) | P32: Check
E33: Sub Total | F33: =SUM(F8:F32) -> 30047.499 | J33: =IF(D33=0," ",(G33+H33)*(Details!$C$4+Details!$C$6)) | K33: =SUM(K8:K32) -> 8293.2702 | L33: =SUM(L8:L32) -> 17834.99 | M33: =SUM(M8:M32) -> 1243.9905 | N33: =SUM(N8:N32) -> 2675.2484 | P33: =+F33-K33-L33-N33-M33 -> -6.8212103e-12
A34: =IF(F34<>"",(LARGE(A$7:A33,1)+1),"") | J34: =IF(D34=0," ",(G34+H34)*(Details!$C$4+Details!$C$6))

Sheet Joinery
B2: =+'Qual, Excl & Assum'!B2 -> PROJECT NAME: SQUAIRRELS LEAP GUILDFORD ROAD, CHERTSEY KT16 9RU
B3: =+'Qual, Excl & Assum'!B3 -> DATE: 25TH NOVEMBER 2025
B5: Joinery | G5: RATES | K5: TOTALS
B7: Description | C7: Quantity | D7: Unit | E7: Rate | F7: Total | G7: Labor | H7: Materials | I7: L Markup | J7: M Markup | K7: Labor | L7: Materials | M7: L Markup | N7: M Markup
N8: =IF(D8=0," ",(J8*C8))
A9: =IF(F9<>"",(LARGE(#REF!,1)+1),"") | B9: ARCHITRAVES | I9: =IF(D9=0," ",(G9)*([1]Details!$C$4+[1]Details!$C$8)) | J9: =IF(D9=0," ",(H9)*([1]Details!$C$6+[1]Details!$C$8)) | M9: =IF(D9=0," ",(I9*C9)) | N9: =IF(D9=0," ",(J9*C9))
A10: =IF(F10<>"",(LARGE(A$9:A9,1)+1),"") | N10: =IF(D10=0," ",(J10*C10))
A11: 1 | B11: Architraves | C11: 299 | D11: m | E11: =G11+H11+J11+I11 -> 29.735838 | F11: =E11*C11 -> 8891.0154 | G11: 8.20725 | H11: 17.65 | I11: =IF(D11=0," ",(G11)*([1]Details!$C$4+[1]Details!$C$8)) -> 1.2310875 | J11: =IF(D11=0," ",(H11)*([1]Details!$C$6+[1]Details!$C$8)) -> 2.6475 | K11: =+G11*C11 -> 2453.9678 | L11: =+H11*C11 -> 5277.35 | M11: =IF(D11=0," ",(I11*C11)) -> 368.09516 | N11: =IF(D11=0," ",(J11*C11)) -> 791.6025
A12: =IF(F12<>"",(LARGE(A$9:A11,1)+1),"")
A13: =IF(F13<>"",(LARGE(A$9:A12,1)+1),"") | B13: WINDOW BOARDS | I13: =IF(D13=0," ",(G13)*([1]Details!$C$4+[1]Details!$C$8)) | J13: =IF(D13=0," ",(H13)*([1]Details!$C$6+[1]Details!$C$8)) | M13: =IF(D13=0," ",(I13*C13)) | N13: =IF(D13=0," ",(J13*C13))
A14: =IF(F14<>"",(LARGE(A$9:A13,1)+1),"")
A15: =IF(F15<>"",(LARGE(A$9:A14,1)+1),"") -> 2 | B15: Window boards | C15: 85 | D15: m | E15: =G15+H15+J15+I15 -> 37.906875 | F15: =E15*C15 -> 3222.0844 | G15: 10.4625 | H15: 22.5 | I15: =IF(D15=0," ",(G15)*([1]Details!$C$4+[1]Details!$C$8)) -> 1.569375 | J15: =IF(D15=0," ",(H15)*([1]Details!$C$6+[1]Details!$C$8)) -> 3.375 | K15: =+G15*C15 -> 889.3125 | L15: =+H15*C15 -> 1912.5 | M15: =IF(D15=0," ",(I15*C15)) -> 133.39688 | N15: =IF(D15=0," ",(J15*C15)) -> 286.875
A16: =IF(F16<>"",(LARGE(A$9:A15,1)+1),"")
A17: =IF(F17<>"",(LARGE(A$9:A16,1)+1),"") | B17: SPECIALIST JOINERY
A18: =IF(F18<>"",(LARGE(A$9:A17,1)+1),"")
A19: =IF(F19<>"",(LARGE(A$9:A18,1)+1),"") -> 3 | B19: (120mm H) Splash Back | C19: 16.98 | D19: m | E19: =G19+H19+J19+I19 -> 42.961125 | F19: =E19*C19 -> 729.4799 | G19: 11.8575 | H19: 25.5 | I19: =IF(D19=0," ",(G19)*([1]Details!$C$4+[1]Details!$C$8)) -> 1.778625 | J19: =IF(D19=0," ",(H19)*([1]Details!$C$6+[1]Details!$C$8)) -> 3.825 | K19: =+G19*C19 -> 201.34035 | L19: =+H19*C19 -> 432.99 | M19: =IF(D19=0," ",(I19*C19)) -> 30.201053 | N19: =IF(D19=0," ",(J19*C19)) -> 64.9485
A20: =IF(F20<>"",(LARGE(A$9:A19,1)+1),"")
A21: =IF(F21<>"",(LARGE(A$9:A20,1)+1),"") -> 4 | B21: (0.6m W) Utility Countertop | C21: 8.12 | D21: m | E21: =G21+H21+J21+I21 -> 283.88038 | F21: =E21*C21 -> 2305.1086 | G21: 78.3525 | H21: 168.5 | I21: =IF(D21=0," ",(G21)*([1]Details!$C$4+[1]Details!$C$8)) -> 11.752875 | J21: =IF(D21=0," ",(H21)*([1]Details!$C$6+[1]Details!$C$8)) -> 25.275 | K21: =+G21*C21 -> 636.2223 | L21: =+H21*C21 -> 1368.22 | M21: =IF(D21=0," ",(I21*C21)) -> 95.433345 | N21: =IF(D21=0," ",(J21*C21)) -> 205.233
A22: =IF(F22<>"",(LARGE(A$9:A21,1)+1),"")
A23: =IF(F23<>"",(LARGE(A$9:A22,1)+1),"") -> 5 | B23: (0.6m W) Kitchen Countertop | C23: 5.22 | D23: m | E23: =G23+H23+J23+I23 -> 283.88038 | F23: =E23*C23 -> 1481.8556 | G23: 78.3525 | H23: 168.5 | I23: =IF(D23=0," ",(G23)*([1]Details!$C$4+[1]Details!$C$8)) -> 11.752875 | J23: =IF(D23=0," ",(H23)*([1]Details!$C$6+[1]Details!$C$8)) -> 25.275 | K23: =+G23*C23 -> 409.00005 | L23: =+H23*C23 -> 879.57 | M23: =IF(D23=0," ",(I23*C23)) -> 61.350008 | N23: =IF(D23=0," ",(J23*C23)) -> 131.9355
A24: =IF(F24<>"",(LARGE(A$9:A23,1)+1),"")
A25: =IF(F25<>"",(LARGE(A$9:A24,1)+1),"") -> 6 | B25: (0.6m W x 0.8m H) Utility Cabinet At Base | C25: 8.11 | D25: m | E25: =G25+H25+J25+I25 -> 211.43613 | F25: =E25*C25 -> 1714.747 | G25: 58.3575 | H25: 125.5 | I25: =IF(D25=0," ",(G25)*([1]Details!$C$4+[1]Details!$C$8)) -> 8.753625 | J25: =IF(D25=0," ",(H25)*([1]Details!$C$6+[1]Details!$C$8)) -> 18.825 | K25: =+G25*C25 -> 473.27932 | L25: =+H25*C25 -> 1017.805 | M25: =IF(D25=0," ",(I25*C25)) -> 70.991899 | N25: =IF(D25=0," ",(J25*C25)) -> 152.67075
A26: =IF(F26<>"",(LARGE(A$9:A25,1)+1),"")
A27: =IF(F27<>"",(LARGE(A$9:A26,1)+1),"") -> 7 | B27: (0.6m W x 2m H) Larder Storage w/ Shelves | C27: 3.24 | D27: m | E27: =G27+H27+J27+I27 -> 245.13113 | F27: =E27*C27 -> 794.22485 | G27: 67.6575 | H27: 145.5 | I27: =IF(D27=0," ",(G27)*([1]Details!$C$4+[1]Details!$C$8)) -> 10.148625 | J27: =IF(D27=0," ",(H27)*([1]Details!$C$6+[1]Details!$C$8)) -> 21.825 | K27: =+G27*C27 -> 219.2103 | L27: =+H27*C27 -> 471.42 | M27: =IF(D27=0," ",(I27*C27)) -> 32.881545 | N27: =IF(D27=0," ",(J27*C27)) -> 70.713
A28: =IF(F28<>"",(LARGE(A$9:A27,1)+1),"")
A29: =IF(F29<>"",(LARGE(A$9:A28,1)+1),"") -> 8 | B29: (0.6m W x 0.8m H) Kitchen Cabinet At Base | C29: 5.21 | D29: m | E29: =G29+H29+J29+I29 -> 216.49038 | F29: =E29*C29 -> 1127.9149 | G29: 59.7525 | H29: 128.5 | I29: =IF(D29=0," ",(G29)*([1]Details!$C$4+[1]Details!$C$8)) -> 8.962875 | J29: =IF(D29=0," ",(H29)*([1]Details!$C$6+[1]Details!$C$8)) -> 19.275 | K29: =+G29*C29 -> 311.31053 | L29: =+H29*C29 -> 669.485 | M29: =IF(D29=0," ",(I29*C29)) -> 46.696579 | N29: =IF(D29=0," ",(J29*C29)) -> 100.42275
A30: =IF(F30<>"",(LARGE(A$9:A29,1)+1),"")
A31: =IF(F31<>"",(LARGE(A$9:A30,1)+1),"") -> 9 | B31: (0.6m W x 0.7m H) Kitchen Cabinet At Above | C31: 5.23 | D31: m | E31: =G31+H31+J31+I31 -> 223.22938 | F31: =E31*C31 -> 1167.4896 | G31: 61.6125 | H31: 132.5 | I31: =IF(D31=0," ",(G31)*([1]Details!$C$4+[1]Details!$C$8)) -> 9.241875 | J31: =IF(D31=0," ",(H31)*([1]Details!$C$6+[1]Details!$C$8)) -> 19.875 | K31: =+G31*C31 -> 322.23338 | L31: =+H31*C31 -> 692.975 | M31: =IF(D31=0," ",(I31*C31)) -> 48.335006 | N31: =IF(D31=0," ",(J31*C31)) -> 103.94625
A32: =IF(F32<>"",(LARGE(A$9:A31,1)+1),"")
A33: =IF(F33<>"",(LARGE(A$9:A32,1)+1),"") -> 10 | B33: (0.6m W x 2.6m H) Cupboard W/ Shelves | C33: 12.64 | D33: m | E33: =G33+H33+J33+I33 -> 240.07688 | F33: =E33*C33 -> 3034.5717 | G33: 66.2625 | H33: 142.5 | I33: =IF(D33=0," ",(G33)*([1]Details!$C$4+[1]Details!$C$8)) -> 9.939375 | J33: =IF(D33=0," ",(H33)*([1]Details!$C$6+[1]Details!$C$8)) -> 21.375 | K33: =+G33*C33 -> 837.558 | L33: =+H33*C33 -> 1801.2 | M33: =IF(D33=0," ",(I33*C33)) -> 125.6337 | N33: =IF(D33=0," ",(J33*C33)) -> 270.18
A34: =IF(F34<>"",(LARGE(A$9:A33,1)+1),"")
A35: =IF(F35<>"",(LARGE(A$9:A34,1)+1),"") -> 11 | B35: (1m W ) Window Seat | C35: 2.11 | D35: m | E35: =G35+H35+J35+I35 -> 227.44125 | F35: =E35*C35 -> 479.90104 | G35: 62.775 | H35: 135 | I35: =IF(D35=0," ",(G35)*([1]Details!$C$4+[1]Details!$C$8)) -> 9.41625 | J35: =IF(D35=0," ",(H35)*([1]Details!$C$6+[1]Details!$C$8)) -> 20.25 | K35: =+G35*C35 -> 132.45525 | L35: =+H35*C35 -> 284.85 | M35: =IF(D35=0," ",(I35*C35)) -> 19.868288 | N35: =IF(D35=0," ",(J35*C35)) -> 42.7275
E37: Sub Total | F37: =SUM(F8:F35) -> 24948.393 | J37: =IF(D37=0," ",(G37+H37)*(Details!$C$4+Details!$C$6)) | K37: =SUM(K8:K35) -> 6885.8897 | L37: =SUM(L8:L35) -> 14808.365 | M37: =SUM(M8:M35) -> 1032.8835 | N37: =SUM(N8:N35) -> 2221.2548 | P37: =+F37-K37-L37-N37-M37 -> 0
A38: =IF(F38<>"",(LARGE(A$7:A37,1)+1),"") | J38: =IF(D38=0," ",(G38+H38)*(Details!$C$4+Details!$C$6))

Sheet Decoration
B2: =+'Qual, Excl & Assum'!B2 -> PROJECT NAME: SQUAIRRELS LEAP GUILDFORD ROAD, CHERTSEY KT16 9RU
B3: =+'Qual, Excl & Assum'!B3 -> DATE: 25TH NOVEMBER 2025
B5: Decoration | G5: RATES | K5: TOTALS
B7: Description | C7: Quantity | D7: Unit | E7: Rate | F7: Total | G7: Labor | H7: Materials | I7: L Markup | J7: M Markup | K7: Labor | L7: Materials | M7: L Markup | N7: M Markup
N8: =IF(D8=0," ",(J8*C8))
A9: =IF(F9<>"",(LARGE(A$7:A8,1)+1),"") | B9: WALLS | I9: =IF(D9=0," ",(G9)*(Details!$C$4+Details!$C$8)) | J9: =IF(D9=0," ",(H9)*(Details!$C$6+Details!$C$8)) | M9: =IF(D9=0," ",(I9*C9)) | N9: =IF(D9=0," ",(J9*C9))
A11: 1 | B11: White Wash Paint on Masonry Block Wall | C11: 122.9 | D11: m2 | E11: =G11+H11+J11+I11 -> 24.007687 | F11: =E11*C11 -> 2950.5448 | G11: 6.62625 | H11: 14.25 | I11: =IF(D11=0," ",(G11)*(Details!$C$4+Details!$C$8)) -> 0.9939375 | J11: =IF(D11=0," ",(H11)*(Details!$C$6+Details!$C$8)) -> 2.1375 | K11: =+G11*C11 -> 814.36613 | L11: =+H11*C11 -> 1751.325 | M11: =IF(D11=0," ",(I11*C11)) -> 122.15492 | N11: =IF(D11=0," ",(J11*C11)) -> 262.69875
A13: =IF(F13<>"",(LARGE(A$7:A11,1)+1),"") -> 2 | B13: White Wash Paint on Masonry Brick Wall | C13: 613.96 | D13: m2 | E13: =G13+H13+J13+I13 -> 24.007687 | F13: =E13*C13 -> 14739.76 | G13: 6.62625 | H13: 14.25 | I13: =IF(D13=0," ",(G13)*(Details!$C$4+Details!$C$8)) -> 0.9939375 | J13: =IF(D13=0," ",(H13)*(Details!$C$6+Details!$C$8)) -> 2.1375 | K13: =+G13*C13 -> 4068.2525 | L13: =+H13*C13 -> 8748.93 | M13: =IF(D13=0," ",(I13*C13)) -> 610.23787 | N13: =IF(D13=0," ",(J13*C13)) -> 1312.3395
A15: =IF(F15<>"",(LARGE(A$7:A13,1)+1),"") -> 3 | B15: White Wash Paint on Plaster Board Wall | C15: 247.81 | D15: m2 | E15: =G15+H15+J15+I15 -> 24.007687 | F15: =E15*C15 -> 5949.345 | G15: 6.62625 | H15: 14.25 | I15: =IF(D15=0," ",(G15)*(Details!$C$4+Details!$C$8)) -> 0.9939375 | J15: =IF(D15=0," ",(H15)*(Details!$C$6+Details!$C$8)) -> 2.1375 | K15: =+G15*C15 -> 1642.051 | L15: =+H15*C15 -> 3531.2925 | M15: =IF(D15=0," ",(I15*C15)) -> 246.30765 | N15: =IF(D15=0," ",(J15*C15)) -> 529.69388
A17: =IF(F17<>"",(LARGE(A$7:A8,1)+1),"") | B17: CEILINGS | I17: =IF(D17=0," ",(G17)*(Details!$C$4+Details!$C$8)) | J17: =IF(D17=0," ",(H17)*(Details!$C$6+Details!$C$8)) | M17: =IF(D17=0," ",(I17*C17)) | N17: =IF(D17=0," ",(J17*C17))
A19: =IF(F19<>"",(LARGE(A$7:A15,1)+1),"") -> 4 | B19: White Wash on Moisture Resistant Plaster Board Ceiling | C19: 35.72 | D19: m2 | E19: =G19+H19+J19+I19 -> 26.113625 | F19: =E19*C19 -> 932.77868 | G19: 7.2075 | H19: 15.5 | I19: =IF(D19=0," ",(G19)*(Details!$C$4+Details!$C$8)) -> 1.081125 | J19: =IF(D19=0," ",(H19)*(Details!$C$6+Details!$C$8)) -> 2.325 | K19: =+G19*C19 -> 257.4519 | L19: =+H19*C19 -> 553.66 | M19: =IF(D19=0," ",(I19*C19)) -> 38.617785 | N19: =IF(D19=0," ",(J19*C19)) -> 83.049
A21: =IF(F21<>"",(LARGE(A$7:A19,1)+1),"") -> 5 | B21: White Wash on Plaster Board Ceiling | C21: 374.88 | D21: m2 | E21: =G21+H21+J21+I21 -> 26.113625 | F21: =E21*C21 -> 9789.4757 | G21: 7.2075 | H21: 15.5 | I21: =IF(D21=0," ",(G21)*(Details!$C$4+Details!$C$8)) -> 1.081125 | J21: =IF(D21=0," ",(H21)*(Details!$C$6+Details!$C$8)) -> 2.325 | K21: =+G21*C21 -> 2701.9476 | L21: =+H21*C21 -> 5810.64 | M21: =IF(D21=0," ",(I21*C21)) -> 405.29214 | N21: =IF(D21=0," ",(J21*C21)) -> 871.596
A22: =IF(F22<>"",(LARGE(A$7:A21,1)+1),"") | J22: =IF(D22=0," ",(G22+H22)*(Details!$C$4+Details!$C$6)) | P22: Check
E23: Sub Total | F23: =SUM(F8:F22) -> 34361.904 | J23: =IF(D23=0," ",(G23+H23)*(Details!$C$4+Details!$C$6)) | K23: =SUM(K8:K22) -> 9484.0691 | L23: =SUM(L8:L22) -> 20395.847 | M23: =SUM(M8:M22) -> 1422.6104 | N23: =SUM(N8:N22) -> 3059.3771 | P23: =+F23-K23-L23-N23-M23 -> 2.7284841e-12

Sheet Floor finishes
B2: =+'Qual, Excl & Assum'!B2 -> PROJECT NAME: SQUAIRRELS LEAP GUILDFORD ROAD, CHERTSEY KT16 9RU
B3: =+'Qual, Excl & Assum'!B3 -> DATE: 25TH NOVEMBER 2025
B5: Floor Finishes | G5: RATES | K5: TOTALS
B7: Description | C7: Quantity | D7: Unit | E7: Rate | F7: Total | G7: Labor | H7: Materials | I7: L Markup | J7: M Markup | K7: Labor | L7: Materials | M7: L Markup | N7: M Markup
N8: =IF(D8=0," ",(J8*C8))
B9: FLOORRING
A11: 1 | B11: Ceramic Floor Tiles | C11: 112.69 | D11: m2 | E11: =G11+H11+J11+I11 -> 74.971375 | F11: =E11*C11 -> 8448.5242 | G11: 20.6925 | H11: 44.5 | I11: =IF(D11=0," ",(G11)*(Details!$C$4+Details!$C$8)) -> 3.103875 | J11: =IF(D11=0," ",(H11)*(Details!$C$6+Details!$C$8)) -> 6.675 | K11: =+G11*C11 -> 2331.8378 | L11: =+H11*C11 -> 5014.705 | M11: =IF(D11=0," ",(I11*C11)) -> 349.77567 | N11: =IF(D11=0," ",(J11*C11)) -> 752.20575
A13: =IF(F13<>"",(LARGE(A$7:A12,1)+1),"") -> 2 | B13: Engineered Wood Flooring | C13: 277.3 | D13: m2 | E13: =G13+H13+J13+I13 -> 81.710375 | F13: =E13*C13 -> 22658.287 | G13: 22.5525 | H13: 48.5 | I13: =IF(D13=0," ",(G13)*(Details!$C$4+Details!$C$8)) -> 3.382875 | J13: =IF(D13=0," ",(H13)*(Details!$C$6+Details!$C$8)) -> 7.275 | K13: =+G13*C13 -> 6253.8083 | L13: =+H13*C13 -> 13449.05 | M13: =IF(D13=0," ",(I13*C13)) -> 938.07124 | N13: =IF(D13=0," ",(J13*C13)) -> 2017.3575
A14: =IF(F14<>"",(LARGE(A$7:A13,1)+1),"") | N14: =IF(D14=0," ",(J14*C14))
A15: =IF(F15<>"",(LARGE(A$7:A14,1)+1),"") | B15: SKIRTING
A16: =IF(F16<>"",(LARGE(A$7:A15,1)+1),"")
A17: =IF(F17<>"",(LARGE(A$7:A16,1)+1),"") -> 3 | B17: 100 mm High Ceramic Tile Skirting | C17: 85.52 | D17: m | E17: =G17+H17+J17+I17 -> 39.591625 | F17: =E17*C17 -> 3385.8758 | G17: 10.9275 | H17: 23.5 | I17: =IF(D17=0," ",(G17)*(Details!$C$4+Details!$C$8)) -> 1.639125 | J17: =IF(D17=0," ",(H17)*(Details!$C$6+Details!$C$8)) -> 3.525 | K17: =+G17*C17 -> 934.5198 | L17: =+H17*C17 -> 2009.72 | M17: =IF(D17=0," ",(I17*C17)) -> 140.17797 | N17: =IF(D17=0," ",(J17*C17)) -> 301.458
A18: =IF(F18<>"",(LARGE(A$7:A17,1)+1),"")
A19: =IF(F19<>"",(LARGE(A$7:A18,1)+1),"") -> 4 | B19: 100 mm High Wood Skirting | C19: 244.92 | D19: m | E19: =G19+H19+J19+I19 -> 36.222125 | F19: =E19*C19 -> 8871.5229 | G19: 9.9975 | H19: 21.5 | I19: =IF(D19=0," ",(G19)*(Details!$C$4+Details!$C$8)) -> 1.499625 | J19: =IF(D19=0," ",(H19)*(Details!$C$6+Details!$C$8)) -> 3.225 | K19: =+G19*C19 -> 2448.5877 | L19: =+H19*C19 -> 5265.78 | M19: =IF(D19=0," ",(I19*C19)) -> 367.28816 | N19: =IF(D19=0," ",(J19*C19)) -> 789.867
A20: =IF(F20<>"",(LARGE(A$7:A19,1)+1),"") | J20: =IF(D20=0," ",(G20+H20)*(Details!$C$4+Details!$C$6)) | P20: Check
E21: Sub Total | F21: =SUM(F8:F20) -> 43364.21 | J21: =IF(D21=0," ",(G21+H21)*(Details!$C$4+Details!$C$6)) | K21: =SUM(K8:K20) -> 11968.754 | L21: =SUM(L8:L20) -> 25739.255 | M21: =SUM(M8:M20) -> 1795.313 | N21: =SUM(N8:N20) -> 3860.8883 | P21: =+F21-K21-L21-N21-M21 -> 0
A22: =IF(F22<>"",(LARGE(A$7:A21,1)+1),"") | J22: =IF(D22=0," ",(G22+H22)*(Details!$C$4+Details!$C$6))

Sheet Wall finishes
B2: =+'Qual, Excl & Assum'!B2 -> PROJECT NAME: SQUAIRRELS LEAP GUILDFORD ROAD, CHERTSEY KT16 9RU
B3: =+'Qual, Excl & Assum'!B3 -> DATE: 25TH NOVEMBER 2025
B5: Wall Finishes | G5: RATES | K5: TOTALS
B7: Description | C7: Quantity | D7: Unit | E7: Rate | F7: Total | G7: Labor | H7: Materials | I7: L Markup | J7: M Markup | K7: Labor | L7: Materials | M7: L Markup | N7: M Markup
N8: =IF(D8=0," ",(J8*C8))
B9: EXTERIOR FINISHES
A11: 1 | B11: Fiber Cement Cladding _x000D_ Manufacturer: Hardie Planks | C11: 235.26 | D11: m2 | E11: =G11+H11+J11+I11 -> 48.015375 | F11: =E11*C11 -> 11296.097 | G11: 13.2525 | H11: 28.5 | I11: =IF(D11=0," ",(G11)*(Details!$C$4+Details!$C$8)) -> 1.987875 | J11: =IF(D11=0," ",(H11)*(Details!$C$6+Details!$C$8)) -> 4.275 | K11: =+G11*C11 -> 3117.7832 | L11: =+H11*C11 -> 6704.91 | M11: =IF(D11=0," ",(I11*C11)) -> 467.66747 | N11: =IF(D11=0," ",(J11*C11)) -> 1005.7365
A13: =IF(F13<>"",(LARGE(A$7:A12,1)+1),"")
A14: =IF(F14<>"",(LARGE(A$7:A13,1)+1),"") | B14: TILES
A15: =IF(F15<>"",(LARGE(A$7:A14,1)+1),"")
A16: =IF(F16<>"",(LARGE(A$7:A15,1)+1),"") -> 2 | B16: Wall Tiles @ Toilets | C16: =77.862/2.8*1.2 -> 33.369429 | D16: m2 | E16: =G16+H16+J16+I16 -> 78.340875 | F16: =E16*C16 -> 2614.1902 | G16: 21.6225 | H16: 46.5 | I16: =IF(D16=0," ",(G16)*(Details!$C$4+Details!$C$8)) -> 3.243375 | J16: =IF(D16=0," ",(H16)*(Details!$C$6+Details!$C$8)) -> 6.975 | K16: =+G16*C16 -> 721.53047 | L16: =+H16*C16 -> 1551.6784 | M16: =IF(D16=0," ",(I16*C16)) -> 108.22957 | N16: =IF(D16=0," ",(J16*C16)) -> 232.75176
A17: =IF(F17<>"",(LARGE(A$7:A16,1)+1),"") | P17: Check
E18: Sub Total | F18: =SUM(F8:F17) -> 13910.287 | J18: =IF(D18=0," ",(G18+H18)*(Details!$C$4+Details!$C$6)) | K18: =SUM(K8:K17) -> 3839.3136 | L18: =SUM(L8:L17) -> 8256.5884 | M18: =SUM(M8:M17) -> 575.89704 | N18: =SUM(N8:N17) -> 1238.4883 | P18: =+F18-K18-L18-N18-M18 -> -1.0231815e-12
A19: =IF(F19<>"",(LARGE(A$7:A18,1)+1),"") | J19: =IF(D19=0," ",(G19+H19)*(Details!$C$4+Details!$C$6))

Sheet Kitchens & Bathrooms
B2: =+'Qual, Excl & Assum'!B2 -> PROJECT NAME: SQUAIRRELS LEAP GUILDFORD ROAD, CHERTSEY KT16 9RU
B3: =+'Qual, Excl & Assum'!B3 -> DATE: 25TH NOVEMBER 2025
B5: Kitchen & Bathrooms | G5: RATES | K5: TOTALS
B7: Description | C7: Quantity | D7: Unit | E7: Rate | F7: Total | G7: Labor | H7: Materials | I7: L Markup | J7: M Markup | K7: Labor | L7: Materials | M7: L Markup | N7: M Markup
N8: =IF(D8=0," ",(J8*C8))
B9: KITCHEN
A11: 1 | B11: Range Cooker (600mm W) | C11: 1 | D11: no. | E11: =G11+H11+J11+I11 -> 1086.6637 | F11: =E11*C11 -> 1086.6637 | G11: 299.925 | H11: 645 | I11: =IF(D11=0," ",(G11)*([1]Details!$C$4+[1]Details!$C$8)) -> 44.98875 | J11: =IF(D11=0," ",(H11)*([1]Details!$C$6+[1]Details!$C$8)) -> 96.75 | K11: =+G11*C11 -> 299.925 | L11: =+H11*C11 -> 645 | M11: =IF(D11=0," ",(I11*C11)) -> 44.98875 | N11: =IF(D11=0," ",(J11*C11)) -> 96.75
A13: =IF(F13<>"",(LARGE(A$7:A11,1)+1),"") -> 2 | B13: Kitchen Extract | C13: 2 | D13: no. | E13: =G13+H13+J13+I13 -> 918.18875 | F13: =E13*C13 -> 1836.3775 | G13: 253.425 | H13: 545 | I13: =IF(D13=0," ",(G13)*([1]Details!$C$4+[1]Details!$C$8)) -> 38.01375 | J13: =IF(D13=0," ",(H13)*([1]Details!$C$6+[1]Details!$C$8)) -> 81.75 | K13: =+G13*C13 -> 506.85 | L13: =+H13*C13 -> 1090 | M13: =IF(D13=0," ",(I13*C13)) -> 76.0275 | N13: =IF(D13=0," ",(J13*C13)) -> 163.5
A14: =IF(F14<>"",(LARGE(A$7:A12,1)+1),"")
A15: =IF(F15<>"",(LARGE(A$7:A13,1)+1),"") -> 3 | B15: DW: Dish Washer | C15: 2 | D15: no. | E15: =G15+H15+J15+I15 -> 1221.4437 | F15: =E15*C15 -> 2442.8875 | G15: 337.125 | H15: 725 | I15: =IF(D15=0," ",(G15)*([1]Details!$C$4+[1]Details!$C$8)) -> 50.56875 | J15: =IF(D15=0," ",(H15)*([1]Details!$C$6+[1]Details!$C$8)) -> 108.75 | K15: =+G15*C15 -> 674.25 | L15: =+H15*C15 -> 1450 | M15: =IF(D15=0," ",(I15*C15)) -> 101.1375 | N15: =IF(D15=0," ",(J15*C15)) -> 217.5
A16: =IF(F16<>"",(LARGE(A$7:A14,1)+1),"")
A17: =IF(F17<>"",(LARGE(A$7:A15,1)+1),"") -> 4 | B17: MW: Micro Wave | C17: 2 | D17: no. | E17: =G17+H17+J17+I17 -> 1288.8338 | F17: =E17*C17 -> 2577.6675 | G17: 355.725 | H17: 765 | I17: =IF(D17=0," ",(G17)*([1]Details!$C$4+[1]Details!$C$8)) -> 53.35875 | J17: =IF(D17=0," ",(H17)*([1]Details!$C$6+[1]Details!$C$8)) -> 114.75 | K17: =+G17*C17 -> 711.45 | L17: =+H17*C17 -> 1530 | M17: =IF(D17=0," ",(I17*C17)) -> 106.7175 | N17: =IF(D17=0," ",(J17*C17)) -> 229.5
A18: =IF(F18<>"",(LARGE(A$7:A16,1)+1),"")
A19: =IF(F19<>"",(LARGE(A$7:A17,1)+1),"") -> 5 | B19: WM: Washing Machine | C19: 2 | D19: no. | E19: =G19+H19+J19+I19 -> 1086.6637 | F19: =E19*C19 -> 2173.3275 | G19: 299.925 | H19: 645 | I19: =IF(D19=0," ",(G19)*([1]Details!$C$4+[1]Details!$C$8)) -> 44.98875 | J19: =IF(D19=0," ",(H19)*([1]Details!$C$6+[1]Details!$C$8)) -> 96.75 | K19: =+G19*C19 -> 599.85 | L19: =+H19*C19 -> 1290 | M19: =IF(D19=0," ",(I19*C19)) -> 89.9775 | N19: =IF(D19=0," ",(J19*C19)) -> 193.5
A20: =IF(F20<>"",(LARGE(A$7:A18,1)+1),"")
A21: =IF(F21<>"",(LARGE(A$7:A19,1)+1),"") -> 6 | B21: Fridge | C21: 2 | D21: no. | E21: =G21+H21+J21+I21 -> 2105.9375 | F21: =E21*C21 -> 4211.875 | G21: 581.25 | H21: 1250 | I21: =IF(D21=0," ",(G21)*([1]Details!$C$4+[1]Details!$C$8)) -> 87.1875 | J21: =IF(D21=0," ",(H21)*([1]Details!$C$6+[1]Details!$C$8)) -> 187.5 | K21: =+G21*C21 -> 1162.5 | L21: =+H21*C21 -> 2500 | M21: =IF(D21=0," ",(I21*C21)) -> 174.375 | N21: =IF(D21=0," ",(J21*C21)) -> 375
A22: =IF(F22<>"",(LARGE(A$7:A20,1)+1),"")
A23: =IF(F23<>"",(LARGE(A$7:A21,1)+1),"") -> 7 | B23: Freezer | C23: 1 | D23: no. | E23: =G23+H23+J23+I23 -> 2442.8875 | F23: =E23*C23 -> 2442.8875 | G23: 674.25 | H23: 1450 | I23: =IF(D23=0," ",(G23)*([1]Details!$C$4+[1]Details!$C$8)) -> 101.1375 | J23: =IF(D23=0," ",(H23)*([1]Details!$C$6+[1]Details!$C$8)) -> 217.5 | K23: =+G23*C23 -> 674.25 | L23: =+H23*C23 -> 1450 | M23: =IF(D23=0," ",(I23*C23)) -> 101.1375 | N23: =IF(D23=0," ",(J23*C23)) -> 217.5
A24: =IF(F24<>"",(LARGE(A$7:A22,1)+1),"")
A25: =IF(F25<>"",(LARGE(A$7:A23,1)+1),"") -> 8 | B25: Kitchen Sink | C25: 1 | D25: no. | E25: =G25+H25+J25+I25 -> 985.57875 | F25: =E25*C25 -> 985.57875 | G25: 272.025 | H25: 585 | I25: =IF(D25=0," ",(G25)*([1]Details!$C$4+[1]Details!$C$8)) -> 40.80375 | J25: =IF(D25=0," ",(H25)*([1]Details!$C$6+[1]Details!$C$8)) -> 87.75 | K25: =+G25*C25 -> 272.025 | L25: =+H25*C25 -> 585 | M25: =IF(D25=0," ",(I25*C25)) -> 40.80375 | N25: =IF(D25=0," ",(J25*C25)) -> 87.75
A26: =IF(F26<>"",(LARGE(A$7:A24,1)+1),"")
A27: =IF(F27<>"",(LARGE(A$7:A25,1)+1),"") | B27: BATHROOM
A28: =IF(F28<>"",(LARGE(A$7:A26,1)+1),"")
A29: =IF(F29<>"",(LARGE(A$7:A27,1)+1),"") | B29: Fixtures
A31: =IF(F31<>"",(LARGE(A$7:A28,1)+1),"") -> 9 | B31: Water Closet | C31: 5 | D31: no. | E31: =G31+H31+J31+I31 -> 1086.6637 | F31: =E31*C31 -> 5433.3187 | G31: 299.925 | H31: 645 | I31: =IF(D31=0," ",(G31)*([1]Details!$C$4+[1]Details!$C$8)) -> 44.98875 | J31: =IF(D31=0," ",(H31)*([1]Details!$C$6+[1]Details!$C$8)) -> 96.75 | K31: =+G31*C31 -> 1499.625 | L31: =+H31*C31 -> 3225 | M31: =IF(D31=0," ",(I31*C31)) -> 224.94375 | N31: =IF(D31=0," ",(J31*C31)) -> 483.75
A32: =IF(F32<>"",(LARGE(A$7:A29,1)+1),"")
A33: =IF(F33<>"",(LARGE(A$7:A31,1)+1),"") -> 10 | B33: Lavatory | C33: 6 | D33: no. | E33: =G33+H33+J33+I33 -> 951.88375 | F33: =E33*C33 -> 5711.3025 | G33: 262.725 | H33: 565 | I33: =IF(D33=0," ",(G33)*([1]Details!$C$4+[1]Details!$C$8)) -> 39.40875 | J33: =IF(D33=0," ",(H33)*([1]Details!$C$6+[1]Details!$C$8)) -> 84.75 | K33: =+G33*C33 -> 1576.35 | L33: =+H33*C33 -> 3390 | M33: =IF(D33=0," ",(I33*C33)) -> 236.4525 | N33: =IF(D33=0," ",(J33*C33)) -> 508.5
A34: =IF(F34<>"",(LARGE(A$7:A32,1)+1),"")
A35: =IF(F35<>"",(LARGE(A$7:A33,1)+1),"") -> 11 | B35: Bath Tub | C35: 1 | D35: no. | E35: =G35+H35+J35+I35 -> 1288.8338 | F35: =E35*C35 -> 1288.8338 | G35: 355.725 | H35: 765 | I35: =IF(D35=0," ",(G35)*([1]Details!$C$4+[1]Details!$C$8)) -> 53.35875 | J35: =IF(D35=0," ",(H35)*([1]Details!$C$6+[1]Details!$C$8)) -> 114.75 | K35: =+G35*C35 -> 355.725 | L35: =+H35*C35 -> 765 | M35: =IF(D35=0," ",(I35*C35)) -> 53.35875 | N35: =IF(D35=0," ",(J35*C35)) -> 114.75
A36: =IF(F36<>"",(LARGE(A$7:A34,1)+1),"")
A37: =IF(F37<>"",(LARGE(A$7:A35,1)+1),"") -> 12 | B37: Shower | C37: 2 | D37: no. | E37: =G37+H37+J37+I37 -> 749.71375 | F37: =E37*C37 -> 1499.4275 | G37: 206.925 | H37: 445 | I37: =IF(D37=0," ",(G37)*([1]Details!$C$4+[1]Details!$C$8)) -> 31.03875 | J37: =IF(D37=0," ",(H37)*([1]Details!$C$6+[1]Details!$C$8)) -> 66.75 | K37: =+G37*C37 -> 413.85 | L37: =+H37*C37 -> 890 | M37: =IF(D37=0," ",(I37*C37)) -> 62.0775 | N37: =IF(D37=0," ",(J37*C37)) -> 133.5
A38: =IF(F38<>"",(LARGE(A$7:A36,1)+1),"")
A39: =IF(F39<>"",(LARGE(A$7:A37,1)+1),"") -> 13 | B39: Utility Double Compartment Sink | C39: 1 | D39: no. | E39: =G39+H39+J39+I39 -> 985.57875 | F39: =E39*C39 -> 985.57875 | G39: 272.025 | H39: 585 | I39: =IF(D39=0," ",(G39)*([1]Details!$C$4+[1]Details!$C$8)) -> 40.80375 | J39: =IF(D39=0," ",(H39)*([1]Details!$C$6+[1]Details!$C$8)) -> 87.75 | K39: =+G39*C39 -> 272.025 | L39: =+H39*C39 -> 585 | M39: =IF(D39=0," ",(I39*C39)) -> 40.80375 | N39: =IF(D39=0," ",(J39*C39)) -> 87.75
A40: =IF(F40<>"",(LARGE(A$7:A38,1)+1),"")
A41: =IF(F41<>"",(LARGE(A$7:A39,1)+1),"") | B41: Accessories
A42: =IF(F42<>"",(LARGE(A$7:A40,1)+1),"") -> 14 | B42: Soap Dispenser | C42: 3 | D42: no. | E42: =G42+H42+J42+I42 -> 76.656125 | F42: =E42*C42 -> 229.96838 | G42: 21.1575 | H42: 45.5 | I42: =IF(D42=0," ",(G42)*([1]Details!$C$4+[1]Details!$C$8)) -> 3.173625 | J42: =IF(D42=0," ",(H42)*([1]Details!$C$6+[1]Details!$C$8)) -> 6.825 | K42: =+G42*C42 -> 63.4725 | L42: =+H42*C42 -> 136.5 | M42: =IF(D42=0," ",(I42*C42)) -> 9.520875 | N42: =IF(D42=0," ",(J42*C42)) -> 20.475
A43: =IF(F43<>"",(LARGE(A$7:A41,1)+1),"")
A44: =IF(F44<>"",(LARGE(A$7:A42,1)+1),"") -> 15 | B44: Robe Hook | C44: 3 | D44: no. | E44: =G44+H44+J44+I44 -> 58.123875 | F44: =E44*C44 -> 174.37162 | G44: 16.0425 | H44: 34.5 | I44: =IF(D44=0," ",(G44)*([1]Details!$C$4+[1]Details!$C$8)) -> 2.406375 | J44: =IF(D44=0," ",(H44)*([1]Details!$C$6+[1]Details!$C$8)) -> 5.175 | K44: =+G44*C44 -> 48.1275 | L44: =+H44*C44 -> 103.5 | M44: =IF(D44=0," ",(I44*C44)) -> 7.219125 | N44: =IF(D44=0," ",(J44*C44)) -> 15.525
A45: =IF(F45<>"",(LARGE(A$7:A43,1)+1),"")
A46: =IF(F46<>"",(LARGE(A$7:A44,1)+1),"") -> 16 | B46: (0.6m W x0.9m H) Wall Mirror | C46: 3 | D46: no. | E46: =G46+H46+J46+I46 -> 194.0832 | F46: =E46*C46 -> 582.2496 | G46: 53.568 | H46: 115.2 | I46: =IF(D46=0," ",(G46)*([1]Details!$C$4+[1]Details!$C$8)) -> 8.0352 | J46: =IF(D46=0," ",(H46)*([1]Details!$C$6+[1]Details!$C$8)) -> 17.28 | K46: =+G46*C46 -> 160.704 | L46: =+H46*C46 -> 345.6 | M46: =IF(D46=0," ",(I46*C46)) -> 24.1056 | N46: =IF(D46=0," ",(J46*C46)) -> 51.84
A47: =IF(F47<>"",(LARGE(A$7:A45,1)+1),"")
A48: =IF(F48<>"",(LARGE(A$7:A46,1)+1),"") -> 17 | B48: Tooth Brush Holder | C48: 4 | D48: no. | E48: =G48+H48+J48+I48 -> 64.862875 | F48: =E48*C48 -> 259.4515 | G48: 17.9025 | H48: 38.5 | I48: =IF(D48=0," ",(G48)*([1]Details!$C$4+[1]Details!$C$8)) -> 2.685375 | J48: =IF(D48=0," ",(H48)*([1]Details!$C$6+[1]Details!$C$8)) -> 5.775 | K48: =+G48*C48 -> 71.61 | L48: =+H48*C48 -> 154 | M48: =IF(D48=0," ",(I48*C48)) -> 10.7415 | N48: =IF(D48=0," ",(J48*C48)) -> 23.1
A49: =IF(F49<>"",(LARGE(A$7:A47,1)+1),"")
A50: =IF(F50<>"",(LARGE(A$7:A48,1)+1),"") -> 18 | B50: 910mm Grab Bar | C50: 4 | D50: no. | E50: =G50+H50+J50+I50 -> 86.764625 | F50: =E50*C50 -> 347.0585 | G50: 23.9475 | H50: 51.5 | I50: =IF(D50=0," ",(G50)*([1]Details!$C$4+[1]Details!$C$8)) -> 3.592125 | J50: =IF(D50=0," ",(H50)*([1]Details!$C$6+[1]Details!$C$8)) -> 7.725 | K50: =+G50*C50 -> 95.79 | L50: =+H50*C50 -> 206 | M50: =IF(D50=0," ",(I50*C50)) -> 14.3685 | N50: =IF(D50=0," ",(J50*C50)) -> 30.9
A51: =IF(F51<>"",(LARGE(A$7:A49,1)+1),"")
A52: =IF(F52<>"",(LARGE(A$7:A50,1)+1),"") -> 19 | B52: Shower Curtain Rail | C52: 3.13 | D52: m | E52: =G52+H52+J52+I52 -> 98.557875 | F52: =E52*C52 -> 308.48615 | G52: 27.2025 | H52: 58.5 | I52: =IF(D52=0," ",(G52)*([1]Details!$C$4+[1]Details!$C$8)) -> 4.080375 | J52: =IF(D52=0," ",(H52)*([1]Details!$C$6+[1]Details!$C$8)) -> 8.775 | K52: =+G52*C52 -> 85.143825 | L52: =+H52*C52 -> 183.105 | M52: =IF(D52=0," ",(I52*C52)) -> 12.771574 | N52: =IF(D52=0," ",(J52*C52)) -> 27.46575
A53: =IF(F53<>"",(LARGE(A$7:A52,1)+1),"") | J53: =IF(D53=0," ",(G53+H53)*(Details!$C$4+Details!$C$6)) | P53: Check
E54: Sub Total | F54: =SUM(F8:F53) -> 34577.312 | J54: =IF(D54=0," ",(G54+H54)*(Details!$C$4+Details!$C$6)) | K54: =SUM(K8:K53) -> 9543.5228 | L54: =SUM(L8:L53) -> 20523.705 | M54: =SUM(M8:M53) -> 1431.5284 | N54: =SUM(N8:N53) -> 3078.5558 | P54: =+F54-K54-L54-N54-M54 -> 1.114131e-11
A55: =IF(F55<>"",(LARGE(A$7:A54,1)+1),"") | J55: =IF(D55=0," ",(G55+H55)*(Details!$C$4+Details!$C$6))

Sheet Electrical
B2: =+'Qual, Excl & Assum'!B2 -> PROJECT NAME: SQUAIRRELS LEAP GUILDFORD ROAD, CHERTSEY KT16 9RU
B3: =+'Qual, Excl & Assum'!B3 -> DATE: 25TH NOVEMBER 2025
B5: Electrical | G5: RATES | K5: TOTALS
B7: Description | C7: Quantity | D7: Unit | E7: Rate | F7: Total | G7: Labor | H7: Materials | I7: L Markup | J7: M Markup | K7: Labor | L7: Materials | M7: L Markup | N7: M Markup
N8: =IF(D8=0," ",(J8*C8))
B9: LIGHTING
A10: 1 | B10: A: Suspended IP Rated Fluorescent Luminaire | C10: 16 | D10: no. | E10: =G10+H10+J10+I10 -> 193.74625 | F10: =E10*C10 -> 3099.94 | G10: 53.475 | H10: 115 | I10: =IF(D10=0," ",(G10)*([1]Details!$C$4+[1]Details!$C$8)) -> 8.02125 | J10: =IF(D10=0," ",(H10)*([1]Details!$C$6+[1]Details!$C$8)) -> 17.25 | K10: =+G10*C10 -> 855.6 | L10: =+H10*C10 -> 1840 | M10: =IF(D10=0," ",(I10*C10)) -> 128.34 | N10: =IF(D10=0," ",(J10*C10)) -> 276
A12: =IF(F12<>"",(LARGE(A$7:A10,1)+1),"") -> 2 | B12: P: Pendant Light | C12: 8 | D12: no. | E12: =G12+H12+J12+I12 -> 198.8005 | F12: =E12*C12 -> 1590.404 | G12: 54.87 | H12: 118 | I12: =IF(D12=0," ",(G12)*([1]Details!$C$4+[1]Details!$C$8)) -> 8.2305 | J12: =IF(D12=0," ",(H12)*([1]Details!$C$6+[1]Details!$C$8)) -> 17.7 | K12: =+G12*C12 -> 438.96 | L12: =+H12*C12 -> 944 | M12: =IF(D12=0," ",(I12*C12)) -> 65.844 | N12: =IF(D12=0," ",(J12*C12)) -> 141.6
A14: =IF(F14<>"",(LARGE(A$7:A12,1)+1),"") -> 3 | B14: Recessed LED Downlight | C14: 179 | D14: no. | E14: =G14+H14+J14+I14 -> 205.5395 | F14: =E14*C14 -> 36791.571 | G14: 56.73 | H14: 122 | I14: =IF(D14=0," ",(G14)*([1]Details!$C$4+[1]Details!$C$8)) -> 8.5095 | J14: =IF(D14=0," ",(H14)*([1]Details!$C$6+[1]Details!$C$8)) -> 18.3 | K14: =+G14*C14 -> 10154.67 | L14: =+H14*C14 -> 21838 | M14: =IF(D14=0," ",(I14*C14)) -> 1523.2005 | N14: =IF(D14=0," ",(J14*C14)) -> 3275.7
A16: =IF(F16<>"",(LARGE(A$7:A14,1)+1),"") -> 4 | B16: Wall Light | C16: 24 | D16: no. | E16: =G16+H16+J16+I16 -> 192.90388 | F16: =E16*C16 -> 4629.693 | G16: 53.2425 | H16: 114.5 | I16: =IF(D16=0," ",(G16)*([1]Details!$C$4+[1]Details!$C$8)) -> 7.986375 | J16: =IF(D16=0," ",(H16)*([1]Details!$C$6+[1]Details!$C$8)) -> 17.175 | K16: =+G16*C16 -> 1277.82 | L16: =+H16*C16 -> 2748 | M16: =IF(D16=0," ",(I16*C16)) -> 191.673 | N16: =IF(D16=0," ",(J16*C16)) -> 412.2
A18: =IF(F18<>"",(LARGE(A$7:A16,1)+1),"") -> 5 | B18: Linear LED Strip | C18: 144.72 | D18: m | E18: =G18+H18+J18+I18 -> 61.493375 | F18: =E18*C18 -> 8899.3212 | G18: 16.9725 | H18: 36.5 | I18: =IF(D18=0," ",(G18)*([1]Details!$C$4+[1]Details!$C$8)) -> 2.545875 | J18: =IF(D18=0," ",(H18)*([1]Details!$C$6+[1]Details!$C$8)) -> 5.475 | K18: =+G18*C18 -> 2456.2602 | L18: =+H18*C18 -> 5282.28 | M18: =IF(D18=0," ",(I18*C18)) -> 368.43903 | N18: =IF(D18=0," ",(J18*C18)) -> 792.342
A20: =IF(F20<>"",(LARGE(A$7:A18,1)+1),"") -> 6 | B20: Linear LED | C20: 37.64 | D20: m | E20: =G20+H20+J20+I20 -> 71.601875 | F20: =E20*C20 -> 2695.0946 | G20: 19.7625 | H20: 42.5 | I20: =IF(D20=0," ",(G20)*([1]Details!$C$4+[1]Details!$C$8)) -> 2.964375 | J20: =IF(D20=0," ",(H20)*([1]Details!$C$6+[1]Details!$C$8)) -> 6.375 | K20: =+G20*C20 -> 743.8605 | L20: =+H20*C20 -> 1599.7 | M20: =IF(D20=0," ",(I20*C20)) -> 111.57908 | N20: =IF(D20=0," ",(J20*C20)) -> 239.955
A21: =IF(F21<>"",(LARGE(A$7:A19,1)+1),"")
A22: =IF(F22<>"",(LARGE(A$7:A20,1)+1),"") | B22: POWER
A23: =IF(F23<>"",(LARGE(A$7:A21,1)+1),"") | B23: Switches
A24: =IF(F24<>"",(LARGE(A$7:A22,1)+1),"")
A25: =IF(F25<>"",(LARGE(A$7:A23,1)+1),"") -> 7 | B25: Switch | C25: 3 | D25: no. | E25: =G25+H25+J25+I25 -> 24.428875 | F25: =E25*C25 -> 73.286625 | G25: 6.7425 | H25: 14.5 | I25: =IF(D25=0," ",(G25)*([1]Details!$C$4+[1]Details!$C$8)) -> 1.011375 | J25: =IF(D25=0," ",(H25)*([1]Details!$C$6+[1]Details!$C$8)) -> 2.175 | K25: =+G25*C25 -> 20.2275 | L25: =+H25*C25 -> 43.5 | M25: =IF(D25=0," ",(I25*C25)) -> 3.034125 | N25: =IF(D25=0," ",(J25*C25)) -> 6.525
A26: =IF(F26<>"",(LARGE(A$7:A24,1)+1),"")
A27: =IF(F27<>"",(LARGE(A$7:A25,1)+1),"") -> 8 | B27: 2 Gang, 2 Way Switch | C27: 10 | D27: no. | E27: =G27+H27+J27+I27 -> 27.798375 | F27: =E27*C27 -> 277.98375 | G27: 7.6725 | H27: 16.5 | I27: =IF(D27=0," ",(G27)*([1]Details!$C$4+[1]Details!$C$8)) -> 1.150875 | J27: =IF(D27=0," ",(H27)*([1]Details!$C$6+[1]Details!$C$8)) -> 2.475 | K27: =+G27*C27 -> 76.725 | L27: =+H27*C27 -> 165 | M27: =IF(D27=0," ",(I27*C27)) -> 11.50875 | N27: =IF(D27=0," ",(J27*C27)) -> 24.75
A28: =IF(F28<>"",(LARGE(A$7:A26,1)+1),"")
A29: =IF(F29<>"",(LARGE(A$7:A27,1)+1),"") -> 9 | B29: 2 Gang Switch | C29: 4 | D29: no. | E29: =G29+H29+J29+I29 -> 29.483125 | F29: =E29*C29 -> 117.9325 | G29: 8.1375 | H29: 17.5 | I29: =IF(D29=0," ",(G29)*([1]Details!$C$4+[1]Details!$C$8)) -> 1.220625 | J29: =IF(D29=0," ",(H29)*([1]Details!$C$6+[1]Details!$C$8)) -> 2.625 | K29: =+G29*C29 -> 32.55 | L29: =+H29*C29 -> 70 | M29: =IF(D29=0," ",(I29*C29)) -> 4.8825 | N29: =IF(D29=0," ",(J29*C29)) -> 10.5
A30: =IF(F30<>"",(LARGE(A$7:A28,1)+1),"")
A31: =IF(F31<>"",(LARGE(A$7:A29,1)+1),"") -> 10 | B31: 5 Gang, 2 Way Switch | C31: 2 | D31: no. | E31: =G31+H31+J31+I31 -> 36.222125 | F31: =E31*C31 -> 72.44425 | G31: 9.9975 | H31: 21.5 | I31: =IF(D31=0," ",(G31)*([1]Details!$C$4+[1]Details!$C$8)) -> 1.499625 | J31: =IF(D31=0," ",(H31)*([1]Details!$C$6+[1]Details!$C$8)) -> 3.225 | K31: =+G31*C31 -> 19.995 | L31: =+H31*C31 -> 43 | M31: =IF(D31=0," ",(I31*C31)) -> 2.99925 | N31: =IF(D31=0," ",(J31*C31)) -> 6.45
A32: =IF(F32<>"",(LARGE(A$7:A30,1)+1),"")
A33: =IF(F33<>"",(LARGE(A$7:A31,1)+1),"") -> 11 | B33: 4 Gang, 2 Way Switch | C33: 2 | D33: no. | E33: =G33+H33+J33+I33 -> 32.852625 | F33: =E33*C33 -> 65.70525 | G33: 9.0675 | H33: 19.5 | I33: =IF(D33=0," ",(G33)*([1]Details!$C$4+[1]Details!$C$8)) -> 1.360125 | J33: =IF(D33=0," ",(H33)*([1]Details!$C$6+[1]Details!$C$8)) -> 2.925 | K33: =+G33*C33 -> 18.135 | L33: =+H33*C33 -> 39 | M33: =IF(D33=0," ",(I33*C33)) -> 2.72025 | N33: =IF(D33=0," ",(J33*C33)) -> 5.85
A34: =IF(F34<>"",(LARGE(A$7:A32,1)+1),"")
A35: =IF(F35<>"",(LARGE(A$7:A33,1)+1),"") -> 12 | B35: 6 Gang, 2 Way Switch | C35: 1 | D35: no. | E35: =G35+H35+J35+I35 -> 39.591625 | F35: =E35*C35 -> 39.591625 | G35: 10.9275 | H35: 23.5 | I35: =IF(D35=0," ",(G35)*([1]Details!$C$4+[1]Details!$C$8)) -> 1.639125 | J35: =IF(D35=0," ",(H35)*([1]Details!$C$6+[1]Details!$C$8)) -> 3.525 | K35: =+G35*C35 -> 10.9275 | L35: =+H35*C35 -> 23.5 | M35: =IF(D35=0," ",(I35*C35)) -> 1.639125 | N35: =IF(D35=0," ",(J35*C35)) -> 3.525
A36: =IF(F36<>"",(LARGE(A$7:A34,1)+1),"")
A37: =IF(F37<>"",(LARGE(A$7:A35,1)+1),"") -> 13 | B37: 3 Gang, 2 Way Switch | C37: 1 | D37: no. | E37: =G37+H37+J37+I37 -> 31.167875 | F37: =E37*C37 -> 31.167875 | G37: 8.6025 | H37: 18.5 | I37: =IF(D37=0," ",(G37)*([1]Details!$C$4+[1]Details!$C$8)) -> 1.290375 | J37: =IF(D37=0," ",(H37)*([1]Details!$C$6+[1]Details!$C$8)) -> 2.775 | K37: =+G37*C37 -> 8.6025 | L37: =+H37*C37 -> 18.5 | M37: =IF(D37=0," ",(I37*C37)) -> 1.290375 | N37: =IF(D37=0," ",(J37*C37)) -> 2.775
A38: =IF(F38<>"",(LARGE(A$7:A36,1)+1),"")
A39: =IF(F39<>"",(LARGE(A$7:A37,1)+1),"") -> 14 | B39: 3 Gang Switch | C39: 1 | D39: no. | E39: =G39+H39+J39+I39 -> 31.757538 | F39: =E39*C39 -> 31.757538 | G39: 8.76525 | H39: 18.85 | I39: =IF(D39=0," ",(G39)*([1]Details!$C$4+[1]Details!$C$8)) -> 1.3147875 | J39: =IF(D39=0," ",(H39)*([1]Details!$C$6+[1]Details!$C$8)) -> 2.8275 | K39: =+G39*C39 -> 8.76525 | L39: =+H39*C39 -> 18.85 | M39: =IF(D39=0," ",(I39*C39)) -> 1.3147875 | N39: =IF(D39=0," ",(J39*C39)) -> 2.8275
A40: =IF(F40<>"",(LARGE(A$7:A38,1)+1),"")
A41: =IF(F41<>"",(LARGE(A$7:A39,1)+1),"") -> 15 | B41: 2 Way Switch | C41: 12 | D41: no. | E41: =G41+H41+J41+I41 -> 27.798375 | F41: =E41*C41 -> 333.5805 | G41: 7.6725 | H41: 16.5 | I41: =IF(D41=0," ",(G41)*([1]Details!$C$4+[1]Details!$C$8)) -> 1.150875 | J41: =IF(D41=0," ",(H41)*([1]Details!$C$6+[1]Details!$C$8)) -> 2.475 | K41: =+G41*C41 -> 92.07 | L41: =+H41*C41 -> 198 | M41: =IF(D41=0," ",(I41*C41)) -> 13.8105 | N41: =IF(D41=0," ",(J41*C41)) -> 29.7
A42: =IF(F42<>"",(LARGE(A$7:A40,1)+1),"")
A43: =IF(F43<>"",(LARGE(A$7:A41,1)+1),"") -> 16 | B43: FR: Fire Alarm Reset Switch | C43: 2 | D43: no. | E43: =G43+H43+J43+I43 -> 41.276375 | F43: =E43*C43 -> 82.55275 | G43: 11.3925 | H43: 24.5 | I43: =IF(D43=0," ",(G43)*([1]Details!$C$4+[1]Details!$C$8)) -> 1.708875 | J43: =IF(D43=0," ",(H43)*([1]Details!$C$6+[1]Details!$C$8)) -> 3.675 | K43: =+G43*C43 -> 22.785 | L43: =+H43*C43 -> 49 | M43: =IF(D43=0," ",(I43*C43)) -> 3.41775 | N43: =IF(D43=0," ",(J43*C43)) -> 7.35
A44: =IF(F44<>"",(LARGE(A$7:A42,1)+1),"")
A45: =IF(F45<>"",(LARGE(A$7:A43,1)+1),"") | B45: Outlets
A46: =IF(F46<>"",(LARGE(A$7:A44,1)+1),"")
A47: =IF(F47<>"",(LARGE(A$7:A45,1)+1),"") -> 17 | B47: Single Data Outlet | C47: 42 | D47: no. | E47: =G47+H47+J47+I47 -> 25.018538 | F47: =E47*C47 -> 1050.7786 | G47: 6.90525 | H47: 14.85 | I47: =IF(D47=0," ",(G47)*([1]Details!$C$4+[1]Details!$C$8)) -> 1.0357875 | J47: =IF(D47=0," ",(H47)*([1]Details!$C$6+[1]Details!$C$8)) -> 2.2275 | K47: =+G47*C47 -> 290.0205 | L47: =+H47*C47 -> 623.7 | M47: =IF(D47=0," ",(I47*C47)) -> 43.503075 | N47: =IF(D47=0," ",(J47*C47)) -> 93.555
A48: =IF(F48<>"",(LARGE(A$7:A46,1)+1),"")
A49: =IF(F49<>"",(LARGE(A$7:A47,1)+1),"") -> 18 | B49: Twin Switched Socket Outlet | C49: 87 | D49: no. | E49: =G49+H49+J49+I49 -> 26.366338 | F49: =E49*C49 -> 2293.8714 | G49: 7.27725 | H49: 15.65 | I49: =IF(D49=0," ",(G49)*([1]Details!$C$4+[1]Details!$C$8)) -> 1.0915875 | J49: =IF(D49=0," ",(H49)*([1]Details!$C$6+[1]Details!$C$8)) -> 2.3475 | K49: =+G49*C49 -> 633.12075 | L49: =+H49*C49 -> 1361.55 | M49: =IF(D49=0," ",(I49*C49)) -> 94.968113 | N49: =IF(D49=0," ",(J49*C49)) -> 204.2325
A50: =IF(F50<>"",(LARGE(A$7:A48,1)+1),"")
A51: =IF(F51<>"",(LARGE(A$7:A49,1)+1),"") -> 19 | B51: TV Quad Outlet | C51: 9 | D51: no. | E51: =G51+H51+J51+I51 -> 39.591625 | F51: =E51*C51 -> 356.32463 | G51: 10.9275 | H51: 23.5 | I51: =IF(D51=0," ",(G51)*([1]Details!$C$4+[1]Details!$C$8)) -> 1.639125 | J51: =IF(D51=0," ",(H51)*([1]Details!$C$6+[1]Details!$C$8)) -> 3.525 | K51: =+G51*C51 -> 98.3475 | L51: =+H51*C51 -> 211.5 | M51: =IF(D51=0," ",(I51*C51)) -> 14.752125 | N51: =IF(D51=0," ",(J51*C51)) -> 31.725
A52: =IF(F52<>"",(LARGE(A$7:A50,1)+1),"")
A53: =IF(F53<>"",(LARGE(A$7:A51,1)+1),"") -> 20 | B53: Single Socket Outlet | C53: 26 | D53: no. | E53: =G53+H53+J53+I53 -> 27.714137 | F53: =E53*C53 -> 720.56758 | G53: 7.64925 | H53: 16.45 | I53: =IF(D53=0," ",(G53)*([1]Details!$C$4+[1]Details!$C$8)) -> 1.1473875 | J53: =IF(D53=0," ",(H53)*([1]Details!$C$6+[1]Details!$C$8)) -> 2.4675 | K53: =+G53*C53 -> 198.8805 | L53: =+H53*C53 -> 427.7 | M53: =IF(D53=0," ",(I53*C53)) -> 29.832075 | N53: =IF(D53=0," ",(J53*C53)) -> 64.155
A54: =IF(F54<>"",(LARGE(A$7:A52,1)+1),"")
A55: =IF(F55<>"",(LARGE(A$7:A53,1)+1),"") -> 21 | B55: TV & Data Outlet | C55: 9 | D55: no. | E55: =G55+H55+J55+I55 -> 39.591625 | F55: =E55*C55 -> 356.32463 | G55: 10.9275 | H55: 23.5 | I55: =IF(D55=0," ",(G55)*([1]Details!$C$4+[1]Details!$C$8)) -> 1.639125 | J55: =IF(D55=0," ",(H55)*([1]Details!$C$6+[1]Details!$C$8)) -> 3.525 | K55: =+G55*C55 -> 98.3475 | L55: =+H55*C55 -> 211.5 | M55: =IF(D55=0," ",(I55*C55)) -> 14.752125 | N55: =IF(D55=0," ",(J55*C55)) -> 31.725
A56: =IF(F56<>"",(LARGE(A$7:A54,1)+1),"")
A57: =IF(F57<>"",(LARGE(A$7:A55,1)+1),"") | B57: Security & Safety / Socket, Panel
A58: =IF(F58<>"",(LARGE(A$7:A56,1)+1),"")
A59: =IF(F59<>"",(LARGE(A$7:A57,1)+1),"") -> 22 | B59: Mains Heat Alarm | C59: 2 | D59: no. | E59: =G59+H59+J59+I59 -> 245.13113 | F59: =E59*C59 -> 490.26225 | G59: 67.6575 | H59: 145.5 | I59: =IF(D59=0," ",(G59)*([1]Details!$C$4+[1]Details!$C$8)) -> 10.148625 | J59: =IF(D59=0," ",(H59)*([1]Details!$C$6+[1]Details!$C$8)) -> 21.825 | K59: =+G59*C59 -> 135.315 | L59: =+H59*C59 -> 291 | M59: =IF(D59=0," ",(I59*C59)) -> 20.29725 | N59: =IF(D59=0," ",(J59*C59)) -> 43.65
A60: =IF(F60<>"",(LARGE(A$7:A58,1)+1),"")
A61: =IF(F61<>"",(LARGE(A$7:A59,1)+1),"") -> 23 | B61: Alarm (Type Not Specified) | C61: 26 | D61: no. | E61: =G61+H61+J61+I61 -> 213.12087 | F61: =E61*C61 -> 5541.1427 | G61: 58.8225 | H61: 126.5 | I61: =IF(D61=0," ",(G61)*([1]Details!$C$4+[1]Details!$C$8)) -> 8.823375 | J61: =IF(D61=0," ",(H61)*([1]Details!$C$6+[1]Details!$C$8)) -> 18.975 | K61: =+G61*C61 -> 1529.385 | L61: =+H61*C61 -> 3289 | M61: =IF(D61=0," ",(I61*C61)) -> 229.40775 | N61: =IF(D61=0," ",(J61*C61)) -> 493.35
A62: =IF(F62<>"",(LARGE(A$7:A60,1)+1),"")
A63: =IF(F63<>"",(LARGE(A$7:A61,1)+1),"") -> 24 | B63: Lighting Control Panel | C63: 2 | D63: no. | E63: =G63+H63+J63+I63 -> 379.91113 | F63: =E63*C63 -> 759.82225 | G63: 104.8575 | H63: 225.5 | I63: =IF(D63=0," ",(G63)*([1]Details!$C$4+[1]Details!$C$8)) -> 15.728625 | J63: =IF(D63=0," ",(H63)*([1]Details!$C$6+[1]Details!$C$8)) -> 33.825 | K63: =+G63*C63 -> 209.715 | L63: =+H63*C63 -> 451 | M63: =IF(D63=0," ",(I63*C63)) -> 31.45725 | N63: =IF(D63=0," ",(J63*C63)) -> 67.65
A64: =IF(F64<>"",(LARGE(A$7:A62,1)+1),"")
A65: =IF(F65<>"",(LARGE(A$7:A63,1)+1),"") -> 25 | B65: SE: Security Alarm Panel | C65: 1 | D65: no. | E65: =G65+H65+J65+I65 -> 412.76375 | F65: =E65*C65 -> 412.76375 | G65: 113.925 | H65: 245 | I65: =IF(D65=0," ",(G65)*([1]Details!$C$4+[1]Details!$C$8)) -> 17.08875 | J65: =IF(D65=0," ",(H65)*([1]Details!$C$6+[1]Details!$C$8)) -> 36.75 | K65: =+G65*C65 -> 113.925 | L65: =+H65*C65 -> 245 | M65: =IF(D65=0," ",(I65*C65)) -> 17.08875 | N65: =IF(D65=0," ",(J65*C65)) -> 36.75
A66: =IF(F66<>"",(LARGE(A$7:A64,1)+1),"")
A67: =IF(F67<>"",(LARGE(A$7:A65,1)+1),"") -> 26 | B67: Photovoltaics/Solar Panels (Occupied Area= 35 M2) | C67: 1 | D67: no. | E67: =G67+H67+J67+I67 -> 277.98375 | F67: =E67*C67 -> 277.98375 | G67: 76.725 | H67: 165 | I67: =IF(D67=0," ",(G67)*([1]Details!$C$4+[1]Details!$C$8)) -> 11.50875 | J67: =IF(D67=0," ",(H67)*([1]Details!$C$6+[1]Details!$C$8)) -> 24.75 | K67: =+G67*C67 -> 76.725 | L67: =+H67*C67 -> 165 | M67: =IF(D67=0," ",(I67*C67)) -> 11.50875 | N67: =IF(D67=0," ",(J67*C67)) -> 24.75
A68: =IF(F68<>"",(LARGE(A$7:A66,1)+1),"")
A69: =IF(F69<>"",(LARGE(A$7:A67,1)+1),"") -> 27 | B69: Switched Fused Connection Unit | C69: 15 | D69: no. | E69: =G69+H69+J69+I69 -> 144.29884 | F69: =E69*C69 -> 2164.4826 | G69: 39.82725 | H69: 85.65 | I69: =IF(D69=0," ",(G69)*([1]Details!$C$4+[1]Details!$C$8)) -> 5.9740875 | J69: =IF(D69=0," ",(H69)*([1]Details!$C$6+[1]Details!$C$8)) -> 12.8475 | K69: =+G69*C69 -> 597.40875 | L69: =+H69*C69 -> 1284.75 | M69: =IF(D69=0," ",(I69*C69)) -> 89.611313 | N69: =IF(D69=0," ",(J69*C69)) -> 192.7125
A70: =IF(F70<>"",(LARGE(A$7:A68,1)+1),"")
A71: =IF(F71<>"",(LARGE(A$7:A69,1)+1),"") -> 28 | B71: Dual Voltage Shaver Socket | C71: 6 | D71: no. | E71: =G71+H71+J71+I71 -> 44.645875 | F71: =E71*C71 -> 267.87525 | G71: 12.3225 | H71: 26.5 | I71: =IF(D71=0," ",(G71)*([1]Details!$C$4+[1]Details!$C$8)) -> 1.848375 | J71: =IF(D71=0," ",(H71)*([1]Details!$C$6+[1]Details!$C$8)) -> 3.975 | K71: =+G71*C71 -> 73.935 | L71: =+H71*C71 -> 159 | M71: =IF(D71=0," ",(I71*C71)) -> 11.09025 | N71: =IF(D71=0," ",(J71*C71)) -> 23.85
A72: =IF(F72<>"",(LARGE(A$7:A70,1)+1),"")
A73: =IF(F73<>"",(LARGE(A$7:A71,1)+1),"") -> 29 | B73: Main BT Incoming Point | C73: 1 | D73: no. | E73: =G73+H73+J73+I73 -> 92.913962 | F73: =E73*C73 -> 92.913962 | G73: 25.64475 | H73: 55.15 | I73: =IF(D73=0," ",(G73)*([1]Details!$C$4+[1]Details!$C$8)) -> 3.8467125 | J73: =IF(D73=0," ",(H73)*([1]Details!$C$6+[1]Details!$C$8)) -> 8.2725 | K73: =+G73*C73 -> 25.64475 | L73: =+H73*C73 -> 55.15 | M73: =IF(D73=0," ",(I73*C73)) -> 3.8467125 | N73: =IF(D73=0," ",(J73*C73)) -> 8.2725
A74: =IF(F74<>"",(LARGE(A$7:A72,1)+1),"")
A75: =IF(F75<>"",(LARGE(A$7:A73,1)+1),"") -> 30 | B75: Consumer Unit | C75: 1 | D75: no. | E75: =G75+H75+J75+I75 -> 1457.3087 | F75: =E75*C75 -> 1457.3087 | G75: 402.225 | H75: 865 | I75: =IF(D75=0," ",(G75)*([1]Details!$C$4+[1]Details!$C$8)) -> 60.33375 | J75: =IF(D75=0," ",(H75)*([1]Details!$C$6+[1]Details!$C$8)) -> 129.75 | K75: =+G75*C75 -> 402.225 | L75: =+H75*C75 -> 865 | M75: =IF(D75=0," ",(I75*C75)) -> 60.33375 | N75: =IF(D75=0," ",(J75*C75)) -> 129.75
A76: =IF(F76<>"",(LARGE(A$7:A74,1)+1),"")
A77: =IF(F77<>"",(LARGE(A$7:A75,1)+1),"") -> 31 | B77: TVA: TV Distribution Amplifier | C77: 1 | D77: no. | E77: =G77+H77+J77+I77 -> 951.88375 | F77: =E77*C77 -> 951.88375 | G77: 262.725 | H77: 565 | I77: =IF(D77=0," ",(G77)*([1]Details!$C$4+[1]Details!$C$8)) -> 39.40875 | J77: =IF(D77=0," ",(H77)*([1]Details!$C$6+[1]Details!$C$8)) -> 84.75 | K77: =+G77*C77 -> 262.725 | L77: =+H77*C77 -> 565 | M77: =IF(D77=0," ",(I77*C77)) -> 39.40875 | N77: =IF(D77=0," ",(J77*C77)) -> 84.75
A78: =IF(F78<>"",(LARGE(A$7:A76,1)+1),"")
A79: =IF(F79<>"",(LARGE(A$7:A77,1)+1),"") -> 32 | B79: EDD: Energy Display Device | C79: 1 | D79: no. | E79: =G79+H79+J79+I79 -> 434.6655 | F79: =E79*C79 -> 434.6655 | G79: 119.97 | H79: 258 | I79: =IF(D79=0," ",(G79)*([1]Details!$C$4+[1]Details!$C$8)) -> 17.9955 | J79: =IF(D79=0," ",(H79)*([1]Details!$C$6+[1]Details!$C$8)) -> 38.7 | K79: =+G79*C79 -> 119.97 | L79: =+H79*C79 -> 258 | M79: =IF(D79=0," ",(I79*C79)) -> 17.9955 | N79: =IF(D79=0," ",(J79*C79)) -> 38.7
A80: =IF(F80<>"",(LARGE(A$7:A78,1)+1),"")
A81: =IF(F81<>"",(LARGE(A$7:A79,1)+1),"") -> 33 | B81: DB1; Board_x000D_ Size & Rating: 100A-20 Way SP&N_x000D_ Control: 100A Isolator | C81: 1 | D81: no. | E81: =G81+H81+J81+I81 -> 64.862875 | F81: =E81*C81 -> 64.862875 | G81: 17.9025 | H81: 38.5 | I81: =IF(D81=0," ",(G81)*([1]Details!$C$4+[1]Details!$C$8)) -> 2.685375 | J81: =IF(D81=0," ",(H81)*([1]Details!$C$6+[1]Details!$C$8)) -> 5.775 | K81: =+G81*C81 -> 17.9025 | L81: =+H81*C81 -> 38.5 | M81: =IF(D81=0," ",(I81*C81)) -> 2.685375 | N81: =IF(D81=0," ",(J81*C81)) -> 5.775
A82: =IF(F82<>"",(LARGE(A$7:A80,1)+1),"")
A83: =IF(F83<>"",(LARGE(A$7:A81,1)+1),"") | B83: Allowance
A84: =IF(F84<>"",(LARGE(A$7:A82,1)+1),"")
A85: =IF(F85<>"",(LARGE(A$7:A83,1)+1),"") -> 34 | B85: Wiring & Conduits | C85: 450.34 | D85: m | E85: =G85+H85+J85+I85 -> 11.540537 | F85: =E85*C85 -> 5197.1657 | G85: 3.18525 | H85: 6.85 | I85: =IF(D85=0," ",(G85)*([1]Details!$C$4+[1]Details!$C$8)) -> 0.4777875 | J85: =IF(D85=0," ",(H85)*([1]Details!$C$6+[1]Details!$C$8)) -> 1.0275 | K85: =+G85*C85 -> 1434.4455 | L85: =+H85*C85 -> 3084.829 | M85: =IF(D85=0," ",(I85*C85)) -> 215.16682 | N85: =IF(D85=0," ",(J85*C85)) -> 462.72435
A86: =IF(F86<>"",(LARGE(A$7:A84,1)+1),"")
A87: =IF(F87<>"",(LARGE(A$7:A85,1)+1),"") -> 35 | B87: Allowance For Wiring & Conduits | C87: 504.58 | D87: m2 | E87: =G87+H87+J87+I87 -> 21.059375 | F87: =E87*C87 -> 10626.139 | G87: 5.8125 | H87: 12.5 | I87: =IF(D87=0," ",(G87)*([1]Details!$C$4+[1]Details!$C$8)) -> 0.871875 | J87: =IF(D87=0," ",(H87)*([1]Details!$C$6+[1]Details!$C$8)) -> 1.875 | K87: =+G87*C87 -> 2932.8712 | L87: =+H87*C87 -> 6307.25 | M87: =IF(D87=0," ",(I87*C87)) -> 439.93069 | N87: =IF(D87=0," ",(J87*C87)) -> 946.0875
J88: =IF(D88=0," ",(G88+H88)*(Details!$C$4+Details!$C$6)) | P88: Check
E89: Sub Total | F89: =SUM(F8:F87) -> 92349.165 | J89: =IF(D89=0," ",(G89+H89)*(Details!$C$4+Details!$C$6)) | K89: =SUM(K8:K87) -> 25488.863 | L89: =SUM(L8:L87) -> 54814.759 | M89: =SUM(M8:M87) -> 3823.3294 | N89: =SUM(N8:N87) -> 8222.2139 | P89: =+F89-K89-L89-N89-M89 -> 0
A90: =IF(F90<>"",(LARGE(A$7:A89,1)+1),"") | J90: =IF(D90=0," ",(G90+H90)*(Details!$C$4+Details!$C$6))

Sheet Mechanical & Plumbing
B2: =+'Qual, Excl & Assum'!B2 -> PROJECT NAME: SQUAIRRELS LEAP GUILDFORD ROAD, CHERTSEY KT16 9RU
B3: =+'Qual, Excl & Assum'!B3 -> DATE: 25TH NOVEMBER 2025
B5: Mechanical | G5: RATES | K5: TOTALS
B7: Description | C7: Quantity | D7: Unit | E7: Rate | F7: Total | G7: Labor | H7: Materials | I7: L Markup | J7: M Markup | K7: Labor | L7: Materials | M7: L Markup | N7: M Markup
N8: =IF(D8=0," ",(J8*C8))
B9: ALLOWANCES
A11: 1 | B11: Allowances For Mechanical Work (500 m2) | C11: 1 | D11: item | E11: =G11+H11+J11+I11 -> 4801.5375 | F11: =E11*C11 -> 4801.5375 | G11: 1325.25 | H11: 2850 | I11: =IF(D11=0," ",(G11)*([1]Details!$C$4+[1]Details!$C$8)) -> 198.7875 | J11: =IF(D11=0," ",(H11)*([1]Details!$C$6+[1]Details!$C$8)) -> 427.5 | K11: =+G11*C11 -> 1325.25 | L11: =+H11*C11 -> 2850 | M11: =IF(D11=0," ",(I11*C11)) -> 198.7875 | N11: =IF(D11=0," ",(J11*C11)) -> 427.5
B13: HEATING SYSTEM
A15: =IF(F15<>"",(LARGE(A$7:A14,1)+1),"") -> 2 | B15: Under Floor Heating System | C15: 245.02 | D15: m2 | E15: =G15+H15+J15+I15 -> 31.167875 | F15: =E15*C15 -> 7636.7527 | G15: 8.6025 | H15: 18.5 | I15: =IF(D15=0," ",(G15)*([1]Details!$C$4+[1]Details!$C$8)) -> 1.290375 | J15: =IF(D15=0," ",(H15)*([1]Details!$C$6+[1]Details!$C$8)) -> 2.775 | K15: =+G15*C15 -> 2107.7846 | L15: =+H15*C15 -> 4532.87 | M15: =IF(D15=0," ",(I15*C15)) -> 316.16768 | N15: =IF(D15=0," ",(J15*C15)) -> 679.9305
A16: =IF(F16<>"",(LARGE(A$7:A15,1)+1),"")
A17: =IF(F17<>"",(LARGE(A$7:A16,1)+1),"")
A18: =IF(F18<>"",(LARGE(A$7:A17,1)+1),"") | B18: PLUMBING
A19: =IF(F19<>"",(LARGE(A$7:A18,1)+1),"")
A20: =IF(F20<>"",(LARGE(A$7:A19,1)+1),"") | B20: WASTE SERVICES
A21: =IF(F21<>"",(LARGE(A$7:A20,1)+1),"")
A22: =IF(F22<>"",(LARGE(A$7:A21,1)+1),"") -> 3 | B22: 32mm Soil Water Pipe | C22: 2.03 | D22: m | E22: =G22+H22+J22+I22 -> 29.483125 | F22: =E22*C22 -> 59.850744 | G22: 8.1375 | H22: 17.5 | I22: =IF(D22=0," ",(G22)*([1]Details!$C$4+[1]Details!$C$8)) -> 1.220625 | J22: =IF(D22=0," ",(H22)*([1]Details!$C$6+[1]Details!$C$8)) -> 2.625 | K22: =+G22*C22 -> 16.519125 | L22: =+H22*C22 -> 35.525 | M22: =IF(D22=0," ",(I22*C22)) -> 2.4778688 | N22: =IF(D22=0," ",(J22*C22)) -> 5.32875
A23: =IF(F23<>"",(LARGE(A$7:A22,1)+1),"")
A24: =IF(F24<>"",(LARGE(A$7:A23,1)+1),"") -> 4 | B24: 40mm Soil Water Pipe | C24: 44 | D24: m | E24: =G24+H24+J24+I24 -> 32.852625 | F24: =E24*C24 -> 1445.5155 | G24: 9.0675 | H24: 19.5 | I24: =IF(D24=0," ",(G24)*([1]Details!$C$4+[1]Details!$C$8)) -> 1.360125 | J24: =IF(D24=0," ",(H24)*([1]Details!$C$6+[1]Details!$C$8)) -> 2.925 | K24: =+G24*C24 -> 398.97 | L24: =+H24*C24 -> 858 | M24: =IF(D24=0," ",(I24*C24)) -> 59.8455 | N24: =IF(D24=0," ",(J24*C24)) -> 128.7
A25: =IF(F25<>"",(LARGE(A$7:A24,1)+1),"")
A26: =IF(F26<>"",(LARGE(A$7:A25,1)+1),"") -> 5 | B26: 50mm Sanitary Pipe | C26: 114 | D26: m | E26: =G26+H26+J26+I26 -> 36.222125 | F26: =E26*C26 -> 4129.3223 | G26: 9.9975 | H26: 21.5 | I26: =IF(D26=0," ",(G26)*([1]Details!$C$4+[1]Details!$C$8)) -> 1.499625 | J26: =IF(D26=0," ",(H26)*([1]Details!$C$6+[1]Details!$C$8)) -> 3.225 | K26: =+G26*C26 -> 1139.715 | L26: =+H26*C26 -> 2451 | M26: =IF(D26=0," ",(I26*C26)) -> 170.95725 | N26: =IF(D26=0," ",(J26*C26)) -> 367.65
A27: =IF(F27<>"",(LARGE(A$7:A26,1)+1),"")
A28: =IF(F28<>"",(LARGE(A$7:A27,1)+1),"") -> 6 | B28: 110mm Waste Pipe | C28: 51 | D28: m | E28: =G28+H28+J28+I28 -> 46.330625 | F28: =E28*C28 -> 2362.8619 | G28: 12.7875 | H28: 27.5 | I28: =IF(D28=0," ",(G28)*([1]Details!$C$4+[1]Details!$C$8)) -> 1.918125 | J28: =IF(D28=0," ",(H28)*([1]Details!$C$6+[1]Details!$C$8)) -> 4.125 | K28: =+G28*C28 -> 652.1625 | L28: =+H28*C28 -> 1402.5 | M28: =IF(D28=0," ",(I28*C28)) -> 97.824375 | N28: =IF(D28=0," ",(J28*C28)) -> 210.375
A29: =IF(F29<>"",(LARGE(A$7:A28,1)+1),"")
A30: =IF(F30<>"",(LARGE(A$7:A29,1)+1),"") | B30: FITTINGS
A31: =IF(F31<>"",(LARGE(A$7:A30,1)+1),"")
A32: =IF(F32<>"",(LARGE(A$7:A31,1)+1),"") -> 7 | B32: 110mm 45 Deg Radius Elbow | C32: 14 | D32: no. | E32: =G32+H32+J32+I32 -> 115.40538 | F32: =E32*C32 -> 1615.6753 | G32: 31.8525 | H32: 68.5 | I32: =IF(D32=0," ",(G32)*([1]Details!$C$4+[1]Details!$C$8)) -> 4.777875 | J32: =IF(D32=0," ",(H32)*([1]Details!$C$6+[1]Details!$C$8)) -> 10.275 | K32: =+G32*C32 -> 445.935 | L32: =+H32*C32 -> 959 | M32: =IF(D32=0," ",(I32*C32)) -> 66.89025 | N32: =IF(D32=0," ",(J32*C32)) -> 143.85
A33: =IF(F33<>"",(LARGE(A$7:A32,1)+1),"")
A34: =IF(F34<>"",(LARGE(A$7:A33,1)+1),"") -> 8 | B34: 50mm 45 Deg Radius Elbow | C34: 19 | D34: no. | E34: =G34+H34+J34+I34 -> 105.29688 | F34: =E34*C34 -> 2000.6406 | G34: 29.0625 | H34: 62.5 | I34: =IF(D34=0," ",(G34)*([1]Details!$C$4+[1]Details!$C$8)) -> 4.359375 | J34: =IF(D34=0," ",(H34)*([1]Details!$C$6+[1]Details!$C$8)) -> 9.375 | K34: =+G34*C34 -> 552.1875 | L34: =+H34*C34 -> 1187.5 | M34: =IF(D34=0," ",(I34*C34)) -> 82.828125 | N34: =IF(D34=0," ",(J34*C34)) -> 178.125
A35: =IF(F35<>"",(LARGE(A$7:A34,1)+1),"")
A36: =IF(F36<>"",(LARGE(A$7:A35,1)+1),"") -> 9 | B36: 40mm 45 Deg Radius Elbow | C36: 24 | D36: no. | E36: =G36+H36+J36+I36 -> 103.61212 | F36: =E36*C36 -> 2486.691 | G36: 28.5975 | H36: 61.5 | I36: =IF(D36=0," ",(G36)*([1]Details!$C$4+[1]Details!$C$8)) -> 4.289625 | J36: =IF(D36=0," ",(H36)*([1]Details!$C$6+[1]Details!$C$8)) -> 9.225 | K36: =+G36*C36 -> 686.34 | L36: =+H36*C36 -> 1476 | M36: =IF(D36=0," ",(I36*C36)) -> 102.951 | N36: =IF(D36=0," ",(J36*C36)) -> 221.4
A37: =IF(F37<>"",(LARGE(A$7:A36,1)+1),"")
A38: =IF(F38<>"",(LARGE(A$7:A37,1)+1),"") -> 10 | B38: 32mm 45 Degree Radius Elbow | C38: 1 | D38: no. | E38: =G38+H38+J38+I38 -> 98.557875 | F38: =E38*C38 -> 98.557875 | G38: 27.2025 | H38: 58.5 | I38: =IF(D38=0," ",(G38)*([1]Details!$C$4+[1]Details!$C$8)) -> 4.080375 | J38: =IF(D38=0," ",(H38)*([1]Details!$C$6+[1]Details!$C$8)) -> 8.775 | K38: =+G38*C38 -> 27.2025 | L38: =+H38*C38 -> 58.5 | M38: =IF(D38=0," ",(I38*C38)) -> 4.080375 | N38: =IF(D38=0," ",(J38*C38)) -> 8.775
A39: =IF(F39<>"",(LARGE(A$7:A38,1)+1),"")
A40: =IF(F40<>"",(LARGE(A$7:A39,1)+1),"") -> 11 | B40: 50mm Wye | C40: 19 | D40: no. | E40: =G40+H40+J40+I40 -> 127.19863 | F40: =E40*C40 -> 2416.7739 | G40: 35.1075 | H40: 75.5 | I40: =IF(D40=0," ",(G40)*([1]Details!$C$4+[1]Details!$C$8)) -> 5.266125 | J40: =IF(D40=0," ",(H40)*([1]Details!$C$6+[1]Details!$C$8)) -> 11.325 | K40: =+G40*C40 -> 667.0425 | L40: =+H40*C40 -> 1434.5 | M40: =IF(D40=0," ",(I40*C40)) -> 100.05638 | N40: =IF(D40=0," ",(J40*C40)) -> 215.175
A41: =IF(F41<>"",(LARGE(A$7:A40,1)+1),"")
A42: =IF(F42<>"",(LARGE(A$7:A41,1)+1),"") | B42: DOMESTIC SERVICES
A43: =IF(F43<>"",(LARGE(A$7:A42,1)+1),"")
A44: =IF(F44<>"",(LARGE(A$7:A43,1)+1),"") -> 12 | B44: 32mm Cold Water Pipe | C44: 15.9 | D44: m | E44: =G44+H44+J44+I44 -> 31.167875 | F44: =E44*C44 -> 495.56921 | G44: 8.6025 | H44: 18.5 | I44: =IF(D44=0," ",(G44)*([1]Details!$C$4+[1]Details!$C$8)) -> 1.290375 | J44: =IF(D44=0," ",(H44)*([1]Details!$C$6+[1]Details!$C$8)) -> 2.775 | K44: =+G44*C44 -> 136.77975 | L44: =+H44*C44 -> 294.15 | M44: =IF(D44=0," ",(I44*C44)) -> 20.516963 | N44: =IF(D44=0," ",(J44*C44)) -> 44.1225
A45: =IF(F45<>"",(LARGE(A$7:A44,1)+1),"")
A46: =IF(F46<>"",(LARGE(A$7:A45,1)+1),"") -> 13 | B46: 50mm Cold Water Pipe | C46: 88.19 | D46: m | E46: =G46+H46+J46+I46 -> 37.906875 | F46: =E46*C46 -> 3343.0073 | G46: 10.4625 | H46: 22.5 | I46: =IF(D46=0," ",(G46)*([1]Details!$C$4+[1]Details!$C$8)) -> 1.569375 | J46: =IF(D46=0," ",(H46)*([1]Details!$C$6+[1]Details!$C$8)) -> 3.375 | K46: =+G46*C46 -> 922.68787 | L46: =+H46*C46 -> 1984.275 | M46: =IF(D46=0," ",(I46*C46)) -> 138.40318 | N46: =IF(D46=0," ",(J46*C46)) -> 297.64125
A47: =IF(F47<>"",(LARGE(A$7:A46,1)+1),"")
A48: =IF(F48<>"",(LARGE(A$7:A47,1)+1),"") -> 14 | B48: 110mm Cold Water Pipe | C48: 11.42 | D48: m | E48: =G48+H48+J48+I48 -> 48.015375 | F48: =E48*C48 -> 548.33558 | G48: 13.2525 | H48: 28.5 | I48: =IF(D48=0," ",(G48)*([1]Details!$C$4+[1]Details!$C$8)) -> 1.987875 | J48: =IF(D48=0," ",(H48)*([1]Details!$C$6+[1]Details!$C$8)) -> 4.275 | K48: =+G48*C48 -> 151.34355 | L48: =+H48*C48 -> 325.47 | M48: =IF(D48=0," ",(I48*C48)) -> 22.701533 | N48: =IF(D48=0," ",(J48*C48)) -> 48.8205
A49: =IF(F49<>"",(LARGE(A$7:A48,1)+1),"")
A50: =IF(F50<>"",(LARGE(A$7:A49,1)+1),"") -> 15 | B50: 40mm Cold Water Pipe | C50: 11.88 | D50: m | E50: =G50+H50+J50+I50 -> 34.537375 | F50: =E50*C50 -> 410.30402 | G50: 9.5325 | H50: 20.5 | I50: =IF(D50=0," ",(G50)*([1]Details!$C$4+[1]Details!$C$8)) -> 1.429875 | J50: =IF(D50=0," ",(H50)*([1]Details!$C$6+[1]Details!$C$8)) -> 3.075 | K50: =+G50*C50 -> 113.2461 | L50: =+H50*C50 -> 243.54 | M50: =IF(D50=0," ",(I50*C50)) -> 16.986915 | N50: =IF(D50=0," ",(J50*C50)) -> 36.531
A51: =IF(F51<>"",(LARGE(A$7:A50,1)+1),"")
A52: =IF(F52<>"",(LARGE(A$7:A51,1)+1),"") -> 16 | B52: 32mm Hot Water Pipe | C52: 14.37 | D52: m | E52: =G52+H52+J52+I52 -> 31.167875 | F52: =E52*C52 -> 447.88236 | G52: 8.6025 | H52: 18.5 | I52: =IF(D52=0," ",(G52)*([1]Details!$C$4+[1]Details!$C$8)) -> 1.290375 | J52: =IF(D52=0," ",(H52)*([1]Details!$C$6+[1]Details!$C$8)) -> 2.775 | K52: =+G52*C52 -> 123.61792 | L52: =+H52*C52 -> 265.845 | M52: =IF(D52=0," ",(I52*C52)) -> 18.542689 | N52: =IF(D52=0," ",(J52*C52)) -> 39.87675
A53: =IF(F53<>"",(LARGE(A$7:A52,1)+1),"")
A54: =IF(F54<>"",(LARGE(A$7:A53,1)+1),"") -> 17 | B54: 50mm Hot Water Pipe | C54: 74.61 | D54: m | E54: =G54+H54+J54+I54 -> 37.906875 | F54: =E54*C54 -> 2828.2319 | G54: 10.4625 | H54: 22.5 | I54: =IF(D54=0," ",(G54)*([1]Details!$C$4+[1]Details!$C$8)) -> 1.569375 | J54: =IF(D54=0," ",(H54)*([1]Details!$C$6+[1]Details!$C$8)) -> 3.375 | K54: =+G54*C54 -> 780.60712 | L54: =+H54*C54 -> 1678.725 | M54: =IF(D54=0," ",(I54*C54)) -> 117.09107 | N54: =IF(D54=0," ",(J54*C54)) -> 251.80875
A55: =IF(F55<>"",(LARGE(A$7:A54,1)+1),"")
A56: =IF(F56<>"",(LARGE(A$7:A55,1)+1),"") -> 18 | B56: 40mm Hot Water Pipe | C56: 14.12 | D56: m | E56: =G56+H56+J56+I56 -> 34.537375 | F56: =E56*C56 -> 487.66774 | G56: 9.5325 | H56: 20.5 | I56: =IF(D56=0," ",(G56)*([1]Details!$C$4+[1]Details!$C$8)) -> 1.429875 | J56: =IF(D56=0," ",(H56)*([1]Details!$C$6+[1]Details!$C$8)) -> 3.075 | K56: =+G56*C56 -> 134.5989 | L56: =+H56*C56 -> 289.46 | M56: =IF(D56=0," ",(I56*C56)) -> 20.189835 | N56: =IF(D56=0," ",(J56*C56)) -> 43.419
A57: =IF(F57<>"",(LARGE(A$7:A56,1)+1),"")
A58: =IF(F58<>"",(LARGE(A$7:A57,1)+1),"") | B58: FITTINGS
A59: =IF(F59<>"",(LARGE(A$7:A58,1)+1),"")
A60: =IF(F60<>"",(LARGE(A$7:A59,1)+1),"") -> 19 | B60: 40mm 90 Degree Radius Elbow | C60: 6 | D60: no. | E60: =G60+H60+J60+I60 -> 105.29688 | F60: =E60*C60 -> 631.78125 | G60: 29.0625 | H60: 62.5 | I60: =IF(D60=0," ",(G60)*([1]Details!$C$4+[1]Details!$C$8)) -> 4.359375 | J60: =IF(D60=0," ",(H60)*([1]Details!$C$6+[1]Details!$C$8)) -> 9.375 | K60: =+G60*C60 -> 174.375 | L60: =+H60*C60 -> 375 | M60: =IF(D60=0," ",(I60*C60)) -> 26.15625 | N60: =IF(D60=0," ",(J60*C60)) -> 56.25
A61: =IF(F61<>"",(LARGE(A$7:A60,1)+1),"")
A62: =IF(F62<>"",(LARGE(A$7:A61,1)+1),"") -> 20 | B62: 110mm 90 Degree Radius Elbow | C62: 8 | D62: no. | E62: =G62+H62+J62+I62 -> 117.09013 | F62: =E62*C62 -> 936.721 | G62: 32.3175 | H62: 69.5 | I62: =IF(D62=0," ",(G62)*([1]Details!$C$4+[1]Details!$C$8)) -> 4.847625 | J62: =IF(D62=0," ",(H62)*([1]Details!$C$6+[1]Details!$C$8)) -> 10.425 | K62: =+G62*C62 -> 258.54 | L62: =+H62*C62 -> 556 | M62: =IF(D62=0," ",(I62*C62)) -> 38.781 | N62: =IF(D62=0," ",(J62*C62)) -> 83.4
A63: =IF(F63<>"",(LARGE(A$7:A62,1)+1),"")
A64: =IF(F64<>"",(LARGE(A$7:A63,1)+1),"") -> 21 | B64: 50mm 90 Degree Radius Elbow | C64: 17 | D64: no. | E64: =G64+H64+J64+I64 -> 106.98163 | F64: =E64*C64 -> 1818.6876 | G64: 29.5275 | H64: 63.5 | I64: =IF(D64=0," ",(G64)*([1]Details!$C$4+[1]Details!$C$8)) -> 4.429125 | J64: =IF(D64=0," ",(H64)*([1]Details!$C$6+[1]Details!$C$8)) -> 9.525 | K64: =+G64*C64 -> 501.9675 | L64: =+H64*C64 -> 1079.5 | M64: =IF(D64=0," ",(I64*C64)) -> 75.295125 | N64: =IF(D64=0," ",(J64*C64)) -> 161.925
A65: =IF(F65<>"",(LARGE(A$7:A64,1)+1),"")
A66: =IF(F66<>"",(LARGE(A$7:A65,1)+1),"") -> 22 | B66: 32mm 90 Degree Radius Elbow | C66: 32 | D66: no. | E66: =G66+H66+J66+I66 -> 100.24263 | F66: =E66*C66 -> 3207.764 | G66: 27.6675 | H66: 59.5 | I66: =IF(D66=0," ",(G66)*([1]Details!$C$4+[1]Details!$C$8)) -> 4.150125 | J66: =IF(D66=0," ",(H66)*([1]Details!$C$6+[1]Details!$C$8)) -> 8.925 | K66: =+G66*C66 -> 885.36 | L66: =+H66*C66 -> 1904 | M66: =IF(D66=0," ",(I66*C66)) -> 132.804 | N66: =IF(D66=0," ",(J66*C66)) -> 285.6
A67: =IF(F67<>"",(LARGE(A$7:A66,1)+1),"")
A68: =IF(F68<>"",(LARGE(A$7:A67,1)+1),"") -> 23 | B68: 40mm 90 Degree Radius Elbow | C68: 6 | D68: no. | E68: =G68+H68+J68+I68 -> 105.29688 | F68: =E68*C68 -> 631.78125 | G68: 29.0625 | H68: 62.5 | I68: =IF(D68=0," ",(G68)*([1]Details!$C$4+[1]Details!$C$8)) -> 4.359375 | J68: =IF(D68=0," ",(H68)*([1]Details!$C$6+[1]Details!$C$8)) -> 9.375 | K68: =+G68*C68 -> 174.375 | L68: =+H68*C68 -> 375 | M68: =IF(D68=0," ",(I68*C68)) -> 26.15625 | N68: =IF(D68=0," ",(J68*C68)) -> 56.25
A69: =IF(F69<>"",(LARGE(A$7:A68,1)+1),"")
A70: =IF(F70<>"",(LARGE(A$7:A69,1)+1),"") -> 24 | B70: 50mm Tee | C70: 33 | D70: no. | E70: =G70+H70+J70+I70 -> 132.25288 | F70: =E70*C70 -> 4364.3449 | G70: 36.5025 | H70: 78.5 | I70: =IF(D70=0," ",(G70)*([1]Details!$C$4+[1]Details!$C$8)) -> 5.475375 | J70: =IF(D70=0," ",(H70)*([1]Details!$C$6+[1]Details!$C$8)) -> 11.775 | K70: =+G70*C70 -> 1204.5825 | L70: =+H70*C70 -> 2590.5 | M70: =IF(D70=0," ",(I70*C70)) -> 180.68738 | N70: =IF(D70=0," ",(J70*C70)) -> 388.575
A71: =IF(F71<>"",(LARGE(A$7:A70,1)+1),"")
A72: =IF(F72<>"",(LARGE(A$7:A71,1)+1),"") -> 25 | B72: 110mm Tee | C72: 6 | D72: no. | E72: =G72+H72+J72+I72 -> 142.36138 | F72: =E72*C72 -> 854.16825 | G72: 39.2925 | H72: 84.5 | I72: =IF(D72=0," ",(G72)*([1]Details!$C$4+[1]Details!$C$8)) -> 5.893875 | J72: =IF(D72=0," ",(H72)*([1]Details!$C$6+[1]Details!$C$8)) -> 12.675 | K72: =+G72*C72 -> 235.755 | L72: =+H72*C72 -> 507 | M72: =IF(D72=0," ",(I72*C72)) -> 35.36325 | N72: =IF(D72=0," ",(J72*C72)) -> 76.05
A73: =IF(F73<>"",(LARGE(A$7:A72,1)+1),"")
A74: =IF(F74<>"",(LARGE(A$7:A73,1)+1),"") | B74: MISC.
A75: =IF(F75<>"",(LARGE(A$7:A74,1)+1),"")
A76: =IF(F76<>"",(LARGE(A$7:A75,1)+1),"") -> 26 | B76: Heat Meter | C76: 2 | D76: no. | E76: =G76+H76+J76+I76 -> 581.23875 | F76: =E76*C76 -> 1162.4775 | G76: 160.425 | H76: 345 | I76: =IF(D76=0," ",(G76)*([1]Details!$C$4+[1]Details!$C$8)) -> 24.06375 | J76: =IF(D76=0," ",(H76)*([1]Details!$C$6+[1]Details!$C$8)) -> 51.75 | K76: =+G76*C76 -> 320.85 | L76: =+H76*C76 -> 690 | M76: =IF(D76=0," ",(I76*C76)) -> 48.1275 | N76: =IF(D76=0," ",(J76*C76)) -> 103.5
A77: =IF(F77<>"",(LARGE(A$7:A76,1)+1),"")
A78: =IF(F78<>"",(LARGE(A$7:A77,1)+1),"") -> 27 | B78: Heat Meter Display Unit | C78: 1 | D78: no. | E78: =G78+H78+J78+I78 -> 446.45875 | F78: =E78*C78 -> 446.45875 | G78: 123.225 | H78: 265 | I78: =IF(D78=0," ",(G78)*([1]Details!$C$4+[1]Details!$C$8)) -> 18.48375 | J78: =IF(D78=0," ",(H78)*([1]Details!$C$6+[1]Details!$C$8)) -> 39.75 | K78: =+G78*C78 -> 123.225 | L78: =+H78*C78 -> 265 | M78: =IF(D78=0," ",(I78*C78)) -> 18.48375 | N78: =IF(D78=0," ",(J78*C78)) -> 39.75
A79: =IF(F79<>"",(LARGE(A$7:A78,1)+1),"")
A80: =IF(F80<>"",(LARGE(A$7:A79,1)+1),"") -> 28 | B80: Heat Interface Unit Programmed | C80: 1 | D80: no. | E80: =G80+H80+J80+I80 -> 648.62875 | F80: =E80*C80 -> 648.62875 | G80: 179.025 | H80: 385 | I80: =IF(D80=0," ",(G80)*([1]Details!$C$4+[1]Details!$C$8)) -> 26.85375 | J80: =IF(D80=0," ",(H80)*([1]Details!$C$6+[1]Details!$C$8)) -> 57.75 | K80: =+G80*C80 -> 179.025 | L80: =+H80*C80 -> 385 | M80: =IF(D80=0," ",(I80*C80)) -> 26.85375 | N80: =IF(D80=0," ",(J80*C80)) -> 57.75
A81: =IF(F81<>"",(LARGE(A$7:A80,1)+1),"")
A82: =IF(F82<>"",(LARGE(A$7:A81,1)+1),"") -> 29 | B82: Grey Water Treatment Tank | C82: 2 | D82: no. | E82: =G82+H82+J82+I82 -> 1457.3087 | F82: =E82*C82 -> 2914.6175 | G82: 402.225 | H82: 865 | I82: =IF(D82=0," ",(G82)*([1]Details!$C$4+[1]Details!$C$8)) -> 60.33375 | J82: =IF(D82=0," ",(H82)*([1]Details!$C$6+[1]Details!$C$8)) -> 129.75 | K82: =+G82*C82 -> 804.45 | L82: =+H82*C82 -> 1730 | M82: =IF(D82=0," ",(I82*C82)) -> 120.6675 | N82: =IF(D82=0," ",(J82*C82)) -> 259.5
A83: =IF(F83<>"",(LARGE(A$7:A82,1)+1),"")
A84: =IF(F84<>"",(LARGE(A$7:A83,1)+1),"") -> 30 | B84: Sprinkler Valve Set | C84: 1 | D84: no. | E84: =G84+H84+J84+I84 -> 98.557875 | F84: =E84*C84 -> 98.557875 | G84: 27.2025 | H84: 58.5 | I84: =IF(D84=0," ",(G84)*([1]Details!$C$4+[1]Details!$C$8)) -> 4.080375 | J84: =IF(D84=0," ",(H84)*([1]Details!$C$6+[1]Details!$C$8)) -> 8.775 | K84: =+G84*C84 -> 27.2025 | L84: =+H84*C84 -> 58.5 | M84: =IF(D84=0," ",(I84*C84)) -> 4.080375 | N84: =IF(D84=0," ",(J84*C84)) -> 8.775
A85: =IF(F85<>"",(LARGE(A$7:A84,1)+1),"")
A86: =IF(F86<>"",(LARGE(A$7:A85,1)+1),"") | J86: =IF(D86=0," ",(G86+H86)*(Details!$C$4+Details!$C$6)) | P86: Check
E87: Sub Total | F87: =SUM(F8:F86) -> 55331.166 | J87: =IF(D87=0," ",(G87+H87)*(Details!$C$4+Details!$C$6)) | K87: =SUM(K8:K86) -> 15271.697 | L87: =SUM(L8:L86) -> 32842.36 | M87: =SUM(M8:M86) -> 2290.7546 | N87: =SUM(N8:N86) -> 4926.354 | P87: =+F87-K87-L87-N87-M87 -> 0
A88: =IF(F88<>"",(LARGE(A$7:A87,1)+1),"") | J88: =IF(D88=0," ",(G88+H88)*(Details!$C$4+Details!$C$6))

Sheet Externals
B2: ='Qual, Excl & Assum'!B2 -> PROJECT NAME: SQUAIRRELS LEAP GUILDFORD ROAD, CHERTSEY KT16 9RU
B3: ='Qual, Excl & Assum'!B3 -> DATE: 25TH NOVEMBER 2025
B5: Externals | G5: RATES | K5: TOTALS
B7: Description | C7: Quantity | D7: Unit | E7: Rate | F7: Total | G7: Labor | H7: Materials | I7: L Markup | J7: M Markup | K7: Labor | L7: Materials | M7: L Markup | N7: M Markup
N8: =IF(D8=0," ",(J8*C8))
A9: =IF(F9<>"",(LARGE(#REF!,1)+1),"") | B9: MISC
A10: =IF(F10<>"",(LARGE(A$9:A9,1)+1),"")
A11: 1 | B11: Manhole | C11: 6 | D11: no. | E11: =G11+H11+J11+I11 -> 1288.8338 | F11: =E11*C11 -> 7733.0025 | G11: 355.725 | H11: 765 | I11: =IF(D11=0," ",(G11)*([1]Details!$C$4+[1]Details!$C$8)) -> 53.35875 | J11: =IF(D11=0," ",(H11)*([1]Details!$C$6+[1]Details!$C$8)) -> 114.75 | K11: =+G11*C11 -> 2134.35 | L11: =+H11*C11 -> 4590 | M11: =IF(D11=0," ",(I11*C11)) -> 320.1525 | N11: =IF(D11=0," ",(J11*C11)) -> 688.5
A12: =IF(F12<>"",(LARGE(A$9:A11,1)+1),"")
A13: =IF(F13<>"",(LARGE(A$9:A12,1)+1),"") | B13: PLANTING & TREES
A14: =IF(F14<>"",(LARGE(A$9:A13,1)+1),"")
A15: =IF(F15<>"",(LARGE(A$9:A14,1)+1),"") -> 2 | B15: Flower Bed Re-Planted | C15: 17.71 | D15: m2 | E15: =G15+H15+J15+I15 -> 31.167875 | F15: =E15*C15 -> 551.98307 | G15: 8.6025 | H15: 18.5 | I15: =IF(D15=0," ",(G15)*([1]Details!$C$4+[1]Details!$C$8)) -> 1.290375 | J15: =IF(D15=0," ",(H15)*([1]Details!$C$6+[1]Details!$C$8)) -> 2.775 | K15: =+G15*C15 -> 152.35028 | L15: =+H15*C15 -> 327.635 | M15: =IF(D15=0," ",(I15*C15)) -> 22.852541 | N15: =IF(D15=0," ",(J15*C15)) -> 49.14525
A17: =IF(F17<>"",(LARGE(A$9:A15,1)+1),"") -> 3 | B17: Grass/Lawn | C17: 551.48 | D17: m2 | E17: =G17+H17+J17+I17 -> 36.222125 | F17: =E17*C17 -> 19975.777 | G17: 9.9975 | H17: 21.5 | I17: =IF(D17=0," ",(G17)*([1]Details!$C$4+[1]Details!$C$8)) -> 1.499625 | J17: =IF(D17=0," ",(H17)*([1]Details!$C$6+[1]Details!$C$8)) -> 3.225 | K17: =+G17*C17 -> 5513.4213 | L17: =+H17*C17 -> 11856.82 | M17: =IF(D17=0," ",(I17*C17)) -> 827.0132 | N17: =IF(D17=0," ",(J17*C17)) -> 1778.523
A18: =IF(F18<>"",(LARGE(#REF!,1)+1),"") | J18: =IF(D18=0," ",(G18+H18)*(Details!$C$4+Details!$C$6)) | P18: Check
E19: Sub Total | F19: =SUM(F8:F18) -> 28260.763 | J19: =IF(D19=0," ",(G19+H19)*(Details!$C$4+Details!$C$6)) | K19: =SUM(K8:K18) -> 7800.1216 | L19: =SUM(L8:L18) -> 16774.455 | M19: =SUM(M8:M18) -> 1170.0182 | N19: =SUM(N8:N18) -> 2516.1683 | P19: =+F19-K19-L19-N19-M19 -> 0
A20: =IF(F20<>"",(LARGE(A$7:A19,1)+1),"") | J20: =IF(D20=0," ",(G20+H20)*(Details!$C$4+Details!$C$6))

Sheet Preliminaries
B2: =+'Qual, Excl & Assum'!B2 -> PROJECT NAME: SQUAIRRELS LEAP GUILDFORD ROAD, CHERTSEY KT16 9RU
B3: =+'Qual, Excl & Assum'!B3 -> DATE: 25TH NOVEMBER 2025
B5: Preliminaries
K6: 1
B7: Description | C7: Quantity | D7: Unit | E7: Rate | F7: Total | G7: Plant | H7: Markup
A9: 1 | B9: Site setup | C9: 1 | D9: Item | E9: 1500 | F9: =E9*C9 -> 1500 | H9: =IF(D9=0," ",(G9)*(Details!$C$4+Details!$C$8)) -> 0
A11: =IF(F11<>"",(LARGE(A$7:A10,1)+1),"") -> 2 | B11: Rubbish removal; skips | C11: 1 | D11: no. | E11: 1400 | F11: =+E11*C11 -> 1400 | H11: =IF(D11=0," ",(G11)*(Details!$C$4+Details!$C$8)) -> 0
A12: =IF(F12<>"",(LARGE(A$7:A11,1)+1),"")
A13: =IF(F13<>"",(LARGE(A$7:A12,1)+1),"") -> 3 | B13: Scaffolding and safe stands | C13: 1 | D13: item | E13: 1250 | F13: =E13*C13 -> 1250 | H13: =IF(D13=0," ",(G13)*(Details!$C$4+Details!$C$8)) -> 0
A14: =IF(F14<>"",(LARGE(A$7:A13,1)+1),"")
A15: =IF(F15<>"",(LARGE(A$7:A14,1)+1),"") -> 4 | B15: Welfare facilities | C15: 1 | D15: item | E15: 850 | F15: =E15*C15 -> 850 | H15: =IF(D15=0," ",(G15)*(Details!$C$4+Details!$C$8)) -> 0
A16: =IF(F16<>"",(LARGE(A$7:A15,1)+1),"")
A17: =IF(F17<>"",(LARGE(A$7:A16,1)+1),"") -> 5 | B17: Small plant and tools | C17: 1 | D17: item | E17: 1650 | F17: =E17*C17 -> 1650 | H17: =IF(D17=0," ",(G17)*(Details!$C$4+Details!$C$8)) -> 0
A18: =IF(F18<>"",(LARGE(A$7:A17,1)+1),"")
A19: =IF(F19<>"",(LARGE(A$7:A18,1)+1),"") -> 6 | B19: Protection | C19: 1 | D19: item | E19: 1000 | F19: =E19*C19 -> 1000 | H19: =IF(D19=0," ",(G19)*(Details!$C$4+Details!$C$8)) -> 0
A20: =IF(F20<>"",(LARGE(A$7:A19,1)+1),"")
A21: =IF(F21<>"",(LARGE(A$7:A20,1)+1),"") -> 7 | B21: Temporary supplies | C21: 1 | D21: item | E21: 1200 | F21: =E21*C21 -> 1200 | H21: =IF(D21=0," ",(G21)*(Details!$C$4+Details!$C$8)) -> 0
A22: =IF(F22<>"",(LARGE(A$7:A21,1)+1),"")
A23: =IF(F23<>"",(LARGE(A$7:A22,1)+1),"") -> 8 | B23: Lifting and propping | C23: 1 | D23: item | E23: 750 | F23: =E23*C23 -> 750 | H23: =IF(D23=0," ",(G23)*(Details!$C$4+Details!$C$8)) -> 0
A24: =IF(F24<>"",(LARGE(A$7:A23,1)+1),"")
A25: =IF(F25<>"",(LARGE(A$7:A24,1)+1),"") -> 9 | B25: Cleaning (no allowance for sparkle clean) | C25: 1 | D25: item | E25: 800 | F25: =E25*C25 -> 800 | H25: =IF(D25=0," ",(G25)*(Details!$C$4+Details!$C$8)) -> 0
A26: =IF(F26<>"",(LARGE(A$7:A25,1)+1),"")
A27: =IF(F27<>"",(LARGE(A$7:A26,1)+1),"") -> 10 | B27: Health & safety | C27: 1 | D27: item | E27: 1100 | F27: =E27*C27 -> 1100 | H27: =IF(D27=0," ",(G27)*(Details!$C$4+Details!$C$8)) -> 0
A28: =IF(F28<>"",(LARGE(A$7:A27,1)+1),"")
A29: =IF(F29<>"",(LARGE(A$7:A28,1)+1),"") -> 11 | B29: Insurance | C29: 1 | D29: item | E29: 1350 | F29: =E29*C29 -> 1350 | H29: =IF(D29=0," ",(G29)*(Details!$C$4+Details!$C$8)) -> 0
A30: =IF(F30<>"",(LARGE(A$7:A29,1)+1),"")
A31: =IF(F31<>"",(LARGE(A$7:A30,1)+1),"") -> 12 | B31: Site accommodation | C31: 1 | D31: item | E31: 1650 | F31: =E31*C31 -> 1650 | H31: =IF(D31=0," ",(G31)*(Details!$C$4+Details!$C$8)) -> 0
H32: =IF(D32=0," ",(G32)*(Details!$C$4+Details!$C$6))
A33: =IF(F33<>"",(LARGE(A$7:A32,1)+1),"") -> 13 | B33: Management | C33: 1 | D33: item | E33: 3500 | F33: =E33*C33 -> 3500 | H33: =IF(D33=0," ",(G33)*(Details!$C$4+Details!$C$8)) -> 0
A34: =IF(F34<>"",(LARGE(A$7:A33,1)+1),"") | H34: =IF(D34=0," ",(G34)*(Details!$C$4+Details!$C$6))
A35: =IF(F35<>"",(LARGE(A$7:A34,1)+1),"") | H35: =IF(D35=0," ",(G35)*(Details!$C$4+Details!$C$6))
A36: =IF(F36<>"",(LARGE(A$7:A35,1)+1),"") | H36: =IF(D36=0," ",(G36)*(Details!$C$4+Details!$C$6))
A37: =IF(F37<>"",(LARGE(A$7:A36,1)+1),"") | H37: =IF(D37=0," ",(G37)*(Details!$C$4+Details!$C$6))
A38: =IF(F38<>"",(LARGE(A$7:A37,1)+1),"") | H38: =IF(D38=0," ",(G38)*(Details!$C$4))
A39: =IF(D39=0," ",(LARGE(A$9:A38,1)+1)) | E39: Sub Total | F39: =SUM(F7:F38) -> 18000

Sheet Details
B2: MARKUP | J2: Total Inc Prelims | K2: =+Summary!D42 -> 861112.78
B4: Contractors Markup - Labour | C4: 0.1 | D4: =+C4+1 -> 1.1 | J4: Calculation Total | K4: =+(Summary!F37+Summary!G37)*1.1 -> 806455.7
M5: =CEILING((K4/K27),4) -> 56 | N5: Weeks
B6: Contractors Markup - Materials | C6: 0.1 | D6: =+C6+1 -> 1.1
J7: Range 1 | K7: 0 | L7: =IF(AND($K$4>=K7,$K$4<=K8),N7,O7) -> No | M7: 5000 | N7: Yes | O7: No
B8: Contractors Overheads | C8: 0.05 | D8: =+C8+1 -> 1.05 | K8: 50000
J9: Range 2 | K9: =K8 -> 50000 | L9: =IF(AND($K$4>=K9,$K$4<=K10),N9,O9) -> No | M9: 9000 | N9: Yes | O9: No
K10: 150000
J11: Range 3 | K11: =K10 -> 150000 | L11: =IF(AND($K$4>=K11,$K$4<=K12),N11,O11) -> No | M11: 10000 | N11: Yes | O11: No
K12: 350000
J13: Range 4 | K13: =K12 -> 350000 | L13: =IF(AND($K$4>=K13,$K$4<=K14),N13,O13) -> No | M13: 12500 | N13: Yes | O13: No
B14: Trades - Day Rates | C14: Client Day Rate £ | K14: 500000
B15: Groundworker | C15: 0 | J15: Range 5 | K15: =K14 -> 500000 | L15: =IF(AND($K$4>=K15,$K$4<=K16),N15,O15) -> No | M15: 14000 | N15: Yes | O15: No
B16: Bricklayer | C16: 0 | K16: 750000
B17: Roofer | C17: 0 | J17: Range 6 | K17: 750000 | L17: =IF(AND($K$4>=K17,$K$4<=K18),N17,O17) -> Yes | M17: 15500 | N17: Yes | O17: No
B18: Tiler | C18: 0 | K18: 1000000
B19: Carpenter | C19: 0 | J19: Range 7 | K19: =K18 -> 1000000 | L19: =IF(AND($K$4>=K19,$K$4<=K20),N19,O19) -> No | M19: 16750 | N19: Yes | O19: No
B20: Plasterer | C20: 0 | K20: 1250000
B21: General Trade | C21: 0 | J21: Range 8 | K21: =K20 -> 1250000 | L21: =IF(AND($K$4>=K21,$K$4<=K22),N21,O21) -> No | M21: 19000 | N21: Yes | O21: No
B22: Labourer | C22: 0 | K22: 1500000
B23: Decorator | C23: 0 | J23: Range 9 | K23: =K22 -> 1500000 | L23: =IF(AND($K$4>=K23,$K$4<=K24),N23,O23) -> No | M23: 20500 | N23: Yes | O23: No
B24: Plumber | C24: 0 | K24: 2000000
B25: Electrician | C25: 0 | J25: Range 10 - Over | K25: =K24 -> 2000000 | L25: =IF(AND($K$4>=K25,$K$4<=K26),N25,O25) -> No | M25: 27500 | N25: Yes | O25: No
K26: 500000000
J27: Calculation | K27: =IF(L7="Yes",M7)+IF(L9="Yes",M9)+IF(L11="Yes",M11)+IF(L13="Yes",M13)+IF(L15="Yes",M15)+IF(L17="Yes",M17)+IF(L19="Yes",M19)+IF(L21="Yes",M21)+IF(L23="Yes",M23) -> 15500
M29: Factor
M30: =+C15/250+IF(C15=0,1) -> 1
M31: =+C16/250+IF(C16=0,1) -> 1
M32: =+C17/250+IF(C17=0,1) -> 1
M33: =+C18/250+IF(C18=0,1) -> 1
M34: =+C19/250+IF(C19=0,1) -> 1
M35: =+C20/250+IF(C20=0,1) -> 1
M36: =+C21/220+IF(C21=0,1) -> 1
M37: =+C22/150+IF(C22=0,1) -> 1
M38: =+C23/220+IF(C23=0,1) -> 1
M39: =+C24/400+IF(C24=0,1) -> 1
M40: =+C25/400+IF(C25=0,1) -> 1
